Workbook
Name cities: '[1]hra-calculator'!$P$5:$P$9
Name ram: 'Copy of GA55 Check & Edit'!$AX$12:$BJ$32
Name und: 'Copy of GA55 Check & Edit'!$AQ$5:$AQ$6
Name Month1: 'GA55 Check & Edit'!$AS$8:$AS$19
Name gp: 'GA55 Check & Edit'!$AN$5:$AN$6
Name gp: 'Copy of GA55 Check & Edit'!$AN$5:$AN$6
Name pay_level: 'Copy of GA55 Check & Edit'!$AU$8:$AU$31
Name CCA: 'GA55 Check & Edit'!$AR$8:$AR$12
Name level: 'GA55 Check & Edit'!$AU$8:$AU$28
Name Month: 'Copy of GA55 Check & Edit'!$AT$8:$AT$19
Name level: 'Copy of GA55 Check & Edit'!$AU$8:$AU$28
Name ye: 'Copy of GA55 Check & Edit'!$AO$5:$AO$6
Name Month: 'GA55 Check & Edit'!$AT$8:$AT$19
Name pay: 'GA55 Check & Edit'!$AP$5:$AP$6
Name ram: 'GA55 Check & Edit'!$AX$12:$BJ$32
Name ye: 'GA55 Check & Edit'!$AO$5:$AO$6
Name und: 'GA55 Check & Edit'!$AQ$5:$AQ$6
Name pay_level: 'GA55 Check & Edit'!$AU$8:$AU$31
Name pay: 'Copy of GA55 Check & Edit'!$AP$5:$AP$6
Name CCA: 'Copy of GA55 Check & Edit'!$AR$8:$AR$12
Name Month1: 'Copy of GA55 Check & Edit'!$AS$8:$AS$19

Sheet Instructions
C1: Instructions
B3: ;g ,Dly izksxzke esjs ije~ iwT; xq:nso Jh Jh 1008 oklqnso th egkjkt o esjs bZ"V izHkq t; ctjaxcyh o ikcwth egkjkt dks lefiZr gSaA esjs ekrk & firk o xq:tuksa ds vk'khokZn ls ;g izksxzke f'k{kd cU/kqvksa ds lkFk lHkh foHkkx ds dkfeZdksa dh lsok esa lknj izLrqr gSaA
C4: How to use this Programme
C5: If you have Hindi font problem, then first you should install Google input Unicode font / Krutidev 010 in your computer.
C6: lcls igys vki jktLFkku ds lHkh 'kSf{kd osclkbZV ij ,Dly xq: ghjkyky tkV }kjk fufeZr vk;dj x.kuk ,Dly ,Iyhds'ku 2025&26 ds viMsV otZu+ dks MkmuyksM djsasaA blds vykok vki Google ij Heeralal Jat fy[kdj lpZ djsaxs rks Hkh vkidks ist fey tk;sxkA tgka ls vki ;g izksxzke MkmuyksM dj ldrs gSaA mlds ckn ftrusa dkfeZdksa dh vk;dj x.kuk djuh gS] mruh gh ,Dly izksxzke 'khV dks muds uke ls vyx vyx Qkby esa Save dj ysosaA izR;sad dkfeZd ds fy, ds fy, ,d QkbZy dks mi;ksx esa ysosaA
B7: ije~ iwT; xq:nso oklqnso th egkjkt | C7: vki bl ,Dly izksxzke ij dk;Z djus ls igys bUde VSDl foHkkx ds u;s :Yl o fu;e bUde VSDl foHkkx dh New website vFkok ys[kk foK vDVqcj 2024 dkss t:j i<+sA oSls bl ,Dly izksxzke esa iq.kZ lko/kkuh cjrh xbZ gSa] fQj Hkh foHkkx ds fu;e gh loksZijh o fljks/kk;Z gSaA | D7: t; xq:nso
B8: Most Doable Work
B9: vki bl ,Dly izksxzke esa nksa 'khVksa ekLVj MkVk 'khV o ,DLV~zk fMMsD'ku 'khV dks lko/kkuhiwoZd vuykWd lsy tks lQsn dyj esa gSa] dks Hkjuk ¼MkVk fQfyax½ gSaA vkxs dh 'khVs vkWVksa tujsV gSaA os lHkh ykWd gSaA ogk ij vkidks dqN ugh djuk gSaA flQZ A4 lkbZt esa fizUV fudkyuk gSa vkSj ist Hkh lsV fd;k gqvk gSaA
B11: NOTE :- | D11: New Update you tube video link For your Help
B13: ;g ,Dly izksaxzke lHkh dkfeZdksa ds fy, leku :i ls rS;kj fd;k x;k gSA ladyu ,oa x.kuk esa iw.kZ lko/kkuh j[kh xbZ gSA fQj Hkh =qfV ;k fdlh Hkh izdkj dh fofHkUurk dh fLFkfr esa vk;dj foHkkx ds fu;e gh ekU; gSA rS;kjdrkZ dk dksbZ mÙkjnkf;Ro ugha gksxkA | D13: https://youtu.be/Y77okwT3eaw
B15: This Programme Developed by: HEERALAL JAT
B16: Senior Teacher
B17: Mahatma Gandhi Government School (English Medium) BAR , Beawar
B18: heeralaljatchandawal@gmail.com
B19: V./P. - Chandawal Nagar, Teh.- sojat city, Dist.- Pali (Raj) 306306
D20: New Updates Sheet on
C21: Watch the You Tube Video For More Information. | D21: 45966
C24: https://www.youtube.com/playlist?list=PLmNJTudmvkgL-ZI7qFKfQ6oz6WTNnW31z
C26: You Tube Channel
C28: https://www.youtube.com/c/Heeralaljat

Sheet GA55 Check & Edit
T1: GA 55 Check & Edit sheet पर कार्य करने में मदद हेतु नीचे Youtube Video का लिंक दिया गया है। H | AW1: Gazetted | AZ1: =IF('Master Data'!I35>9,ROUND(AZ3/31*15,0),IF('Master Data'!D18='GA55 Check & Edit'!AW1,ROUND(AZ3/31*15,0),IF('Master Data'!I35>=5,ROUND(AZ3/31*22,0),AZ3))) -> 36900
D3: Employee Name :- | F3: =IF('Master Data'!D6="","",CONCATENATE('Master Data'!D6," , ",'Master Data'!H6)) -> MANJU Kumari , Teacher | S3: https://www.youtube.com/watch?v=y7-DiFIbdG0 | AZ3: =AZ15-ROUNDUP(ROUND((AZ15*3%)-(AZ15*3%)*2.9%,-2),0) -> 36900
C5: 1 | D5: 2 | E5: 3 | F5: 4 | G5: 5 | H5: 6 | I5: 7 | J5: 8 | K5: 9 | L5: 10 | M5: 11 | N5: 12 | O5: 13 | P5: 14 | Q5: 15 | R5: 16 | S5: 17 | T5: 18 | U5: 19 | V5: 20 | W5: 21 | X5: 22 | Y5: 23 | Z5: 24 | AA5: 25 | AB5: 26 | AC5: 27 | AD5: 28 | AE5: 29 | AM5: ='Master Data'!N27 -> 46054 | AN5: GPF | AO5: Yes | AP5: Regular Pay | AQ5: Under 60 | AS5: 1000
C6: S.N. | D6: Month | E6: Basic with Grade Pay | F6: DA | G6: HRA | H6: =IF('Master Data'!B43="","",'Master Data'!B43) -> Wash All. | I6: Handi. All. | J6: CCA | K6: =IF('Master Data'!C43="","",'Master Data'!C43) -> ROP | L6: =IF('Master Data'!D43="","",'Master Data'!D43) -> other-1 | M6: =IF('Master Data'!E43="","",'Master Data'!E43) -> other-2 | N6: Bonus | O6: TOTAL | P6: =IF('Master Data'!G43="","",'Master Data'!G43) | Q6: =IF('Master Data'!I31='GA55 Check & Edit'!AN5,'GA55 Check & Edit'!AN5,'GA55 Check & Edit'!AN6) -> GPF-2004 | R6: =IF('Master Data'!I43="","",'Master Data'!I43) | S6: =IF('Master Data'!J43="","",'Master Data'!J43) -> RGHS | T6: =IF('Master Data'!K43="","",'Master Data'!K43) -> SI Loan | U6: =IF('Master Data'!L43="","",'Master Data'!L43) -> GPF Loan | V6: =IF('Master Data'!M43="","",'Master Data'!M43) -> SI Int. | W6: =IF('Master Data'!N43="","",'Master Data'!N43) -> Other | X6: HITKARI NIDHI | Y6: Other | Z6: Income Tax | AA6: G.I. + S. Tax | AB6: Total Ded. | AC6: NET PAY | AD6: TV.NO. | AE6: Enc. DATE | AN6: GPF-2004 | AO6: No | AP6: Fix Pay | AQ6: Above 60 | AS6: 620 | BJ6: =IFERROR(IF(AND('Master Data'!$I$31='GA55 Check & Edit'!$AN$6),ROUND((E8)*0.1,0),IF(AND('Master Data'!$I$29='GA55 Check & Edit'!$AP$6),ROUND((E8+F8)*0.1,0),'Master Data'!$H$44)),"") -> 4790
AQ7: Above 80 | BD7: =IF(D6="State Service",ROUND(B10*15/31,0),IF(AND(D6="Subordinate",OR(B6=G5,B6=G6,B6=G7,B6=G8,B6=G9)),ROUND(B10*22/31,0),IF(AND(D6="Subordinate",OR(B6=G10,B6=G11,B6=G12,B6=G13,B6=G14,B6=G15)),ROUND(B10*15/31,0),IF(D6="Ministerial",ROUND(B10*22/31,0),B10)))) -> 3 | BI7: =IF(OR('Master Data'!$I$29='GA55 Check & Edit'!$AP$6),"",IF('Master Data'!$I$31="GPF-2004",IF(D10<23101,1450,IF(D10<28501,1625,IF(D10<38501,2100,IF(D10<51501,2850,IF(D10<62001,3575,IF(D10<72001,4200,IF(D10<80001,4800,IF(D10<116001,6150,IF(D10<167001,8900,10500)))))))))*2,'Master Data'!$H$44)) -> 5700
A8: =MOD(B8,2) -> 1 | B8: =IF(LEN(D8)>=3,1,0) -> 1 | C8: =IF(B8=0,"",B8) -> 1 | D8: =IFERROR(IF(BO12="","",BO12),"") -> 45717 | E8: 47900 | F8: =IFERROR(IF(D8="","",IF(D8=$AX$24,"",IF(AND(D8=$AX$28),"",IF(AND('Master Data'!$I$29='GA55 Check & Edit'!$AP$5),VLOOKUP(D8,ram,7,0),"")))),"") -> 20140 | G8: =IFERROR(IF(D8="","",IF(D8=$AX$24,"",IF(AND(D8=$AX$25),"",IF(AND(D8=$AX$26),"",IF(AND(D8=$AX$27),"",IF(AND(D8=$AX$28),"",IF(AND(D8=$AX$29),"",IF(AND('Master Data'!$I$29='GA55 Check & Edit'!$AP$6),"",VLOOKUP(D8,ram,8,0))))))))),"") -> 3800 | H8: =IFERROR(IF(D8="","",IF(AND(E8=""),"",IF(OR(D8=$AX$24,D8=$AX$25,D8=$AX$26,D8=$AX$27,D8=$AX$28,D8=$AX$29),"",IF(AND('Master Data'!$I$29='GA55 Check & Edit'!$AP$5),'Master Data'!$B$44,"")))),"") | I8: =IFERROR(IF(D8="","",IF(AND(E8=""),"",IF(OR(D8=$AX$24,D8=$AX$25,D8=$AX$26,D8=$AX$27,D8=$AX$28,D8=$AX$29),"",IF(AND('Master Data'!$I$29='GA55 Check & Edit'!$AP$5,'Master Data'!$E$29='GA55 Check & Edit'!$AO$5),'Master Data'!$E$31,"0")))),"") -> 0 | J8: =IFERROR(IF(OR('Master Data'!$E$33=$AO$6,'Master Data'!$E$33=""),"",IF(D8="","",IF(AND(E8=""),"",IF(OR(D8=$AX$24,D8=$AX$25,D8=$AX$26,D8=$AX$27,D8=$AX$28,D8=$AX$29),"",IF(AND('Master Data'!$I$29='GA55 Check & Edit'!$AP$6),"",IF(AND('Master Data'!$I$33=$AR$9),$AS$6,IF(AND('Master Data'!$I$33=$AR$10),$AS$6,IF(AND('Master Data'!$I$33=$AR$11),$AS$6,IF(AND('Master Data'!$I$33=$AR$12),$AS$6,$AS$5))))))))),"") | K8: =IFERROR(IF(D8="","",IF(AND(E8=""),"",IF(OR(D8=$AX$24,D8=$AX$25,D8=$AX$26,D8=$AX$27,D8=$AX$28,D8=$AX$29),"",IF(AND('Master Data'!$I$29='GA55 Check & Edit'!$AP$5),'Master Data'!$C$44,"")))),"") | L8: =IFERROR(IF(D8="","",IF(AND(E8=""),"",IF(OR(D8=$AX$24,D8=$AX$25,D8=$AX$26,D8=$AX$27,D8=$AX$28,D8=$AX$29),"",IF(AND('Master Data'!$I$29='GA55 Check & Edit'!$AP$6),"",'Master Data'!$D$44)))),"") | M8: =IFERROR(IF(D8="","",IF(AND(E8=""),"",IF(OR(D8=$AX$24,D8=$AX$25,D8=$AX$26,D8=$AX$27,D8=$AX$28,D8=$AX$29),"",IF(AND('Master Data'!$I$29='GA55 Check & Edit'!$AP$6),"",'Master Data'!$E$44)))),"") | N8: =IFERROR(IF(D8="","",IF(AND('Master Data'!$I$29='GA55 Check & Edit'!$AP$6),"",IF(AND('Master Data'!$I$25='GA55 Check & Edit'!$AO$6),"0",IF(AND(D8="Bonus"),VLOOKUP(D8,ram,4,0),"")))),"") -> 0 | O8: =IF(D8="","",IF('Master Data'!$N$25="","",SUM(E8:N8))) -> 71840 | P8: =IFERROR(IF(OR('Master Data'!$I$29='GA55 Check & Edit'!$AP$6,D8=""),"",IF(AND(D8=$AX$24),"",IF(AND(D8=$AX$25),"",IF(AND(D8=$AX$26),"",IF(AND(D8=$AX$27),"",IF(AND(D8=$AX$28),"",IF(AND(D8=$AX$29),"",IF(AND(E8=""),"",VLOOKUP(D8,ram,11,0))))))))),"") | Q8: =IFERROR(IF(AND('Master Data'!$I$29='GA55 Check & Edit'!$AP$6),"",IF(AND(D8=$AX$25),"",IF(AND(D8=$AX$28),"",IF(AND(D8=$AX$29),"",IF(AND(D8=""),"",IF(AND(BB12=""),"",VLOOKUP(D8,ram,12,0))))))),"") -> 2100 | R8: =IFERROR(IF(OR('Master Data'!$I$29='GA55 Check & Edit'!$AP$6,D8=""),"",IF(AND(D8=$AX$24),"",IF(AND(D8=$AX$25),"",IF(AND(D8=$AX$26),"",IF(AND(D8=$AX$27),"",IF(AND(D8=$AX$28),"",IF(AND(D8=$AX$29),"",IF(AND(E8=""),"",'Master Data'!$I$44)))))))),"") | S8: =IFERROR(IF(OR('Master Data'!$I$29='GA55 Check & Edit'!$AP$6),"",IF(D8="","",IF(E8="","",IF(AND(D8=$AX$24),"",IF(AND(D8=$AX$25),"",IF(AND(D8=$AX$26),"",IF(AND(D8=$AX$27),"",IF(AND(D8=$AX$28),"",IF(AND(D8=$AX$29),"",VLOOKUP(D8,ram,10,0)))))))))),"") -> 658 | T8: =IFERROR(IF(OR('Master Data'!$I$29='GA55 Check & Edit'!$AP$6,D8=""),"",IF(AND(D8=$AX$24),"",IF(AND(D8=$AX$25),"",IF(AND(D8=$AX$26),"",IF(AND(D8=$AX$27),"",IF(AND(D8=$AX$28),"",IF(AND(D8=$AX$29),"",IF(AND(E8=""),"",'Master Data'!$K$44)))))))),"") -> 3000 | V8: =IFERROR(IF(OR('Master Data'!$I$29='GA55 Check & Edit'!$AP$6,D8=""),"",IF(AND(D8=$AX$24),"",IF(AND(D8=$AX$25),"",IF(AND(D8=$AX$26),"",IF(AND(D8=$AX$27),"",IF(AND(D8=$AX$28),"",IF(AND(D8=$AX$29),"",IF(AND(E8=""),"",'Master Data'!$M$44)))))))),"") | W8: =IFERROR(IF(OR('Master Data'!$I$29='GA55 Check & Edit'!$AP$6,D8=""),"",IF(AND(D8=$AX$24),"",IF(AND(D8=$AX$25),"",IF(AND(D8=$AX$26),"",IF(AND(D8=$AX$27),"",IF(AND(D8=$AX$28),"",IF(AND(D8=$AX$29),"",IF(AND(E8=""),"",'Master Data'!$N$44)))))))),"") | X8: =IFERROR(IF(OR('Master Data'!$I$29='GA55 Check & Edit'!$AP$6,D8=""),"",IF(AND(E8=""),"",IF(AND('GA55 Check & Edit'!D8='GA55 Check & Edit'!$AT$17,'Master Data'!$D$18="Gazetted"),500,IF(AND('GA55 Check & Edit'!D8='GA55 Check & Edit'!$AT$17,'Master Data'!$D$18="Non-Gazetted"),250,"")))),"") | Y8: =IFERROR(IF(D8="","",IF(AND(E8=""),"",IF(AND(D8=$AX$24),"",IF(AND(D8=$AX$25),"",IF(AND(D8=$AX$26),"",IF(AND(D8=$AX$27),"",IF(AND(D8=$AX$28),"",IF(AND(D8=$AX$29),"",IF(OR('Master Data'!$I$29='GA55 Check & Edit'!$AP$6,D8=""),"",$Y$7))))))))),"") | Z8: =IFERROR(IF(OR('Master Data'!$I$29='GA55 Check & Edit'!$AP$6),"",IF(D8="","",IF(E8="","",VLOOKUP(D8,ram,9,0)))),"") | AA8: =IFERROR(IF(OR('Master Data'!$I$29='GA55 Check & Edit'!$AP$6,D8="",'Master Data'!$N$35=""),"",IF(AND(E8=""),"",IF('GA55 Check & Edit'!D8='GA55 Check & Edit'!$AT$9,'Master Data'!$N$35,""))),"") | AB8: =IFERROR(IF(D8="","",IF(AND(O8=""),"",SUM(P8:AA8))),"0") -> 5758 | AC8: =IFERROR(IF(AND(E8="",O8="",AB8=""),"",SUM(O8-AB8)),"") -> 66082 | AR8: Jaipur (U.A.) | AS8: JAN | AT8: 45717 | AU8: L-1 | AX8: 45717
A9: =MOD(B9,2) -> 0 | B9: =IF(LEN(D9)>=3,B8+1,0) -> 2 | C9: =IF(B9=0,"",B9) -> 2 | D9: =IFERROR(IF(BO13="","",BO13),"") -> 45748 | E9: =IFERROR(IF(D9="","",IF(AND(BQ13=""),"",IF(AND('Master Data'!$I$28='GA55 Check & Edit'!$AP$6),VLOOKUP(D9,ram,13,0),VLOOKUP(D9,ram,4,0)))),"")47900 -> #ERROR! | F9: =IFERROR(IF(D9="","",IF(D9=$AX$24,"",IF(AND(D9=$AX$28),"",IF(AND('Master Data'!$I$29='GA55 Check & Edit'!$AP$5),VLOOKUP(D9,ram,7,0),"")))),"") -> 20900 | G9: =IFERROR(IF(D9="","",IF(D9=$AX$24,"",IF(AND(D9=$AX$25),"",IF(AND(D9=$AX$26),"",IF(AND(D9=$AX$27),"",IF(AND(D9=$AX$28),"",IF(AND(D9=$AX$29),"",IF(AND('Master Data'!$I$29='GA55 Check & Edit'!$AP$6),"",VLOOKUP(D9,ram,8,0))))))))),"") -> 3800 | H9: =IFERROR(IF(D9="","",IF(AND(E9=""),"",IF(OR(D9=$AX$24,D9=$AX$25,D9=$AX$26,D9=$AX$27,D9=$AX$28,D9=$AX$29),"",IF(AND('Master Data'!$I$29='GA55 Check & Edit'!$AP$5),'Master Data'!$B$44,"")))),"") | I9: =IFERROR(IF(D9="","",IF(AND(E9=""),"",IF(OR(D9=$AX$24,D9=$AX$25,D9=$AX$26,D9=$AX$27,D9=$AX$28,D9=$AX$29),"",IF(AND('Master Data'!$I$29='GA55 Check & Edit'!$AP$5,'Master Data'!$E$29='GA55 Check & Edit'!$AO$5),'Master Data'!$E$31,"0")))),"") | J9: =IFERROR(IF(OR('Master Data'!$E$33=$AO$6,'Master Data'!$E$33=""),"",IF(D9="","",IF(AND(E9=""),"",IF(OR(D9=$AX$24,D9=$AX$25,D9=$AX$26,D9=$AX$27,D9=$AX$28,D9=$AX$29),"",IF(AND('Master Data'!$I$29='GA55 Check & Edit'!$AP$6),"",IF(AND('Master Data'!$I$33=$AR$9),$AS$6,IF(AND('Master Data'!$I$33=$AR$10),$AS$6,IF(AND('Master Data'!$I$33=$AR$11),$AS$6,IF(AND('Master Data'!$I$33=$AR$12),$AS$6,$AS$5))))))))),"") | K9: =IFERROR(IF(D9="","",IF(AND(E9=""),"",IF(OR(D9=$AX$24,D9=$AX$25,D9=$AX$26,D9=$AX$27,D9=$AX$28,D9=$AX$29),"",IF(AND('Master Data'!$I$29='GA55 Check & Edit'!$AP$5),'Master Data'!$C$44,"")))),"") | L9: =IFERROR(IF(D9="","",IF(AND(E9=""),"",IF(OR(D9=$AX$24,D9=$AX$25,D9=$AX$26,D9=$AX$27,D9=$AX$28,D9=$AX$29),"",IF(AND('Master Data'!$I$29='GA55 Check & Edit'!$AP$6),"",'Master Data'!$D$44)))),"") | M9: =IFERROR(IF(D9="","",IF(AND(E9=""),"",IF(OR(D9=$AX$24,D9=$AX$25,D9=$AX$26,D9=$AX$27,D9=$AX$28,D9=$AX$29),"",IF(AND('Master Data'!$I$29='GA55 Check & Edit'!$AP$6),"",'Master Data'!$E$44)))),"") | N9: =IFERROR(IF(D9="","",IF(AND('Master Data'!$I$29='GA55 Check & Edit'!$AP$6),"",IF(AND('Master Data'!$I$25='GA55 Check & Edit'!$AO$6),"0",IF(AND(D9="Bonus"),VLOOKUP(D9,ram,4,0),"")))),"") -> 0 | O9: =IF(D9="","",IF('Master Data'!$N$25="","",SUM(E9:N9))) -> #ERROR! | P9: =IFERROR(IF(OR('Master Data'!$I$29='GA55 Check & Edit'!$AP$6,D9=""),"",IF(AND(D9=$AX$24),"",IF(AND(D9=$AX$25),"",IF(AND(D9=$AX$26),"",IF(AND(D9=$AX$27),"",IF(AND(D9=$AX$28),"",IF(AND(D9=$AX$29),"",IF(AND(E9=""),"",VLOOKUP(D9,ram,11,0))))))))),"") | Q9: =IFERROR(IF(AND('Master Data'!$I$29='GA55 Check & Edit'!$AP$6),"",IF(AND(D9=$AX$25),"",IF(AND(D9=$AX$28),"",IF(AND(D9=$AX$29),"",IF(AND(D9=""),"",IF(AND(BB13=""),"",VLOOKUP(D9,ram,12,0))))))),"") -> 2100 | R9: =IFERROR(IF(OR('Master Data'!$I$29='GA55 Check & Edit'!$AP$6,D9=""),"",IF(AND(D9=$AX$24),"",IF(AND(D9=$AX$25),"",IF(AND(D9=$AX$26),"",IF(AND(D9=$AX$27),"",IF(AND(D9=$AX$28),"",IF(AND(D9=$AX$29),"",IF(AND(E9=""),"",'Master Data'!$I$44)))))))),"") | S9: =IFERROR(IF(OR('Master Data'!$I$29='GA55 Check & Edit'!$AP$6),"",IF(D9="","",IF(E9="","",IF(AND(D9=$AX$24),"",IF(AND(D9=$AX$25),"",IF(AND(D9=$AX$26),"",IF(AND(D9=$AX$27),"",IF(AND(D9=$AX$28),"",IF(AND(D9=$AX$29),"",VLOOKUP(D9,ram,10,0)))))))))),"") | T9: =IFERROR(IF(OR('Master Data'!$I$29='GA55 Check & Edit'!$AP$6,D9=""),"",IF(AND(D9=$AX$24),"",IF(AND(D9=$AX$25),"",IF(AND(D9=$AX$26),"",IF(AND(D9=$AX$27),"",IF(AND(D9=$AX$28),"",IF(AND(D9=$AX$29),"",IF(AND(E9=""),"",'Master Data'!$K$44)))))))),"") | U9: =IFERROR(IF(OR('Master Data'!$I$29='GA55 Check & Edit'!$AP$6,D9=""),"",IF(AND(D9=$AX$24),"",IF(AND(D9=$AX$25),"",IF(AND(D9=$AX$26),"",IF(AND(D9=$AX$27),"",IF(AND(D9=$AX$28),"",IF(AND(D9=$AX$29),"",IF(AND(E9=""),"",'Master Data'!$L$44)))))))),"") | V9: =IFERROR(IF(OR('Master Data'!$I$29='GA55 Check & Edit'!$AP$6,D9=""),"",IF(AND(D9=$AX$24),"",IF(AND(D9=$AX$25),"",IF(AND(D9=$AX$26),"",IF(AND(D9=$AX$27),"",IF(AND(D9=$AX$28),"",IF(AND(D9=$AX$29),"",IF(AND(E9=""),"",'Master Data'!$M$44)))))))),"") | W9: =IFERROR(IF(OR('Master Data'!$I$29='GA55 Check & Edit'!$AP$6,D9=""),"",IF(AND(D9=$AX$24),"",IF(AND(D9=$AX$25),"",IF(AND(D9=$AX$26),"",IF(AND(D9=$AX$27),"",IF(AND(D9=$AX$28),"",IF(AND(D9=$AX$29),"",IF(AND(E9=""),"",'Master Data'!$N$44)))))))),"") | X9: =IFERROR(IF(OR('Master Data'!$I$29='GA55 Check & Edit'!$AP$6,D9=""),"",IF(AND(E9=""),"",IF(AND('GA55 Check & Edit'!D9='GA55 Check & Edit'!$AT$17,'Master Data'!$D$18="Gazetted"),500,IF(AND('GA55 Check & Edit'!D9='GA55 Check & Edit'!$AT$17,'Master Data'!$D$18="Non-Gazetted"),250,"")))),"") | Y9: =IFERROR(IF(D9="","",IF(AND(E9=""),"",IF(AND(D9=$AX$24),"",IF(AND(D9=$AX$25),"",IF(AND(D9=$AX$26),"",IF(AND(D9=$AX$27),"",IF(AND(D9=$AX$28),"",IF(AND(D9=$AX$29),"",IF(OR('Master Data'!$I$29='GA55 Check & Edit'!$AP$6,D9=""),"",$Y$7))))))))),"") | Z9: =IFERROR(IF(OR('Master Data'!$I$29='GA55 Check & Edit'!$AP$6),"",IF(D9="","",IF(E9="","",VLOOKUP(D9,ram,9,0)))),"") | AA9: =IFERROR(IF(OR('Master Data'!$I$29='GA55 Check & Edit'!$AP$6,D9="",'Master Data'!$N$35=""),"",IF(AND(E9=""),"",IF('GA55 Check & Edit'!D9='GA55 Check & Edit'!$AT$9,'Master Data'!$N$35,""))),"") | AB9: =IFERROR(IF(D9="","",IF(AND(O9=""),"",SUM(P9:AA9))),"0") -> 0 | AC9: =IFERROR(IF(AND(E9="",O9="",AB9=""),"",SUM(O9-AB9)),"") | AR9: Ajmer | AS9: FEB | AT9: 45748 | AU9: L-2 | AZ9: 46081 | BC9: =IF('Master Data'!I35>9,ROUND('Master Data'!$E$37/31*15,0),IF('Master Data'!E35='GA55 Check & Edit'!AO5,ROUND('Master Data'!$E$37/31*15,0),IF('Master Data'!I35>=5,ROUND('Master Data'!$E$37/31*22,0),IF('Master Data'!D18='GA55 Check & Edit'!AO5,ROUND('Master Data'!$E$37/31*22,0),'Master Data'!E37))))
A10: =MOD(B10,2) -> 1 | B10: =IF(LEN(D10)>=3,B9+1,0) -> 3 | C10: =IF(B10=0,"",B10) -> 3 | D10: =IFERROR(IF(BO14="","",BO14),"") -> 45778 | E10: 47900 | F10: =IFERROR(IF(D10="","",IF(D10=$AX$24,"",IF(AND(D10=$AX$28),"",IF(AND('Master Data'!$I$29='GA55 Check & Edit'!$AP$5),VLOOKUP(D10,ram,7,0),"")))),"") -> 20900 | G10: =IFERROR(IF(D10="","",IF(D10=$AX$24,"",IF(AND(D10=$AX$25),"",IF(AND(D10=$AX$26),"",IF(AND(D10=$AX$27),"",IF(AND(D10=$AX$28),"",IF(AND(D10=$AX$29),"",IF(AND('Master Data'!$I$29='GA55 Check & Edit'!$AP$6),"",VLOOKUP(D10,ram,8,0))))))))),"") -> 3800 | H10: =IFERROR(IF(D10="","",IF(AND(E10=""),"",IF(OR(D10=$AX$24,D10=$AX$25,D10=$AX$26,D10=$AX$27,D10=$AX$28,D10=$AX$29),"",IF(AND('Master Data'!$I$29='GA55 Check & Edit'!$AP$5),'Master Data'!$B$44,"")))),"") | I10: =IFERROR(IF(D10="","",IF(AND(E10=""),"",IF(OR(D10=$AX$24,D10=$AX$25,D10=$AX$26,D10=$AX$27,D10=$AX$28,D10=$AX$29),"",IF(AND('Master Data'!$I$29='GA55 Check & Edit'!$AP$5,'Master Data'!$E$29='GA55 Check & Edit'!$AO$5),'Master Data'!$E$31,"0")))),"") -> 0 | J10: =IFERROR(IF(OR('Master Data'!$E$33=$AO$6,'Master Data'!$E$33=""),"",IF(D10="","",IF(AND(E10=""),"",IF(OR(D10=$AX$24,D10=$AX$25,D10=$AX$26,D10=$AX$27,D10=$AX$28,D10=$AX$29),"",IF(AND('Master Data'!$I$29='GA55 Check & Edit'!$AP$6),"",IF(AND('Master Data'!$I$33=$AR$9),$AS$6,IF(AND('Master Data'!$I$33=$AR$10),$AS$6,IF(AND('Master Data'!$I$33=$AR$11),$AS$6,IF(AND('Master Data'!$I$33=$AR$12),$AS$6,$AS$5))))))))),"") | K10: =IFERROR(IF(D10="","",IF(AND(E10=""),"",IF(OR(D10=$AX$24,D10=$AX$25,D10=$AX$26,D10=$AX$27,D10=$AX$28,D10=$AX$29),"",IF(AND('Master Data'!$I$29='GA55 Check & Edit'!$AP$5),'Master Data'!$C$44,"")))),"") | L10: =IFERROR(IF(D10="","",IF(AND(E10=""),"",IF(OR(D10=$AX$24,D10=$AX$25,D10=$AX$26,D10=$AX$27,D10=$AX$28,D10=$AX$29),"",IF(AND('Master Data'!$I$29='GA55 Check & Edit'!$AP$6),"",'Master Data'!$D$44)))),"") | M10: =IFERROR(IF(D10="","",IF(AND(E10=""),"",IF(OR(D10=$AX$24,D10=$AX$25,D10=$AX$26,D10=$AX$27,D10=$AX$28,D10=$AX$29),"",IF(AND('Master Data'!$I$29='GA55 Check & Edit'!$AP$6),"",'Master Data'!$E$44)))),"") | N10: =IFERROR(IF(D10="","",IF(AND('Master Data'!$I$29='GA55 Check & Edit'!$AP$6),"",IF(AND('Master Data'!$I$25='GA55 Check & Edit'!$AO$6),"0",IF(AND(D10="Bonus"),VLOOKUP(D10,ram,4,0),"")))),"") -> 0 | O10: =IF(D10="","",IF('Master Data'!$N$25="","",SUM(E10:N10))) -> 72600 | P10: =IFERROR(IF(OR('Master Data'!$I$29='GA55 Check & Edit'!$AP$6,D10=""),"",IF(AND(D10=$AX$24),"",IF(AND(D10=$AX$25),"",IF(AND(D10=$AX$26),"",IF(AND(D10=$AX$27),"",IF(AND(D10=$AX$28),"",IF(AND(D10=$AX$29),"",IF(AND(E10=""),"",VLOOKUP(D10,ram,11,0))))))))),"") | Q10: =IFERROR(IF(AND('Master Data'!$I$29='GA55 Check & Edit'!$AP$6),"",IF(AND(D10=$AX$25),"",IF(AND(D10=$AX$28),"",IF(AND(D10=$AX$29),"",IF(AND(D10=""),"",IF(AND(BB14=""),"",VLOOKUP(D10,ram,12,0))))))),"") -> 2100 | R10: =IFERROR(IF(OR('Master Data'!$I$29='GA55 Check & Edit'!$AP$6,D10=""),"",IF(AND(D10=$AX$24),"",IF(AND(D10=$AX$25),"",IF(AND(D10=$AX$26),"",IF(AND(D10=$AX$27),"",IF(AND(D10=$AX$28),"",IF(AND(D10=$AX$29),"",IF(AND(E10=""),"",'Master Data'!$I$44)))))))),"") | S10: =IFERROR(IF(OR('Master Data'!$I$29='GA55 Check & Edit'!$AP$6),"",IF(D10="","",IF(E10="","",IF(AND(D10=$AX$24),"",IF(AND(D10=$AX$25),"",IF(AND(D10=$AX$26),"",IF(AND(D10=$AX$27),"",IF(AND(D10=$AX$28),"",IF(AND(D10=$AX$29),"",VLOOKUP(D10,ram,10,0)))))))))),"") -> 658 | T10: =IFERROR(IF(OR('Master Data'!$I$29='GA55 Check & Edit'!$AP$6,D10=""),"",IF(AND(D10=$AX$24),"",IF(AND(D10=$AX$25),"",IF(AND(D10=$AX$26),"",IF(AND(D10=$AX$27),"",IF(AND(D10=$AX$28),"",IF(AND(D10=$AX$29),"",IF(AND(E10=""),"",'Master Data'!$K$44)))))))),"") -> 3000 | U10: =IFERROR(IF(OR('Master Data'!$I$29='GA55 Check & Edit'!$AP$6,D10=""),"",IF(AND(D10=$AX$24),"",IF(AND(D10=$AX$25),"",IF(AND(D10=$AX$26),"",IF(AND(D10=$AX$27),"",IF(AND(D10=$AX$28),"",IF(AND(D10=$AX$29),"",IF(AND(E10=""),"",'Master Data'!$L$44)))))))),"") -> 2100 | V10: =IFERROR(IF(OR('Master Data'!$I$29='GA55 Check & Edit'!$AP$6,D10=""),"",IF(AND(D10=$AX$24),"",IF(AND(D10=$AX$25),"",IF(AND(D10=$AX$26),"",IF(AND(D10=$AX$27),"",IF(AND(D10=$AX$28),"",IF(AND(D10=$AX$29),"",IF(AND(E10=""),"",'Master Data'!$M$44)))))))),"") | W10: =IFERROR(IF(OR('Master Data'!$I$29='GA55 Check & Edit'!$AP$6,D10=""),"",IF(AND(D10=$AX$24),"",IF(AND(D10=$AX$25),"",IF(AND(D10=$AX$26),"",IF(AND(D10=$AX$27),"",IF(AND(D10=$AX$28),"",IF(AND(D10=$AX$29),"",IF(AND(E10=""),"",'Master Data'!$N$44)))))))),"") | X10: =IFERROR(IF(OR('Master Data'!$I$29='GA55 Check & Edit'!$AP$6,D10=""),"",IF(AND(E10=""),"",IF(AND('GA55 Check & Edit'!D10='GA55 Check & Edit'!$AT$17,'Master Data'!$D$18="Gazetted"),500,IF(AND('GA55 Check & Edit'!D10='GA55 Check & Edit'!$AT$17,'Master Data'!$D$18="Non-Gazetted"),250,"")))),"") | Y10: =IFERROR(IF(D10="","",IF(AND(E10=""),"",IF(AND(D10=$AX$24),"",IF(AND(D10=$AX$25),"",IF(AND(D10=$AX$26),"",IF(AND(D10=$AX$27),"",IF(AND(D10=$AX$28),"",IF(AND(D10=$AX$29),"",IF(OR('Master Data'!$I$29='GA55 Check & Edit'!$AP$6,D10=""),"",$Y$7))))))))),"") | Z10: =IFERROR(IF(OR('Master Data'!$I$29='GA55 Check & Edit'!$AP$6),"",IF(D10="","",IF(E10="","",VLOOKUP(D10,ram,9,0)))),"") | AA10: =IFERROR(IF(OR('Master Data'!$I$29='GA55 Check & Edit'!$AP$6,D10="",'Master Data'!$N$35=""),"",IF(AND(E10=""),"",IF('GA55 Check & Edit'!D10='GA55 Check & Edit'!$AT$9,'Master Data'!$N$35,""))),"") | AB10: =IFERROR(IF(D10="","",IF(AND(O10=""),"",SUM(P10:AA10))),"0") -> 7858 | AC10: =IFERROR(IF(AND(E10="",O10="",AB10=""),"",SUM(O10-AB10)),"") -> 64742 | AR10: Bikaner | AS10: MAR | AT10: 45778 | AU10: L-3 | AW10: JAN | AX10: 45658 | BA10: =IF(AND('Master Data'!$N$25=""),"",'Master Data'!$N$25) -> 38000 | BB10: =IF(AND(AX10<$AZ$16),"",IF(AND(AX10>$AZ$17),"",BA10)) | BC10: =IF(AND('Master Data'!$N$25=""),"",ROUND(53%*BA10,0)) -> 20140 | BD10: =IF(BB10="","",BC10) | BE10: =IFERROR(IF(AND('Master Data'!$N$25=""),"",ROUND('Master Data'!$E$35%*BB10,0)),"") -> 0 | BG10: =IFERROR(IF(OR('Master Data'!$I$29='GA55 Check & Edit'!$AP$6),"",'Master Data'!$J$44),"") -> 650 | BH10: =IFERROR(IF(OR('Master Data'!$I$29='GA55 Check & Edit'!$AP$6),"",'Master Data'!$G$44),"") | BI10: =IFERROR(IF(OR('Master Data'!$I$29='GA55 Check & Edit'!$AP$6),"",'Master Data'!$H$44),"") | BJ10: =BA10 -> 38000 | BL10: =MONTH(AZ17) -> 2 | BS10: =D8 -> 45717
A11: =MOD(B11,2) -> 0 | B11: =IF(LEN(D11)>=3,B10+1,0) -> 4 | C11: =IF(B11=0,"",B11) -> 4 | D11: =IFERROR(IF(BO15="","",BO15),"") -> 45809 | E11: =IFERROR(IF(D11="","",IF(AND(BQ15=""),"",IF(AND('Master Data'!$I$29='GA55 Check & Edit'!$AP$6),VLOOKUP(D11,ram,13,0),VLOOKUP(D11,ram,4,0)))),"") -> 38000 | F11: =IFERROR(IF(D11="","",IF(D11=$AX$24,"",IF(AND(D11=$AX$28),"",IF(AND('Master Data'!$I$29='GA55 Check & Edit'!$AP$5),VLOOKUP(D11,ram,7,0),"")))),"") -> 20900 | G11: =IFERROR(IF(D11="","",IF(D11=$AX$24,"",IF(AND(D11=$AX$25),"",IF(AND(D11=$AX$26),"",IF(AND(D11=$AX$27),"",IF(AND(D11=$AX$28),"",IF(AND(D11=$AX$29),"",IF(AND('Master Data'!$I$29='GA55 Check & Edit'!$AP$6),"",VLOOKUP(D11,ram,8,0))))))))),"") -> 3800 | H11: =IFERROR(IF(D11="","",IF(AND(E11=""),"",IF(OR(D11=$AX$24,D11=$AX$25,D11=$AX$26,D11=$AX$27,D11=$AX$28,D11=$AX$29),"",IF(AND('Master Data'!$I$29='GA55 Check & Edit'!$AP$5),'Master Data'!$B$44,"")))),"") | I11: =IFERROR(IF(D11="","",IF(AND(E11=""),"",IF(OR(D11=$AX$24,D11=$AX$25,D11=$AX$26,D11=$AX$27,D11=$AX$28,D11=$AX$29),"",IF(AND('Master Data'!$I$29='GA55 Check & Edit'!$AP$5,'Master Data'!$E$29='GA55 Check & Edit'!$AO$5),'Master Data'!$E$31,"0")))),"") -> 0 | J11: =IFERROR(IF(OR('Master Data'!$E$33=$AO$6,'Master Data'!$E$33=""),"",IF(D11="","",IF(AND(E11=""),"",IF(OR(D11=$AX$24,D11=$AX$25,D11=$AX$26,D11=$AX$27,D11=$AX$28,D11=$AX$29),"",IF(AND('Master Data'!$I$29='GA55 Check & Edit'!$AP$6),"",IF(AND('Master Data'!$I$33=$AR$9),$AS$6,IF(AND('Master Data'!$I$33=$AR$10),$AS$6,IF(AND('Master Data'!$I$33=$AR$11),$AS$6,IF(AND('Master Data'!$I$33=$AR$12),$AS$6,$AS$5))))))))),"") | K11: =IFERROR(IF(D11="","",IF(AND(E11=""),"",IF(OR(D11=$AX$24,D11=$AX$25,D11=$AX$26,D11=$AX$27,D11=$AX$28,D11=$AX$29),"",IF(AND('Master Data'!$I$29='GA55 Check & Edit'!$AP$5),'Master Data'!$C$44,"")))),"") | L11: =IFERROR(IF(D11="","",IF(AND(E11=""),"",IF(OR(D11=$AX$24,D11=$AX$25,D11=$AX$26,D11=$AX$27,D11=$AX$28,D11=$AX$29),"",IF(AND('Master Data'!$I$29='GA55 Check & Edit'!$AP$6),"",'Master Data'!$D$44)))),"") | M11: =IFERROR(IF(D11="","",IF(AND(E11=""),"",IF(OR(D11=$AX$24,D11=$AX$25,D11=$AX$26,D11=$AX$27,D11=$AX$28,D11=$AX$29),"",IF(AND('Master Data'!$I$29='GA55 Check & Edit'!$AP$6),"",'Master Data'!$E$44)))),"") | N11: =IFERROR(IF(D11="","",IF(AND('Master Data'!$I$29='GA55 Check & Edit'!$AP$6),"",IF(AND('Master Data'!$I$25='GA55 Check & Edit'!$AO$6),"0",IF(AND(D11="Bonus"),VLOOKUP(D11,ram,4,0),"")))),"") -> 0 | O11: =IF(D11="","",IF('Master Data'!$N$25="","",SUM(E11:N11))) -> 62700 | P11: =IFERROR(IF(OR('Master Data'!$I$29='GA55 Check & Edit'!$AP$6,D11=""),"",IF(AND(D11=$AX$24),"",IF(AND(D11=$AX$25),"",IF(AND(D11=$AX$26),"",IF(AND(D11=$AX$27),"",IF(AND(D11=$AX$28),"",IF(AND(D11=$AX$29),"",IF(AND(E11=""),"",VLOOKUP(D11,ram,11,0))))))))),"") | Q11: =IFERROR(IF(AND('Master Data'!$I$29='GA55 Check & Edit'!$AP$6),"",IF(AND(D11=$AX$25),"",IF(AND(D11=$AX$28),"",IF(AND(D11=$AX$29),"",IF(AND(D11=""),"",IF(AND(BB15=""),"",VLOOKUP(D11,ram,12,0))))))),"") -> 2100 | R11: =IFERROR(IF(OR('Master Data'!$I$29='GA55 Check & Edit'!$AP$6,D11=""),"",IF(AND(D11=$AX$24),"",IF(AND(D11=$AX$25),"",IF(AND(D11=$AX$26),"",IF(AND(D11=$AX$27),"",IF(AND(D11=$AX$28),"",IF(AND(D11=$AX$29),"",IF(AND(E11=""),"",'Master Data'!$I$44)))))))),"") | S11: =IFERROR(IF(OR('Master Data'!$I$29='GA55 Check & Edit'!$AP$6),"",IF(D11="","",IF(E11="","",IF(AND(D11=$AX$24),"",IF(AND(D11=$AX$25),"",IF(AND(D11=$AX$26),"",IF(AND(D11=$AX$27),"",IF(AND(D11=$AX$28),"",IF(AND(D11=$AX$29),"",VLOOKUP(D11,ram,10,0)))))))))),"") -> 658 | T11: =IFERROR(IF(OR('Master Data'!$I$29='GA55 Check & Edit'!$AP$6,D11=""),"",IF(AND(D11=$AX$24),"",IF(AND(D11=$AX$25),"",IF(AND(D11=$AX$26),"",IF(AND(D11=$AX$27),"",IF(AND(D11=$AX$28),"",IF(AND(D11=$AX$29),"",IF(AND(E11=""),"",'Master Data'!$K$44)))))))),"") -> 3000 | U11: =IFERROR(IF(OR('Master Data'!$I$29='GA55 Check & Edit'!$AP$6,D11=""),"",IF(AND(D11=$AX$24),"",IF(AND(D11=$AX$25),"",IF(AND(D11=$AX$26),"",IF(AND(D11=$AX$27),"",IF(AND(D11=$AX$28),"",IF(AND(D11=$AX$29),"",IF(AND(E11=""),"",'Master Data'!$L$44)))))))),"") -> 2100 | V11: =IFERROR(IF(OR('Master Data'!$I$29='GA55 Check & Edit'!$AP$6,D11=""),"",IF(AND(D11=$AX$24),"",IF(AND(D11=$AX$25),"",IF(AND(D11=$AX$26),"",IF(AND(D11=$AX$27),"",IF(AND(D11=$AX$28),"",IF(AND(D11=$AX$29),"",IF(AND(E11=""),"",'Master Data'!$M$44)))))))),"") | W11: =IFERROR(IF(OR('Master Data'!$I$29='GA55 Check & Edit'!$AP$6,D11=""),"",IF(AND(D11=$AX$24),"",IF(AND(D11=$AX$25),"",IF(AND(D11=$AX$26),"",IF(AND(D11=$AX$27),"",IF(AND(D11=$AX$28),"",IF(AND(D11=$AX$29),"",IF(AND(E11=""),"",'Master Data'!$N$44)))))))),"") | X11: =IFERROR(IF(OR('Master Data'!$I$29='GA55 Check & Edit'!$AP$6,D11=""),"",IF(AND(E11=""),"",IF(AND('GA55 Check & Edit'!D11='GA55 Check & Edit'!$AT$17,'Master Data'!$D$18="Gazetted"),500,IF(AND('GA55 Check & Edit'!D11='GA55 Check & Edit'!$AT$17,'Master Data'!$D$18="Non-Gazetted"),250,"")))),"") | Y11: =IFERROR(IF(D11="","",IF(AND(E11=""),"",IF(AND(D11=$AX$24),"",IF(AND(D11=$AX$25),"",IF(AND(D11=$AX$26),"",IF(AND(D11=$AX$27),"",IF(AND(D11=$AX$28),"",IF(AND(D11=$AX$29),"",IF(OR('Master Data'!$I$29='GA55 Check & Edit'!$AP$6,D11=""),"",$Y$7))))))))),"") | Z11: =IFERROR(IF(OR('Master Data'!$I$29='GA55 Check & Edit'!$AP$6),"",IF(D11="","",IF(E11="","",VLOOKUP(D11,ram,9,0)))),"") | AA11: =IFERROR(IF(OR('Master Data'!$I$29='GA55 Check & Edit'!$AP$6,D11="",'Master Data'!$N$35=""),"",IF(AND(E11=""),"",IF('GA55 Check & Edit'!D11='GA55 Check & Edit'!$AT$9,'Master Data'!$N$35,""))),"") | AB11: =IFERROR(IF(D11="","",IF(AND(O11=""),"",SUM(P11:AA11))),"0") -> 7858 | AC11: =IFERROR(IF(AND(E11="",O11="",AB11=""),"",SUM(O11-AB11)),"") -> 54842 | AR11: Jodhpur | AS11: APR | AT11: 45809 | AU11: L-4 | AW11: FEB | AX11: 45689 | BA11: =IF(AND('Master Data'!$N$25=""),"",'Master Data'!$N$25) -> 38000 | BB11: =IF(AND(AX11<$AZ$16),"",IF(AND(AX11>$AZ$17),"",BA11)) | BC11: =IF(AND('Master Data'!$N$25=""),"",ROUND(53%*BA11,0)) -> 20140 | BD11: =IF(BB11="","",BC11) | BE11: =IFERROR(IF(AND('Master Data'!$N$25=""),"",ROUND('Master Data'!$E$35%*BB11,0)),"") -> 0 | BG11: =IFERROR(IF(OR('Master Data'!$I$29='GA55 Check & Edit'!$AP$6),"",IF('Master Data'!$I$31="GPF-2004",IF(BB11<18001,135,IF(BB11<33501,220,IF(BB11<54001,330,440))),IF(AND('Master Data'!$I$31="GPF",'Master Data'!$J$44=""),IF(BB11<18001,265,IF(BB11<33501,440,IF(BB11<54001,658,875))),'Master Data'!$J$44))),"") -> 440 | BH11: =IFERROR(IF(OR('Master Data'!$I$29='GA55 Check & Edit'!$AP$6),"",'Master Data'!$G$44),"") | BI11: =IFERROR(IF(OR('Master Data'!$I$29='GA55 Check & Edit'!$AP$6),"",'Master Data'!$H$44),"") | BJ11: =BA11 -> 38000
A12: =MOD(B12,2) -> 1 | B12: =IF(LEN(D12)>=3,B11+1,0) -> 5 | C12: =IF(B12=0,"",B12) -> 5 | D12: =IFERROR(IF(BO16="","",BO16),"") -> 45839 | E12: =IFERROR(IF(D12="","",IF(AND(BQ16=""),"",IF(AND('Master Data'!$I$29='GA55 Check & Edit'!$AP$6),VLOOKUP(D12,ram,13,0),VLOOKUP(D12,ram,4,0)))),"") -> 39100 | F12: =IFERROR(IF(D12="","",IF(D12=$AX$24,"",IF(AND(D12=$AX$28),"",IF(AND('Master Data'!$I$29='GA55 Check & Edit'!$AP$5),VLOOKUP(D12,ram,7,0),"")))),"") -> 21505 | G12: =IFERROR(IF(D12="","",IF(D12=$AX$24,"",IF(AND(D12=$AX$25),"",IF(AND(D12=$AX$26),"",IF(AND(D12=$AX$27),"",IF(AND(D12=$AX$28),"",IF(AND(D12=$AX$29),"",IF(AND('Master Data'!$I$29='GA55 Check & Edit'!$AP$6),"",VLOOKUP(D12,ram,8,0))))))))),"") -> 3910 | H12: =IFERROR(IF(D12="","",IF(AND(E12=""),"",IF(OR(D12=$AX$24,D12=$AX$25,D12=$AX$26,D12=$AX$27,D12=$AX$28,D12=$AX$29),"",IF(AND('Master Data'!$I$29='GA55 Check & Edit'!$AP$5),'Master Data'!$B$44,"")))),"") | I12: =IFERROR(IF(D12="","",IF(AND(E12=""),"",IF(OR(D12=$AX$24,D12=$AX$25,D12=$AX$26,D12=$AX$27,D12=$AX$28,D12=$AX$29),"",IF(AND('Master Data'!$I$29='GA55 Check & Edit'!$AP$5,'Master Data'!$E$29='GA55 Check & Edit'!$AO$5),'Master Data'!$E$31,"0")))),"") -> 0 | J12: =IFERROR(IF(OR('Master Data'!$E$33=$AO$6,'Master Data'!$E$33=""),"",IF(D12="","",IF(AND(E12=""),"",IF(OR(D12=$AX$24,D12=$AX$25,D12=$AX$26,D12=$AX$27,D12=$AX$28,D12=$AX$29),"",IF(AND('Master Data'!$I$29='GA55 Check & Edit'!$AP$6),"",IF(AND('Master Data'!$I$33=$AR$9),$AS$6,IF(AND('Master Data'!$I$33=$AR$10),$AS$6,IF(AND('Master Data'!$I$33=$AR$11),$AS$6,IF(AND('Master Data'!$I$33=$AR$12),$AS$6,$AS$5))))))))),"") | K12: =IFERROR(IF(D12="","",IF(AND(E12=""),"",IF(OR(D12=$AX$24,D12=$AX$25,D12=$AX$26,D12=$AX$27,D12=$AX$28,D12=$AX$29),"",IF(AND('Master Data'!$I$29='GA55 Check & Edit'!$AP$5),'Master Data'!$C$44,"")))),"") | L12: =IFERROR(IF(D12="","",IF(AND(E12=""),"",IF(OR(D12=$AX$24,D12=$AX$25,D12=$AX$26,D12=$AX$27,D12=$AX$28,D12=$AX$29),"",IF(AND('Master Data'!$I$29='GA55 Check & Edit'!$AP$6),"",'Master Data'!$D$44)))),"") | M12: =IFERROR(IF(D12="","",IF(AND(E12=""),"",IF(OR(D12=$AX$24,D12=$AX$25,D12=$AX$26,D12=$AX$27,D12=$AX$28,D12=$AX$29),"",IF(AND('Master Data'!$I$29='GA55 Check & Edit'!$AP$6),"",'Master Data'!$E$44)))),"") | N12: =IFERROR(IF(D12="","",IF(AND('Master Data'!$I$29='GA55 Check & Edit'!$AP$6),"",IF(AND('Master Data'!$I$25='GA55 Check & Edit'!$AO$6),"0",IF(AND(D12="Bonus"),VLOOKUP(D12,ram,4,0),"")))),"") -> 0 | O12: =IF(D12="","",IF('Master Data'!$N$25="","",SUM(E12:N12))) -> 64515 | P12: =IFERROR(IF(OR('Master Data'!$I$29='GA55 Check & Edit'!$AP$6,D12=""),"",IF(AND(D12=$AX$24),"",IF(AND(D12=$AX$25),"",IF(AND(D12=$AX$26),"",IF(AND(D12=$AX$27),"",IF(AND(D12=$AX$28),"",IF(AND(D12=$AX$29),"",IF(AND(E12=""),"",VLOOKUP(D12,ram,11,0))))))))),"") | Q12: =IFERROR(IF(AND('Master Data'!$I$29='GA55 Check & Edit'!$AP$6),"",IF(AND(D12=$AX$25),"",IF(AND(D12=$AX$28),"",IF(AND(D12=$AX$29),"",IF(AND(D12=""),"",IF(AND(BB16=""),"",VLOOKUP(D12,ram,12,0))))))),"") -> 2850 | R12: =IFERROR(IF(OR('Master Data'!$I$29='GA55 Check & Edit'!$AP$6,D12=""),"",IF(AND(D12=$AX$24),"",IF(AND(D12=$AX$25),"",IF(AND(D12=$AX$26),"",IF(AND(D12=$AX$27),"",IF(AND(D12=$AX$28),"",IF(AND(D12=$AX$29),"",IF(AND(E12=""),"",'Master Data'!$I$44)))))))),"") | S12: =IFERROR(IF(OR('Master Data'!$I$29='GA55 Check & Edit'!$AP$6),"",IF(D12="","",IF(E12="","",IF(AND(D12=$AX$24),"",IF(AND(D12=$AX$25),"",IF(AND(D12=$AX$26),"",IF(AND(D12=$AX$27),"",IF(AND(D12=$AX$28),"",IF(AND(D12=$AX$29),"",VLOOKUP(D12,ram,10,0)))))))))),"") -> 658 | T12: =IFERROR(IF(OR('Master Data'!$I$29='GA55 Check & Edit'!$AP$6,D12=""),"",IF(AND(D12=$AX$24),"",IF(AND(D12=$AX$25),"",IF(AND(D12=$AX$26),"",IF(AND(D12=$AX$27),"",IF(AND(D12=$AX$28),"",IF(AND(D12=$AX$29),"",IF(AND(E12=""),"",'Master Data'!$K$44)))))))),"") -> 3000 | U12: =IFERROR(IF(OR('Master Data'!$I$29='GA55 Check & Edit'!$AP$6,D12=""),"",IF(AND(D12=$AX$24),"",IF(AND(D12=$AX$25),"",IF(AND(D12=$AX$26),"",IF(AND(D12=$AX$27),"",IF(AND(D12=$AX$28),"",IF(AND(D12=$AX$29),"",IF(AND(E12=""),"",'Master Data'!$L$44)))))))),"") -> 2100 | V12: =IFERROR(IF(OR('Master Data'!$I$29='GA55 Check & Edit'!$AP$6,D12=""),"",IF(AND(D12=$AX$24),"",IF(AND(D12=$AX$25),"",IF(AND(D12=$AX$26),"",IF(AND(D12=$AX$27),"",IF(AND(D12=$AX$28),"",IF(AND(D12=$AX$29),"",IF(AND(E12=""),"",'Master Data'!$M$44)))))))),"") | W12: =IFERROR(IF(OR('Master Data'!$I$29='GA55 Check & Edit'!$AP$6,D12=""),"",IF(AND(D12=$AX$24),"",IF(AND(D12=$AX$25),"",IF(AND(D12=$AX$26),"",IF(AND(D12=$AX$27),"",IF(AND(D12=$AX$28),"",IF(AND(D12=$AX$29),"",IF(AND(E12=""),"",'Master Data'!$N$44)))))))),"") | X12: =IFERROR(IF(OR('Master Data'!$I$29='GA55 Check & Edit'!$AP$6,D12=""),"",IF(AND(E12=""),"",IF(AND('GA55 Check & Edit'!D12='GA55 Check & Edit'!$AT$17,'Master Data'!$D$18="Gazetted"),500,IF(AND('GA55 Check & Edit'!D12='GA55 Check & Edit'!$AT$17,'Master Data'!$D$18="Non-Gazetted"),250,"")))),"") | Y12: =IFERROR(IF(D12="","",IF(AND(E12=""),"",IF(AND(D12=$AX$24),"",IF(AND(D12=$AX$25),"",IF(AND(D12=$AX$26),"",IF(AND(D12=$AX$27),"",IF(AND(D12=$AX$28),"",IF(AND(D12=$AX$29),"",IF(OR('Master Data'!$I$29='GA55 Check & Edit'!$AP$6,D12=""),"",$Y$7))))))))),"") | Z12: =IFERROR(IF(OR('Master Data'!$I$29='GA55 Check & Edit'!$AP$6),"",IF(D12="","",IF(E12="","",VLOOKUP(D12,ram,9,0)))),"") | AA12: =IFERROR(IF(OR('Master Data'!$I$29='GA55 Check & Edit'!$AP$6,D12="",'Master Data'!$N$35=""),"",IF(AND(E12=""),"",IF('GA55 Check & Edit'!D12='GA55 Check & Edit'!$AT$9,'Master Data'!$N$35,""))),"") | AB12: =IFERROR(IF(D12="","",IF(AND(O12=""),"",SUM(P12:AA12))),"0") -> 8608 | AC12: =IFERROR(IF(AND(E12="",O12="",AB12=""),"",SUM(O12-AB12)),"") -> 55907 | AR12: Kota | AS12: MAY | AT12: 45839 | AU12: L-5 | AW12: MAR | AX12: 45717 | AY12: 3 | BA12: =IF(AND('Master Data'!$N$25=""),"",IF(AND('Master Data'!$N$27='GA55 Check & Edit'!$AP$6),'GA55 Check & Edit'!$AZ$15,BU12)) -> 38000 | BB12: =IF(AND(AX12<$AZ$16),"",IF(AND(AX12>$AZ$17),"",BA12)) -> 38000 | BC12: =IF(AND('Master Data'!$N$25=""),"",ROUND(53%*BA12,0)) -> 20140 | BD12: =IF(BB12="","",BC12) -> 20140 | BE12: =IFERROR(IF(AND('Master Data'!$N$25=""),"",ROUND('Master Data'!$E$35%*BB12,0)),"") -> 3800 | BF12: ='Master Data'!C48 | BG12: =IFERROR(IF(OR('Master Data'!$I$29='GA55 Check & Edit'!$AP$6),"",IF('Master Data'!$I$31="GPF-2004",IF(BB12<18001,265,IF(BB12<33501,440,IF(BB12<54001,658,875))),IF(AND('Master Data'!$I$31="GPF",'Master Data'!$J$44=""),IF(BB12<18001,265,IF(BB12<33501,440,IF(BB12<54001,658,875))),'Master Data'!$J$44))),"") -> 658 | BH12: =IFERROR(IF(OR('Master Data'!$I$29='GA55 Check & Edit'!$AP$6),"",'Master Data'!$G$44),"") | BI12: =IFERROR(IF(OR('Master Data'!$I$29='GA55 Check & Edit'!$AP$6),"",IF('Master Data'!$I$31="GPF-2004",IF(BB12<23101,1450,IF(BB12<28501,1625,IF(BB12<38501,2100,IF(BB12<51501,2850,IF(BB12<62001,3575,IF(BB12<72001,4200,IF(BB12<80001,4800,IF(BB12<116001,6150,IF(BB12<167001,8900,10500))))))))),'Master Data'!$H$44)),"") -> 2100 | BJ12: =BA12 -> 38000 | BK12: 45717 | BL12: =IFERROR(IF('Master Data'!$N$25="","",IF('Master Data'!$F$41="","",IF(AND($AZ$17>$AZ$9),"",DATE(YEAR(AZ16),MONTH(AZ16),DAY(AZ16))))),"") -> 45717 | BM12: =IFERROR(IF('Master Data'!$N$25="","",IF('Master Data'!$F$41="","",IF(AND($AZ$17>$AZ$9),"",DATE(YEAR(AZ16),MONTH(AZ16),DAY(AZ16))))),"") -> 45717 | BN12: =IF(AND(BM12=""),"",IF(AND(BM12=$BK$12),$BK$12,IF(AND(BM12=$BK$13),$BK$13,IF(AND(BM12=$BK$14),$BK$14,IF(AND(BM12=$BK$15),$BK$15,IF(AND(BM12=$BK$16),$BK$16,IF(AND(BM12=$BK$17),$BK$17,IF(AND(BM12=$BK$18),$BK$18,IF(AND(BM12=$BK$19),$BK$19,IF(AND(BM12=$BK$20),$BK$20,IF(AND(BM12=$BK$21),$BK$21,IF(AND(BM12=$BK$22),$BK$22,IF(AND(BM12=$BK$23),$BK$23,IF(AND(BM12=$BK$24),$BM$24,IF(AND(BM12=$BK$25),$BM$25,IF(AND(BM12=$BK$26),$BM$26,IF(AND(BM12=$BK$27),$BM$27,IF(AND(BM12=$BK$28),$BM$28,IF(AND(BM12=$BK$29),$BM$29,IF(AND(BM12=$BK$30),$BM$30,IF(AND(BM12=$BK$31),$BM$31,IF(AND(BM12=$BK$32),$BM$32,"")))))))))))))))))))))) -> 45717 | BO12: =IFERROR(IF(BM12="","",IF(AND(BL12=$BK$24),$BM$24,IF(AND(BL12=$BK$25),$BM$25,IF(AND(BL12=$BK$26),$BM$26,IF(AND(BL12=$BK$27),$BM$27,IF(AND(BL12=$BK$28),$BM$28,IF(AND(BL12=$BK$29),$BM$29,IF(AND(BL12=$BK$30),$BM$30,IF(AND(BL12=$BK$31),$BM$31,IF(AND(BL12=$BK$32),$BM$32,BN12)))))))))),"") -> 45717 | BQ12: =IFERROR(IF(BM12="","",IF(D8=$AX$25,$AX$25,IF(D8=$AX$30,$AX$30,IF(D8=$AX$31,$AX$31,IF(D8=$AX$32,$AX$32,IF(BM12>$AZ$17,"",BM12)))))),"") -> 45717 | BS12: =OFFSET(D6,MATCH(BO12,$D$8:$D$27,0)+1,MATCH(BO12,D8:N8,0)) -> 47900 | BU12: =IF(AND('Master Data'!$N$25=""),"",IF(AND('Master Data'!$N$27='GA55 Check & Edit'!AX12),'Master Data'!$N$31,'Master Data'!$N$25)) -> 38000 | BX12: =IF(BB12="",0,BF12)
A13: =MOD(B13,2) -> 0 | B13: =IF(LEN(D13)>=3,B12+1,0) -> 6 | C13: =IF(B13=0,"",B13) -> 6 | D13: =IFERROR(IF(BO17="","",BO17),"") -> 45870 | E13: =IFERROR(IF(D13="","",IF(AND(BQ17=""),"",IF(AND('Master Data'!$I$29='GA55 Check & Edit'!$AP$6),VLOOKUP(D13,ram,13,0),VLOOKUP(D13,ram,4,0)))),"") -> 39100 | F13: =IFERROR(IF(D13="","",IF(D13=$AX$24,"",IF(AND(D13=$AX$28),"",IF(AND('Master Data'!$I$29='GA55 Check & Edit'!$AP$5),VLOOKUP(D13,ram,7,0),"")))),"") -> 21505 | G13: =IFERROR(IF(D13="","",IF(D13=$AX$24,"",IF(AND(D13=$AX$25),"",IF(AND(D13=$AX$26),"",IF(AND(D13=$AX$27),"",IF(AND(D13=$AX$28),"",IF(AND(D13=$AX$29),"",IF(AND('Master Data'!$I$29='GA55 Check & Edit'!$AP$6),"",VLOOKUP(D13,ram,8,0))))))))),"") -> 3910 | H13: =IFERROR(IF(D13="","",IF(AND(E13=""),"",IF(OR(D13=$AX$24,D13=$AX$25,D13=$AX$26,D13=$AX$27,D13=$AX$28,D13=$AX$29),"",IF(AND('Master Data'!$I$29='GA55 Check & Edit'!$AP$5),'Master Data'!$B$44,"")))),"") | I13: =IFERROR(IF(D13="","",IF(AND(E13=""),"",IF(OR(D13=$AX$24,D13=$AX$25,D13=$AX$26,D13=$AX$27,D13=$AX$28,D13=$AX$29),"",IF(AND('Master Data'!$I$29='GA55 Check & Edit'!$AP$5,'Master Data'!$E$29='GA55 Check & Edit'!$AO$5),'Master Data'!$E$31,"0")))),"") -> 0 | J13: =IFERROR(IF(OR('Master Data'!$E$33=$AO$6,'Master Data'!$E$33=""),"",IF(D13="","",IF(AND(E13=""),"",IF(OR(D13=$AX$24,D13=$AX$25,D13=$AX$26,D13=$AX$27,D13=$AX$28,D13=$AX$29),"",IF(AND('Master Data'!$I$29='GA55 Check & Edit'!$AP$6),"",IF(AND('Master Data'!$I$33=$AR$9),$AS$6,IF(AND('Master Data'!$I$33=$AR$10),$AS$6,IF(AND('Master Data'!$I$33=$AR$11),$AS$6,IF(AND('Master Data'!$I$33=$AR$12),$AS$6,$AS$5))))))))),"") | K13: =IFERROR(IF(D13="","",IF(AND(E13=""),"",IF(OR(D13=$AX$24,D13=$AX$25,D13=$AX$26,D13=$AX$27,D13=$AX$28,D13=$AX$29),"",IF(AND('Master Data'!$I$29='GA55 Check & Edit'!$AP$5),'Master Data'!$C$44,"")))),"") | L13: =IFERROR(IF(D13="","",IF(AND(E13=""),"",IF(OR(D13=$AX$24,D13=$AX$25,D13=$AX$26,D13=$AX$27,D13=$AX$28,D13=$AX$29),"",IF(AND('Master Data'!$I$29='GA55 Check & Edit'!$AP$6),"",'Master Data'!$D$44)))),"") | M13: =IFERROR(IF(D13="","",IF(AND(E13=""),"",IF(OR(D13=$AX$24,D13=$AX$25,D13=$AX$26,D13=$AX$27,D13=$AX$28,D13=$AX$29),"",IF(AND('Master Data'!$I$29='GA55 Check & Edit'!$AP$6),"",'Master Data'!$E$44)))),"") | N13: =IFERROR(IF(D13="","",IF(AND('Master Data'!$I$29='GA55 Check & Edit'!$AP$6),"",IF(AND('Master Data'!$I$25='GA55 Check & Edit'!$AO$6),"0",IF(AND(D13="Bonus"),VLOOKUP(D13,ram,4,0),"")))),"") -> 0 | O13: =IF(D13="","",IF('Master Data'!$N$25="","",SUM(E13:N13))) -> 64515 | P13: =IFERROR(IF(OR('Master Data'!$I$29='GA55 Check & Edit'!$AP$6,D13=""),"",IF(AND(D13=$AX$24),"",IF(AND(D13=$AX$25),"",IF(AND(D13=$AX$26),"",IF(AND(D13=$AX$27),"",IF(AND(D13=$AX$28),"",IF(AND(D13=$AX$29),"",IF(AND(E13=""),"",VLOOKUP(D13,ram,11,0))))))))),"") | Q13: =IFERROR(IF(AND('Master Data'!$I$29='GA55 Check & Edit'!$AP$6),"",IF(AND(D13=$AX$25),"",IF(AND(D13=$AX$28),"",IF(AND(D13=$AX$29),"",IF(AND(D13=""),"",IF(AND(BB17=""),"",VLOOKUP(D13,ram,12,0))))))),"") -> 2850 | R13: =IFERROR(IF(OR('Master Data'!$I$29='GA55 Check & Edit'!$AP$6,D13=""),"",IF(AND(D13=$AX$24),"",IF(AND(D13=$AX$25),"",IF(AND(D13=$AX$26),"",IF(AND(D13=$AX$27),"",IF(AND(D13=$AX$28),"",IF(AND(D13=$AX$29),"",IF(AND(E13=""),"",'Master Data'!$I$44)))))))),"") | S13: =IFERROR(IF(OR('Master Data'!$I$29='GA55 Check & Edit'!$AP$6),"",IF(D13="","",IF(E13="","",IF(AND(D13=$AX$24),"",IF(AND(D13=$AX$25),"",IF(AND(D13=$AX$26),"",IF(AND(D13=$AX$27),"",IF(AND(D13=$AX$28),"",IF(AND(D13=$AX$29),"",VLOOKUP(D13,ram,10,0)))))))))),"") -> 658 | T13: =IFERROR(IF(OR('Master Data'!$I$29='GA55 Check & Edit'!$AP$6,D13=""),"",IF(AND(D13=$AX$24),"",IF(AND(D13=$AX$25),"",IF(AND(D13=$AX$26),"",IF(AND(D13=$AX$27),"",IF(AND(D13=$AX$28),"",IF(AND(D13=$AX$29),"",IF(AND(E13=""),"",'Master Data'!$K$44)))))))),"") -> 3000 | U13: =IFERROR(IF(OR('Master Data'!$I$29='GA55 Check & Edit'!$AP$6,D13=""),"",IF(AND(D13=$AX$24),"",IF(AND(D13=$AX$25),"",IF(AND(D13=$AX$26),"",IF(AND(D13=$AX$27),"",IF(AND(D13=$AX$28),"",IF(AND(D13=$AX$29),"",IF(AND(E13=""),"",'Master Data'!$L$44)))))))),"") -> 2100 | V13: =IFERROR(IF(OR('Master Data'!$I$29='GA55 Check & Edit'!$AP$6,D13=""),"",IF(AND(D13=$AX$24),"",IF(AND(D13=$AX$25),"",IF(AND(D13=$AX$26),"",IF(AND(D13=$AX$27),"",IF(AND(D13=$AX$28),"",IF(AND(D13=$AX$29),"",IF(AND(E13=""),"",'Master Data'!$M$44)))))))),"") | W13: =IFERROR(IF(OR('Master Data'!$I$29='GA55 Check & Edit'!$AP$6,D13=""),"",IF(AND(D13=$AX$24),"",IF(AND(D13=$AX$25),"",IF(AND(D13=$AX$26),"",IF(AND(D13=$AX$27),"",IF(AND(D13=$AX$28),"",IF(AND(D13=$AX$29),"",IF(AND(E13=""),"",'Master Data'!$N$44)))))))),"") | X13: =IFERROR(IF(OR('Master Data'!$I$29='GA55 Check & Edit'!$AP$6,D13=""),"",IF(AND(E13=""),"",IF(AND('GA55 Check & Edit'!D13='GA55 Check & Edit'!$AT$17,'Master Data'!$D$18="Gazetted"),500,IF(AND('GA55 Check & Edit'!D13='GA55 Check & Edit'!$AT$17,'Master Data'!$D$18="Non-Gazetted"),250,"")))),"") | Y13: =IFERROR(IF(D13="","",IF(AND(E13=""),"",IF(AND(D13=$AX$24),"",IF(AND(D13=$AX$25),"",IF(AND(D13=$AX$26),"",IF(AND(D13=$AX$27),"",IF(AND(D13=$AX$28),"",IF(AND(D13=$AX$29),"",IF(OR('Master Data'!$I$29='GA55 Check & Edit'!$AP$6,D13=""),"",$Y$7))))))))),"") | Z13: =IFERROR(IF(OR('Master Data'!$I$29='GA55 Check & Edit'!$AP$6),"",IF(D13="","",IF(E13="","",VLOOKUP(D13,ram,9,0)))),"") | AA13: =IFERROR(IF(OR('Master Data'!$I$29='GA55 Check & Edit'!$AP$6,D13="",'Master Data'!$N$35=""),"",IF(AND(E13=""),"",IF('GA55 Check & Edit'!D13='GA55 Check & Edit'!$AT$9,'Master Data'!$N$35,""))),"") | AB13: =IFERROR(IF(D13="","",IF(AND(O13=""),"",SUM(P13:AA13))),"0") -> 8608 | AC13: =IFERROR(IF(AND(E13="",O13="",AB13=""),"",SUM(O13-AB13)),"") -> 55907 | AS13: JUN | AT13: 45870 | AU13: L-6 | AW13: APR | AX13: 45748 | AY13: 4 | BA13: =IF(AND('Master Data'!$N$25=""),"",IF(AND('Master Data'!$N$29='GA55 Check & Edit'!$AP$6),'GA55 Check & Edit'!$AZ$15,BU13)) -> 38000 | BB13: =IF(AND(AX13<$AZ$16),"",IF(AND(AX13>$AZ$17),"",BA13)) -> 38000 | BC13: =IF(AND('Master Data'!$N$25=""),"",ROUND(55%*BA13,0)) -> 20900 | BD13: =IF(BB13="","",BC13) -> 20900 | BE13: =IFERROR(IF(AND('Master Data'!$N$25=""),"",ROUND('Master Data'!$E$35%*BB13,0)),"") -> 3800 | BF13: =#REF! -> #REF! | BG13: =IFERROR(IF(OR('Master Data'!$I$29='GA55 Check & Edit'!$AP$6),"",IF('Master Data'!$I$31="GPF-2004",IF(BB13<18001,265,IF(BB13<33501,440,IF(BB13<54001,658,875))),IF(AND('Master Data'!$I$31="GPF",'Master Data'!$J$44=""),IF(BB13<18001,265,IF(BB13<33501,440,IF(BB13<54001,658,875))),'Master Data'!$J$44))),"") -> 658 | BH13: =IFERROR(IF(OR('Master Data'!$I$29='GA55 Check & Edit'!$AP$6),"",'Master Data'!$G$44),"") | BI13: =IFERROR(IF(OR('Master Data'!$I$29='GA55 Check & Edit'!$AP$6),"",IF('Master Data'!$I$31="GPF-2004",IF(BB13<23101,1450,IF(BB13<28501,1625,IF(BB13<38501,2100,IF(BB13<51501,2850,IF(BB13<62001,3575,IF(BB13<72001,4200,IF(BB13<80001,4800,IF(BB13<116001,6150,IF(BB13<167001,8900,10500))))))))),'Master Data'!$H$44)),"") -> 2100 | BJ13: =BA13 -> 38000 | BK13: 45748 | BL13: =IFERROR(IF('Master Data'!$N$25="","",IF('Master Data'!$F$41="","",IF(AND($AZ$17>$AZ$9),"",DATE(YEAR(BL12),MONTH(BL12)+1,DAY(BL12))))),"") -> 45748 | BM13: =IFERROR(IF('Master Data'!$N$25="","",IF('Master Data'!$F$41="","",IF(AND($AZ$17>$AZ$9),"",DATE(YEAR(BM12),MONTH(BM12)+1,DAY(BM12))))),"") -> 45748 | BN13: =IF(AND(BM13=""),"",IF(AND(BM13=$BK$12),$BK$12,IF(AND(BM13=$BK$13),$BK$13,IF(AND(BM13=$BK$14),$BK$14,IF(AND(BM13=$BK$15),$BK$15,IF(AND(BM13=$BK$16),$BK$16,IF(AND(BM13=$BK$17),$BK$17,IF(AND(BM13=$BK$18),$BK$18,IF(AND(BM13=$BK$19),$BK$19,IF(AND(BM13=$BK$20),$BK$20,IF(AND(BM13=$BK$21),$BK$21,IF(AND(BM13=$BK$22),$BK$22,IF(AND(BM13=$BK$23),$BK$23,IF(AND(BM13=$BK$24),$BM$24,IF(AND(BM13=$BK$25),$BM$25,IF(AND(BM13=$BK$26),$BM$26,IF(AND(BM13=$BK$27),$BM$27,IF(AND(BM13=$BK$28),$BM$28,IF(AND(BM13=$BK$29),$BM$29,IF(AND(BM13=$BK$30),$BM$30,IF(AND(BM13=$BK$31),$BM$31,IF(AND(BM13=$BK$32),$BM$32,"")))))))))))))))))))))) -> 45748 | BO13: =IFERROR(IF(BM13="","",IF(AND(BL13=$BK$24),$BM$24,IF(AND(BL13=$BK$25),$BM$25,IF(AND(BL13=$BK$26),$BM$26,IF(AND(BL13=$BK$27),$BM$27,IF(AND(BL13=$BK$28),$BM$28,IF(AND(BL13=$BK$29),$BM$29,IF(AND(BL13=$BK$30),$BM$30,BN13)))))))),"") -> 45748 | BQ13: =IFERROR(IF(BM13="","",IF(D9=$AX$25,$AX$25,IF(D9=$AX$30,$AX$30,IF(D9=$AX$31,$AX$31,IF(D9=$AX$32,$AX$32,IF(BM13>$AZ$17,"",BM13)))))),"") -> 45748 | BS13: =OFFSET(D7,MATCH(BO13,$D$8:$D$27,0)+1,MATCH(BO13,D9:N9,0)) -> 47900 | BU13: =IF(AND('Master Data'!$N$25=""),"",IF(AND('Master Data'!$N$27='GA55 Check & Edit'!AX13),'Master Data'!$N$31,BU12)) -> 38000 | BX13: =IF(BB13="",0,BF13) -> #REF!
A14: =MOD(B14,2) -> 1 | B14: =IF(LEN(D14)>=3,B13+1,0) -> 7 | C14: =IF(B14=0,"",B14) -> 7 | D14: =IFERROR(IF(BO18="","",BO18),"") -> 45901 | E14: =IFERROR(IF(D14="","",IF(AND(BQ18=""),"",IF(AND('Master Data'!$I$29='GA55 Check & Edit'!$AP$6),VLOOKUP(D14,ram,13,0),VLOOKUP(D14,ram,4,0)))),"") -> 39100 | F14: =IFERROR(IF(D14="","",IF(D14=$AX$24,"",IF(AND(D14=$AX$28),"",IF(AND('Master Data'!$I$29='GA55 Check & Edit'!$AP$5),VLOOKUP(D14,ram,7,0),"")))),"") -> 21505 | G14: =IFERROR(IF(D14="","",IF(D14=$AX$24,"",IF(AND(D14=$AX$25),"",IF(AND(D14=$AX$26),"",IF(AND(D14=$AX$27),"",IF(AND(D14=$AX$28),"",IF(AND(D14=$AX$29),"",IF(AND('Master Data'!$I$29='GA55 Check & Edit'!$AP$6),"",VLOOKUP(D14,ram,8,0))))))))),"") -> 3910 | H14: =IFERROR(IF(D14="","",IF(AND(E14=""),"",IF(OR(D14=$AX$24,D14=$AX$25,D14=$AX$26,D14=$AX$27,D14=$AX$28,D14=$AX$29),"",IF(AND('Master Data'!$I$29='GA55 Check & Edit'!$AP$5),'Master Data'!$B$44,"")))),"") | I14: =IFERROR(IF(D14="","",IF(AND(E14=""),"",IF(OR(D14=$AX$24,D14=$AX$25,D14=$AX$26,D14=$AX$27,D14=$AX$28,D14=$AX$29),"",IF(AND('Master Data'!$I$29='GA55 Check & Edit'!$AP$5,'Master Data'!$E$29='GA55 Check & Edit'!$AO$5),'Master Data'!$E$31,"0")))),"") -> 0 | J14: =IFERROR(IF(OR('Master Data'!$E$33=$AO$6,'Master Data'!$E$33=""),"",IF(D14="","",IF(AND(E14=""),"",IF(OR(D14=$AX$24,D14=$AX$25,D14=$AX$26,D14=$AX$27,D14=$AX$28,D14=$AX$29),"",IF(AND('Master Data'!$I$29='GA55 Check & Edit'!$AP$6),"",IF(AND('Master Data'!$I$33=$AR$9),$AS$6,IF(AND('Master Data'!$I$33=$AR$10),$AS$6,IF(AND('Master Data'!$I$33=$AR$11),$AS$6,IF(AND('Master Data'!$I$33=$AR$12),$AS$6,$AS$5))))))))),"") | K14: =IFERROR(IF(D14="","",IF(AND(E14=""),"",IF(OR(D14=$AX$24,D14=$AX$25,D14=$AX$26,D14=$AX$27,D14=$AX$28,D14=$AX$29),"",IF(AND('Master Data'!$I$29='GA55 Check & Edit'!$AP$5),'Master Data'!$C$44,"")))),"") | L14: =IFERROR(IF(D14="","",IF(AND(E14=""),"",IF(OR(D14=$AX$24,D14=$AX$25,D14=$AX$26,D14=$AX$27,D14=$AX$28,D14=$AX$29),"",IF(AND('Master Data'!$I$29='GA55 Check & Edit'!$AP$6),"",'Master Data'!$D$44)))),"") | M14: =IFERROR(IF(D14="","",IF(AND(E14=""),"",IF(OR(D14=$AX$24,D14=$AX$25,D14=$AX$26,D14=$AX$27,D14=$AX$28,D14=$AX$29),"",IF(AND('Master Data'!$I$29='GA55 Check & Edit'!$AP$6),"",'Master Data'!$E$44)))),"") | N14: =IFERROR(IF(D14="","",IF(AND('Master Data'!$I$29='GA55 Check & Edit'!$AP$6),"",IF(AND('Master Data'!$I$25='GA55 Check & Edit'!$AO$6),"0",IF(AND(D14="Bonus"),VLOOKUP(D14,ram,4,0),"")))),"") -> 0 | O14: =IF(D14="","",IF('Master Data'!$N$25="","",SUM(E14:N14))) -> 64515 | P14: =IFERROR(IF(OR('Master Data'!$I$29='GA55 Check & Edit'!$AP$6,D14=""),"",IF(AND(D14=$AX$24),"",IF(AND(D14=$AX$25),"",IF(AND(D14=$AX$26),"",IF(AND(D14=$AX$27),"",IF(AND(D14=$AX$28),"",IF(AND(D14=$AX$29),"",IF(AND(E14=""),"",VLOOKUP(D14,ram,11,0))))))))),"") | Q14: =IFERROR(IF(AND('Master Data'!$I$29='GA55 Check & Edit'!$AP$6),"",IF(AND(D14=$AX$25),"",IF(AND(D14=$AX$28),"",IF(AND(D14=$AX$29),"",IF(AND(D14=""),"",IF(AND(BB18=""),"",VLOOKUP(D14,ram,12,0))))))),"") -> 2850 | R14: =IFERROR(IF(OR('Master Data'!$I$29='GA55 Check & Edit'!$AP$6,D14=""),"",IF(AND(D14=$AX$24),"",IF(AND(D14=$AX$25),"",IF(AND(D14=$AX$26),"",IF(AND(D14=$AX$27),"",IF(AND(D14=$AX$28),"",IF(AND(D14=$AX$29),"",IF(AND(E14=""),"",'Master Data'!$I$44)))))))),"") | S14: =IFERROR(IF(OR('Master Data'!$I$29='GA55 Check & Edit'!$AP$6),"",IF(D14="","",IF(E14="","",IF(AND(D14=$AX$24),"",IF(AND(D14=$AX$25),"",IF(AND(D14=$AX$26),"",IF(AND(D14=$AX$27),"",IF(AND(D14=$AX$28),"",IF(AND(D14=$AX$29),"",VLOOKUP(D14,ram,10,0)))))))))),"") -> 658 | T14: =IFERROR(IF(OR('Master Data'!$I$29='GA55 Check & Edit'!$AP$6,D14=""),"",IF(AND(D14=$AX$24),"",IF(AND(D14=$AX$25),"",IF(AND(D14=$AX$26),"",IF(AND(D14=$AX$27),"",IF(AND(D14=$AX$28),"",IF(AND(D14=$AX$29),"",IF(AND(E14=""),"",'Master Data'!$K$44)))))))),"") -> 3000 | U14: =IFERROR(IF(OR('Master Data'!$I$29='GA55 Check & Edit'!$AP$6,D14=""),"",IF(AND(D14=$AX$24),"",IF(AND(D14=$AX$25),"",IF(AND(D14=$AX$26),"",IF(AND(D14=$AX$27),"",IF(AND(D14=$AX$28),"",IF(AND(D14=$AX$29),"",IF(AND(E14=""),"",'Master Data'!$L$44)))))))),"") -> 2100 | V14: =IFERROR(IF(OR('Master Data'!$I$29='GA55 Check & Edit'!$AP$6,D14=""),"",IF(AND(D14=$AX$24),"",IF(AND(D14=$AX$25),"",IF(AND(D14=$AX$26),"",IF(AND(D14=$AX$27),"",IF(AND(D14=$AX$28),"",IF(AND(D14=$AX$29),"",IF(AND(E14=""),"",'Master Data'!$M$44)))))))),"") | W14: =IFERROR(IF(OR('Master Data'!$I$29='GA55 Check & Edit'!$AP$6,D14=""),"",IF(AND(D14=$AX$24),"",IF(AND(D14=$AX$25),"",IF(AND(D14=$AX$26),"",IF(AND(D14=$AX$27),"",IF(AND(D14=$AX$28),"",IF(AND(D14=$AX$29),"",IF(AND(E14=""),"",'Master Data'!$N$44)))))))),"") | X14: =IFERROR(IF(OR('Master Data'!$I$29='GA55 Check & Edit'!$AP$6,D14=""),"",IF(AND(E14=""),"",IF(AND('GA55 Check & Edit'!D14='GA55 Check & Edit'!$AT$17,'Master Data'!$D$18="Gazetted"),500,IF(AND('GA55 Check & Edit'!D14='GA55 Check & Edit'!$AT$17,'Master Data'!$D$18="Non-Gazetted"),250,"")))),"") | Y14: =IFERROR(IF(D14="","",IF(AND(E14=""),"",IF(AND(D14=$AX$24),"",IF(AND(D14=$AX$25),"",IF(AND(D14=$AX$26),"",IF(AND(D14=$AX$27),"",IF(AND(D14=$AX$28),"",IF(AND(D14=$AX$29),"",IF(OR('Master Data'!$I$29='GA55 Check & Edit'!$AP$6,D14=""),"",$Y$7))))))))),"") | Z14: =IFERROR(IF(OR('Master Data'!$I$29='GA55 Check & Edit'!$AP$6),"",IF(D14="","",IF(E14="","",VLOOKUP(D14,ram,9,0)))),"") | AA14: =IFERROR(IF(OR('Master Data'!$I$29='GA55 Check & Edit'!$AP$6,D14="",'Master Data'!$N$35=""),"",IF(AND(E14=""),"",IF('GA55 Check & Edit'!D14='GA55 Check & Edit'!$AT$9,'Master Data'!$N$35,""))),"") | AB14: =IFERROR(IF(D14="","",IF(AND(O14=""),"",SUM(P14:AA14))),"0") -> 8608 | AC14: =IFERROR(IF(AND(E14="",O14="",AB14=""),"",SUM(O14-AB14)),"") -> 55907 | AS14: JUL | AT14: 45901 | AU14: L-7 | AW14: MAY | AX14: 45778 | AY14: 5 | BA14: =IF(AND('Master Data'!$N$25=""),"",IF(AND('Master Data'!$N$27='GA55 Check & Edit'!$AP$6),'GA55 Check & Edit'!$AZ$15,BU14)) -> 38000 | BB14: =IF(AND(AX14<$AZ$16),"",IF(AND(AX14>$AZ$17),"",BA14)) -> 38000 | BC14: =IF(AND('Master Data'!$N$25=""),"",ROUND(55%*BA14,0)) -> 20900 | BD14: =IF(BB14="","",BC14) -> 20900 | BE14: =IFERROR(IF(AND('Master Data'!$N$25=""),"",ROUND('Master Data'!$E$35%*BB14,0)),"") -> 3800 | BF14: ='Master Data'!D48 | BG14: =IFERROR(IF(OR('Master Data'!$I$29='GA55 Check & Edit'!$AP$6),"",IF('Master Data'!$I$31="GPF-2004",IF(BB14<18001,265,IF(BB14<33501,440,IF(BB14<54001,658,875))),IF(AND('Master Data'!$I$31="GPF",'Master Data'!$J$44=""),IF(BB14<18001,265,IF(BB14<33501,440,IF(BB14<54001,658,875))),'Master Data'!$J$44))),"") -> 658 | BH14: =IFERROR(IF(OR('Master Data'!$I$29='GA55 Check & Edit'!$AP$6),"",'Master Data'!$G$44),"") | BI14: =IFERROR(IF(OR('Master Data'!$I$29='GA55 Check & Edit'!$AP$6),"",IF('Master Data'!$I$31="GPF-2004",IF(BB14<23101,1450,IF(BB14<28501,1625,IF(BB14<38501,2100,IF(BB14<51501,2850,IF(BB14<62001,3575,IF(BB14<72001,4200,IF(BB14<80001,4800,IF(BB14<116001,6150,IF(BB14<167001,8900,10500))))))))),'Master Data'!$H$44)),"") -> 2100 | BJ14: =BA14 -> 38000 | BK14: 45778 | BL14: =IFERROR(IF('Master Data'!$N$25="","",IF('Master Data'!$F$41="","",IF(AND($AZ$17>$AZ$9),"",DATE(YEAR(BL13),MONTH(BL13)+1,DAY(BL13))))),"") -> 45778 | BM14: =IFERROR(IF('Master Data'!$N$25="","",IF('Master Data'!$F$41="","",IF(AND($AZ$17>$AZ$9),"",DATE(YEAR(BM13),MONTH(BM13)+1,DAY(BM13))))),"") -> 45778 | BN14: =IF(AND(BM14=""),"",IF(AND(BM14=$BK$12),$BK$12,IF(AND(BM14=$BK$13),$BK$13,IF(AND(BM14=$BK$14),$BK$14,IF(AND(BM14=$BK$15),$BK$15,IF(AND(BM14=$BK$16),$BK$16,IF(AND(BM14=$BK$17),$BK$17,IF(AND(BM14=$BK$18),$BK$18,IF(AND(BM14=$BK$19),$BK$19,IF(AND(BM14=$BK$20),$BK$20,IF(AND(BM14=$BK$21),$BK$21,IF(AND(BM14=$BK$22),$BK$22,IF(AND(BM14=$BK$23),$BK$23,IF(AND(BM14=$BK$24),$BM$24,IF(AND(BM14=$BK$25),$BM$25,IF(AND(BM14=$BK$26),$BM$26,IF(AND(BM14=$BK$27),$BM$27,IF(AND(BM14=$BK$28),$BM$28,IF(AND(BM14=$BK$29),$BM$29,IF(AND(BM14=$BK$30),$BM$30,IF(AND(BM14=$BK$31),$BM$31,IF(AND(BM14=$BK$32),$BM$32,"")))))))))))))))))))))) -> 45778 | BO14: =IFERROR(IF(BM14="","",IF(AND(BL14=$BK$24),$BM$24,IF(AND(BL14=$BK$25),$BM$25,IF(AND(BL14=$BK$26),$BM$26,IF(AND(BL14=$BK$27),$BM$27,IF(AND(BL14=$BK$28),$BM$28,IF(AND(BL14=$BK$29),$BM$29,IF(AND(BL14=$BK$30),$BM$30,BN14)))))))),"") -> 45778 | BQ14: =IFERROR(IF(BM14="","",IF(D10=$AX$25,$AX$25,IF(D10=$AX$30,$AX$30,IF(D10=$AX$31,$AX$31,IF(D10=$AX$32,$AX$32,IF(BM14>$AZ$17,"",BM14)))))),"") -> 45778 | BS14: =OFFSET(D8,MATCH(BO14,$D$8:$D$27,0)+1,MATCH(BO14,D10:N10,0)) -> 39100 | BU14: =IF(AND('Master Data'!$N$25=""),"",IF(AND('Master Data'!$N$27='GA55 Check & Edit'!AX14),'Master Data'!$N$31,BU13)) -> 38000 | BX14: =IF(BB14="",0,BF14)
A15: =MOD(B15,2) -> 0 | B15: =IF(LEN(D15)>=3,B14+1,0) -> 8 | C15: =IF(B15=0,"",B15) -> 8 | D15: =IFERROR(IF(BO19="","",BO19),"") -> 45931 | E15: =IFERROR(IF(D15="","",IF(AND(BQ19=""),"",IF(AND('Master Data'!$I$29='GA55 Check & Edit'!$AP$6),VLOOKUP(D15,ram,13,0),VLOOKUP(D15,ram,4,0)))),"") -> 39100 | F15: =IFERROR(IF(D15="","",IF(D15=$AX$24,"",IF(AND(D15=$AX$28),"",IF(AND('Master Data'!$I$29='GA55 Check & Edit'!$AP$5),VLOOKUP(D15,ram,7,0),"")))),"") -> 22678 | G15: =IFERROR(IF(D15="","",IF(D15=$AX$24,"",IF(AND(D15=$AX$25),"",IF(AND(D15=$AX$26),"",IF(AND(D15=$AX$27),"",IF(AND(D15=$AX$28),"",IF(AND(D15=$AX$29),"",IF(AND('Master Data'!$I$29='GA55 Check & Edit'!$AP$6),"",VLOOKUP(D15,ram,8,0))))))))),"") -> 3910 | H15: =IFERROR(IF(D15="","",IF(AND(E15=""),"",IF(OR(D15=$AX$24,D15=$AX$25,D15=$AX$26,D15=$AX$27,D15=$AX$28,D15=$AX$29),"",IF(AND('Master Data'!$I$29='GA55 Check & Edit'!$AP$5),'Master Data'!$B$44,"")))),"") | I15: =IFERROR(IF(D15="","",IF(AND(E15=""),"",IF(OR(D15=$AX$24,D15=$AX$25,D15=$AX$26,D15=$AX$27,D15=$AX$28,D15=$AX$29),"",IF(AND('Master Data'!$I$29='GA55 Check & Edit'!$AP$5,'Master Data'!$E$29='GA55 Check & Edit'!$AO$5),'Master Data'!$E$31,"0")))),"") -> 0 | J15: =IFERROR(IF(OR('Master Data'!$E$33=$AO$6,'Master Data'!$E$33=""),"",IF(D15="","",IF(AND(E15=""),"",IF(OR(D15=$AX$24,D15=$AX$25,D15=$AX$26,D15=$AX$27,D15=$AX$28,D15=$AX$29),"",IF(AND('Master Data'!$I$29='GA55 Check & Edit'!$AP$6),"",IF(AND('Master Data'!$I$33=$AR$9),$AS$6,IF(AND('Master Data'!$I$33=$AR$10),$AS$6,IF(AND('Master Data'!$I$33=$AR$11),$AS$6,IF(AND('Master Data'!$I$33=$AR$12),$AS$6,$AS$5))))))))),"") | K15: =IFERROR(IF(D15="","",IF(AND(E15=""),"",IF(OR(D15=$AX$24,D15=$AX$25,D15=$AX$26,D15=$AX$27,D15=$AX$28,D15=$AX$29),"",IF(AND('Master Data'!$I$29='GA55 Check & Edit'!$AP$5),'Master Data'!$C$44,"")))),"") | L15: =IFERROR(IF(D15="","",IF(AND(E15=""),"",IF(OR(D15=$AX$24,D15=$AX$25,D15=$AX$26,D15=$AX$27,D15=$AX$28,D15=$AX$29),"",IF(AND('Master Data'!$I$29='GA55 Check & Edit'!$AP$6),"",'Master Data'!$D$44)))),"") | M15: =IFERROR(IF(D15="","",IF(AND(E15=""),"",IF(OR(D15=$AX$24,D15=$AX$25,D15=$AX$26,D15=$AX$27,D15=$AX$28,D15=$AX$29),"",IF(AND('Master Data'!$I$29='GA55 Check & Edit'!$AP$6),"",'Master Data'!$E$44)))),"") | N15: =IFERROR(IF(D15="","",IF(AND('Master Data'!$I$29='GA55 Check & Edit'!$AP$6),"",IF(AND('Master Data'!$I$25='GA55 Check & Edit'!$AO$6),"0",IF(AND(D15="Bonus"),VLOOKUP(D15,ram,4,0),"")))),"") -> 0 | O15: =IF(D15="","",IF('Master Data'!$N$25="","",SUM(E15:N15))) -> 65688 | P15: =IFERROR(IF(OR('Master Data'!$I$29='GA55 Check & Edit'!$AP$6,D15=""),"",IF(AND(D15=$AX$24),"",IF(AND(D15=$AX$25),"",IF(AND(D15=$AX$26),"",IF(AND(D15=$AX$27),"",IF(AND(D15=$AX$28),"",IF(AND(D15=$AX$29),"",IF(AND(E15=""),"",VLOOKUP(D15,ram,11,0))))))))),"") | Q15: =IFERROR(IF(AND('Master Data'!$I$29='GA55 Check & Edit'!$AP$6),"",IF(AND(D15=$AX$25),"",IF(AND(D15=$AX$28),"",IF(AND(D15=$AX$29),"",IF(AND(D15=""),"",IF(AND(BB19=""),"",VLOOKUP(D15,ram,12,0))))))),"") -> 2850 | R15: =IFERROR(IF(OR('Master Data'!$I$29='GA55 Check & Edit'!$AP$6,D15=""),"",IF(AND(D15=$AX$24),"",IF(AND(D15=$AX$25),"",IF(AND(D15=$AX$26),"",IF(AND(D15=$AX$27),"",IF(AND(D15=$AX$28),"",IF(AND(D15=$AX$29),"",IF(AND(E15=""),"",'Master Data'!$I$44)))))))),"") | S15: =IFERROR(IF(OR('Master Data'!$I$29='GA55 Check & Edit'!$AP$6),"",IF(D15="","",IF(E15="","",IF(AND(D15=$AX$24),"",IF(AND(D15=$AX$25),"",IF(AND(D15=$AX$26),"",IF(AND(D15=$AX$27),"",IF(AND(D15=$AX$28),"",IF(AND(D15=$AX$29),"",VLOOKUP(D15,ram,10,0)))))))))),"") -> 658 | T15: =IFERROR(IF(OR('Master Data'!$I$29='GA55 Check & Edit'!$AP$6,D15=""),"",IF(AND(D15=$AX$24),"",IF(AND(D15=$AX$25),"",IF(AND(D15=$AX$26),"",IF(AND(D15=$AX$27),"",IF(AND(D15=$AX$28),"",IF(AND(D15=$AX$29),"",IF(AND(E15=""),"",'Master Data'!$K$44)))))))),"") -> 3000 | U15: =IFERROR(IF(OR('Master Data'!$I$29='GA55 Check & Edit'!$AP$6,D15=""),"",IF(AND(D15=$AX$24),"",IF(AND(D15=$AX$25),"",IF(AND(D15=$AX$26),"",IF(AND(D15=$AX$27),"",IF(AND(D15=$AX$28),"",IF(AND(D15=$AX$29),"",IF(AND(E15=""),"",'Master Data'!$L$44)))))))),"") -> 2100 | V15: =IFERROR(IF(OR('Master Data'!$I$29='GA55 Check & Edit'!$AP$6,D15=""),"",IF(AND(D15=$AX$24),"",IF(AND(D15=$AX$25),"",IF(AND(D15=$AX$26),"",IF(AND(D15=$AX$27),"",IF(AND(D15=$AX$28),"",IF(AND(D15=$AX$29),"",IF(AND(E15=""),"",'Master Data'!$M$44)))))))),"") | W15: =IFERROR(IF(OR('Master Data'!$I$29='GA55 Check & Edit'!$AP$6,D15=""),"",IF(AND(D15=$AX$24),"",IF(AND(D15=$AX$25),"",IF(AND(D15=$AX$26),"",IF(AND(D15=$AX$27),"",IF(AND(D15=$AX$28),"",IF(AND(D15=$AX$29),"",IF(AND(E15=""),"",'Master Data'!$N$44)))))))),"") | X15: =IFERROR(IF(OR('Master Data'!$I$29='GA55 Check & Edit'!$AP$6,D15=""),"",IF(AND(E15=""),"",IF(AND('GA55 Check & Edit'!D15='GA55 Check & Edit'!$AT$17,'Master Data'!$D$18="Gazetted"),500,IF(AND('GA55 Check & Edit'!D15='GA55 Check & Edit'!$AT$17,'Master Data'!$D$18="Non-Gazetted"),250,"")))),"") | Y15: =IFERROR(IF(D15="","",IF(AND(E15=""),"",IF(AND(D15=$AX$24),"",IF(AND(D15=$AX$25),"",IF(AND(D15=$AX$26),"",IF(AND(D15=$AX$27),"",IF(AND(D15=$AX$28),"",IF(AND(D15=$AX$29),"",IF(OR('Master Data'!$I$29='GA55 Check & Edit'!$AP$6,D15=""),"",$Y$7))))))))),"") | Z15: =IFERROR(IF(OR('Master Data'!$I$29='GA55 Check & Edit'!$AP$6),"",IF(D15="","",IF(E15="","",VLOOKUP(D15,ram,9,0)))),"") | AA15: =IFERROR(IF(OR('Master Data'!$I$29='GA55 Check & Edit'!$AP$6,D15="",'Master Data'!$N$35=""),"",IF(AND(E15=""),"",IF('GA55 Check & Edit'!D15='GA55 Check & Edit'!$AT$9,'Master Data'!$N$35,""))),"") | AB15: =IFERROR(IF(D15="","",IF(AND(O15=""),"",SUM(P15:AA15))),"0") -> 8608 | AC15: =IFERROR(IF(AND(E15="",O15="",AB15=""),"",SUM(O15-AB15)),"") -> 57080 | AS15: AUG | AT15: 45931 | AU15: L-8 | AW15: JUN | AX15: 45809 | AY15: 6 | AZ15: =IF(AND('Master Data'!N25=""),"",'Master Data'!N25) -> 38000 | BA15: =IF(AND('Master Data'!$N$25=""),"",IF(AND('Master Data'!$N$27='GA55 Check & Edit'!$AP$6),'GA55 Check & Edit'!$AZ$15,BU15)) -> 38000 | BB15: =IF(AND(AX15<$AZ$16),"",IF(AND(AX15>$AZ$17),"",BA15)) -> 38000 | BC15: =IF(AND('Master Data'!$N$25=""),"",ROUND(55%*BA15,0)) -> 20900 | BD15: =IF(BB15="","",BC15) -> 20900 | BE15: =IFERROR(IF(AND('Master Data'!$N$25=""),"",ROUND('Master Data'!$E$35%*BB15,0)),"") -> 3800 | BF15: ='Master Data'!E48 | BG15: =IFERROR(IF(OR('Master Data'!$I$29='GA55 Check & Edit'!$AP$6),"",IF('Master Data'!$I$31="GPF-2004",IF(BB15<18001,265,IF(BB15<33501,440,IF(BB15<54001,658,875))),IF(AND('Master Data'!$I$31="GPF",'Master Data'!$J$44=""),IF(BB15<18001,265,IF(BB15<33501,440,IF(BB15<54001,658,875))),'Master Data'!$J$44))),"") -> 658 | BH15: =IFERROR(IF(OR('Master Data'!$I$29='GA55 Check & Edit'!$AP$6),"",'Master Data'!$G$44),"") | BI15: =IFERROR(IF(OR('Master Data'!$I$29='GA55 Check & Edit'!$AP$6),"",IF('Master Data'!$I$31="GPF-2004",IF(BB15<23101,1450,IF(BB15<28501,1625,IF(BB15<38501,2100,IF(BB15<51501,2850,IF(BB15<62001,3575,IF(BB15<72001,4200,IF(BB15<80001,4800,IF(BB15<116001,6150,IF(BB15<167001,8900,10500))))))))),'Master Data'!$H$44)),"") -> 2100 | BJ15: =BA15 -> 38000 | BK15: 45809 | BL15: =IFERROR(IF('Master Data'!$N$25="","",IF('Master Data'!$F$41="","",IF(AND($AZ$17>$AZ$9),"",DATE(YEAR(BL14),MONTH(BL14)+1,DAY(BL14))))),"") -> 45809 | BM15: =IFERROR(IF('Master Data'!$N$25="","",IF('Master Data'!$F$41="","",IF(AND($AZ$17>$AZ$9),"",DATE(YEAR(BM14),MONTH(BM14)+1,DAY(BM14))))),"") -> 45809 | BN15: =IF(AND(BM15=""),"",IF(AND(BM15=$BK$12),$BK$12,IF(AND(BM15=$BK$13),$BK$13,IF(AND(BM15=$BK$14),$BK$14,IF(AND(BM15=$BK$15),$BK$15,IF(AND(BM15=$BK$16),$BK$16,IF(AND(BM15=$BK$17),$BK$17,IF(AND(BM15=$BK$18),$BK$18,IF(AND(BM15=$BK$19),$BK$19,IF(AND(BM15=$BK$20),$BK$20,IF(AND(BM15=$BK$21),$BK$21,IF(AND(BM15=$BK$22),$BK$22,IF(AND(BM15=$BK$23),$BK$23,IF(AND(BM15=$BK$24),$BM$24,IF(AND(BM15=$BK$25),$BM$25,IF(AND(BM15=$BK$26),$BM$26,IF(AND(BM15=$BK$27),$BM$27,IF(AND(BM15=$BK$28),$BM$28,IF(AND(BM15=$BK$29),$BM$29,IF(AND(BM15=$BK$30),$BM$30,IF(AND(BM15=$BK$31),$BM$31,IF(AND(BM15=$BK$32),$BM$32,"")))))))))))))))))))))) -> 45809 | BO15: =IFERROR(IF(BM15="","",IF(AND(BL15=$BK$24),$BM$24,IF(AND(BL15=$BK$25),$BM$25,IF(AND(BL15=$BK$26),$BM$26,IF(AND(BL15=$BK$27),$BM$27,IF(AND(BL15=$BK$28),$BM$28,IF(AND(BL15=$BK$29),$BM$29,IF(AND(BL15=$BK$30),$BM$30,BN15)))))))),"") -> 45809 | BQ15: =IFERROR(IF(BM15="","",IF(D11=$AX$25,$AX$25,IF(D11=$AX$30,$AX$30,IF(D11=$AX$31,$AX$31,IF(D11=$AX$32,$AX$32,IF(BM15>$AZ$17,"",BM15)))))),"") -> 45809 | BS15: =OFFSET(D9,MATCH(BO15,$D$8:$D$27,0)+1,MATCH(BO15,D11:N11,0)) -> 39100 | BU15: =IF(AND('Master Data'!$N$25=""),"",IF(AND('Master Data'!$N$27='GA55 Check & Edit'!AX15),'Master Data'!$N$31,BU14)) -> 38000 | BX15: =IF(BB15="",0,BF15)
A16: =MOD(B16,2) -> 1 | B16: =IF(LEN(D16)>=3,B15+1,0) -> 9 | C16: =IF(B16=0,"",B16) -> 9 | D16: =IFERROR(IF(BO20="","",BO20),"") -> 45962 | E16: =IFERROR(IF(D16="","",IF(AND(BQ20=""),"",IF(AND('Master Data'!$I$29='GA55 Check & Edit'!$AP$6),VLOOKUP(D16,ram,13,0),VLOOKUP(D16,ram,4,0)))),"") -> 39100 | F16: =IFERROR(IF(D16="","",IF(D16=$AX$24,"",IF(AND(D16=$AX$28),"",IF(AND('Master Data'!$I$29='GA55 Check & Edit'!$AP$5),VLOOKUP(D16,ram,7,0),"")))),"") -> 22678 | G16: =IFERROR(IF(D16="","",IF(D16=$AX$24,"",IF(AND(D16=$AX$25),"",IF(AND(D16=$AX$26),"",IF(AND(D16=$AX$27),"",IF(AND(D16=$AX$28),"",IF(AND(D16=$AX$29),"",IF(AND('Master Data'!$I$29='GA55 Check & Edit'!$AP$6),"",VLOOKUP(D16,ram,8,0))))))))),"") -> 3910 | H16: =IFERROR(IF(D16="","",IF(AND(E16=""),"",IF(OR(D16=$AX$24,D16=$AX$25,D16=$AX$26,D16=$AX$27,D16=$AX$28,D16=$AX$29),"",IF(AND('Master Data'!$I$29='GA55 Check & Edit'!$AP$5),'Master Data'!$B$44,"")))),"") | I16: =IFERROR(IF(D16="","",IF(AND(E16=""),"",IF(OR(D16=$AX$24,D16=$AX$25,D16=$AX$26,D16=$AX$27,D16=$AX$28,D16=$AX$29),"",IF(AND('Master Data'!$I$29='GA55 Check & Edit'!$AP$5,'Master Data'!$E$29='GA55 Check & Edit'!$AO$5),'Master Data'!$E$31,"0")))),"") -> 0 | J16: =IFERROR(IF(OR('Master Data'!$E$33=$AO$6,'Master Data'!$E$33=""),"",IF(D16="","",IF(AND(E16=""),"",IF(OR(D16=$AX$24,D16=$AX$25,D16=$AX$26,D16=$AX$27,D16=$AX$28,D16=$AX$29),"",IF(AND('Master Data'!$I$29='GA55 Check & Edit'!$AP$6),"",IF(AND('Master Data'!$I$33=$AR$9),$AS$6,IF(AND('Master Data'!$I$33=$AR$10),$AS$6,IF(AND('Master Data'!$I$33=$AR$11),$AS$6,IF(AND('Master Data'!$I$33=$AR$12),$AS$6,$AS$5))))))))),"") | K16: =IFERROR(IF(D16="","",IF(AND(E16=""),"",IF(OR(D16=$AX$24,D16=$AX$25,D16=$AX$26,D16=$AX$27,D16=$AX$28,D16=$AX$29),"",IF(AND('Master Data'!$I$29='GA55 Check & Edit'!$AP$5),'Master Data'!$C$44,"")))),"") | L16: =IFERROR(IF(D16="","",IF(AND(E16=""),"",IF(OR(D16=$AX$24,D16=$AX$25,D16=$AX$26,D16=$AX$27,D16=$AX$28,D16=$AX$29),"",IF(AND('Master Data'!$I$29='GA55 Check & Edit'!$AP$6),"",'Master Data'!$D$44)))),"") | M16: =IFERROR(IF(D16="","",IF(AND(E16=""),"",IF(OR(D16=$AX$24,D16=$AX$25,D16=$AX$26,D16=$AX$27,D16=$AX$28,D16=$AX$29),"",IF(AND('Master Data'!$I$29='GA55 Check & Edit'!$AP$6),"",'Master Data'!$E$44)))),"") | N16: =IFERROR(IF(D16="","",IF(AND('Master Data'!$I$29='GA55 Check & Edit'!$AP$6),"",IF(AND('Master Data'!$I$25='GA55 Check & Edit'!$AO$6),"0",IF(AND(D16="Bonus"),VLOOKUP(D16,ram,4,0),"")))),"") -> 0 | O16: =IF(D16="","",IF('Master Data'!$N$25="","",SUM(E16:N16))) -> 65688 | P16: =IFERROR(IF(OR('Master Data'!$I$29='GA55 Check & Edit'!$AP$6,D16=""),"",IF(AND(D16=$AX$24),"",IF(AND(D16=$AX$25),"",IF(AND(D16=$AX$26),"",IF(AND(D16=$AX$27),"",IF(AND(D16=$AX$28),"",IF(AND(D16=$AX$29),"",IF(AND(E16=""),"",VLOOKUP(D16,ram,11,0))))))))),"") | Q16: =IFERROR(IF(AND('Master Data'!$I$29='GA55 Check & Edit'!$AP$6),"",IF(AND(D16=$AX$25),"",IF(AND(D16=$AX$28),"",IF(AND(D16=$AX$29),"",IF(AND(D16=""),"",IF(AND(BB20=""),"",VLOOKUP(D16,ram,12,0))))))),"") -> 2850 | R16: =IFERROR(IF(OR('Master Data'!$I$29='GA55 Check & Edit'!$AP$6,D16=""),"",IF(AND(D16=$AX$24),"",IF(AND(D16=$AX$25),"",IF(AND(D16=$AX$26),"",IF(AND(D16=$AX$27),"",IF(AND(D16=$AX$28),"",IF(AND(D16=$AX$29),"",IF(AND(E16=""),"",'Master Data'!$I$44)))))))),"") | S16: =IFERROR(IF(OR('Master Data'!$I$29='GA55 Check & Edit'!$AP$6),"",IF(D16="","",IF(E16="","",IF(AND(D16=$AX$24),"",IF(AND(D16=$AX$25),"",IF(AND(D16=$AX$26),"",IF(AND(D16=$AX$27),"",IF(AND(D16=$AX$28),"",IF(AND(D16=$AX$29),"",VLOOKUP(D16,ram,10,0)))))))))),"") -> 658 | T16: =IFERROR(IF(OR('Master Data'!$I$29='GA55 Check & Edit'!$AP$6,D16=""),"",IF(AND(D16=$AX$24),"",IF(AND(D16=$AX$25),"",IF(AND(D16=$AX$26),"",IF(AND(D16=$AX$27),"",IF(AND(D16=$AX$28),"",IF(AND(D16=$AX$29),"",IF(AND(E16=""),"",'Master Data'!$K$44)))))))),"") -> 3000 | U16: =IFERROR(IF(OR('Master Data'!$I$29='GA55 Check & Edit'!$AP$6,D16=""),"",IF(AND(D16=$AX$24),"",IF(AND(D16=$AX$25),"",IF(AND(D16=$AX$26),"",IF(AND(D16=$AX$27),"",IF(AND(D16=$AX$28),"",IF(AND(D16=$AX$29),"",IF(AND(E16=""),"",'Master Data'!$L$44)))))))),"") -> 2100 | V16: =IFERROR(IF(OR('Master Data'!$I$29='GA55 Check & Edit'!$AP$6,D16=""),"",IF(AND(D16=$AX$24),"",IF(AND(D16=$AX$25),"",IF(AND(D16=$AX$26),"",IF(AND(D16=$AX$27),"",IF(AND(D16=$AX$28),"",IF(AND(D16=$AX$29),"",IF(AND(E16=""),"",'Master Data'!$M$44)))))))),"") | W16: =IFERROR(IF(OR('Master Data'!$I$29='GA55 Check & Edit'!$AP$6,D16=""),"",IF(AND(D16=$AX$24),"",IF(AND(D16=$AX$25),"",IF(AND(D16=$AX$26),"",IF(AND(D16=$AX$27),"",IF(AND(D16=$AX$28),"",IF(AND(D16=$AX$29),"",IF(AND(E16=""),"",'Master Data'!$N$44)))))))),"") | X16: =IFERROR(IF(OR('Master Data'!$I$29='GA55 Check & Edit'!$AP$6,D16=""),"",IF(AND(E16=""),"",IF(AND('GA55 Check & Edit'!D16='GA55 Check & Edit'!$AT$17,'Master Data'!$D$18="Gazetted"),500,IF(AND('GA55 Check & Edit'!D16='GA55 Check & Edit'!$AT$17,'Master Data'!$D$18="Non-Gazetted"),250,"")))),"") | Y16: =IFERROR(IF(D16="","",IF(AND(E16=""),"",IF(AND(D16=$AX$24),"",IF(AND(D16=$AX$25),"",IF(AND(D16=$AX$26),"",IF(AND(D16=$AX$27),"",IF(AND(D16=$AX$28),"",IF(AND(D16=$AX$29),"",IF(OR('Master Data'!$I$29='GA55 Check & Edit'!$AP$6,D16=""),"",$Y$7))))))))),"") | Z16: =IFERROR(IF(OR('Master Data'!$I$29='GA55 Check & Edit'!$AP$6),"",IF(D16="","",IF(E16="","",VLOOKUP(D16,ram,9,0)))),"") -> 0 | AA16: =IFERROR(IF(OR('Master Data'!$I$29='GA55 Check & Edit'!$AP$6,D16="",'Master Data'!$N$35=""),"",IF(AND(E16=""),"",IF('GA55 Check & Edit'!D16='GA55 Check & Edit'!$AT$9,'Master Data'!$N$35,""))),"") | AB16: =IFERROR(IF(D16="","",IF(AND(O16=""),"",SUM(P16:AA16))),"0") -> 8608 | AC16: =IFERROR(IF(AND(E16="",O16="",AB16=""),"",SUM(O16-AB16)),"") -> 57080 | AS16: SEP | AT16: 45962 | AU16: L-9 | AW16: JUL | AX16: 45839 | AY16: 7 | AZ16: =IF(AND('Master Data'!F41=""),"",'Master Data'!F41) -> 45717 | BA16: =IF(AND('Master Data'!$N$25=""),"",IF(AND('Master Data'!$N$27='GA55 Check & Edit'!$AP$6),'GA55 Check & Edit'!$AZ$15,BU16)) -> 39100 | BB16: =IF(AND(AX16<$AZ$16),"",IF(AND(AX16>$AZ$17),"",BA16)) -> 39100 | BC16: =IF(AND('Master Data'!$N$25=""),"",ROUND(55%*BA16,0)) -> 21505 | BD16: =IF(BB16="","",BC16) -> 21505 | BE16: =IFERROR(IF(AND('Master Data'!$N$25=""),"",ROUND('Master Data'!$E$35%*BB16,0)),"") -> 3910 | BF16: ='Master Data'!F48 | BG16: =IFERROR(IF(OR('Master Data'!$I$29='GA55 Check & Edit'!$AP$6),"",IF('Master Data'!$I$31="GPF-2004",IF(BB16<18001,265,IF(BB16<33501,440,IF(BB16<54001,658,875))),IF(AND('Master Data'!$I$31="GPF",'Master Data'!$J$44=""),IF(BB16<18001,265,IF(BB16<33501,440,IF(BB16<54001,658,875))),'Master Data'!$J$44))),"") -> 658 | BH16: =IFERROR(IF(OR('Master Data'!$I$29='GA55 Check & Edit'!$AP$6),"",'Master Data'!$G$44),"") | BI16: =IFERROR(IF(OR('Master Data'!$I$29='GA55 Check & Edit'!$AP$6),"",IF('Master Data'!$I$31="GPF-2004",IF(BB16<23101,1450,IF(BB16<28501,1625,IF(BB16<38501,2100,IF(BB16<51501,2850,IF(BB16<62001,3575,IF(BB16<72001,4200,IF(BB16<80001,4800,IF(BB16<116001,6150,IF(BB16<167001,8900,10500))))))))),'Master Data'!$H$44)),"") -> 2850 | BJ16: =BA16 -> 39100 | BK16: 45839 | BL16: =IFERROR(IF('Master Data'!$N$25="","",IF('Master Data'!$F$41="","",IF(AND($AZ$17>$AZ$9),"",DATE(YEAR(BL15),MONTH(BL15)+1,DAY(BL15))))),"") -> 45839 | BM16: =IFERROR(IF('Master Data'!$N$25="","",IF('Master Data'!$F$41="","",IF(AND($AZ$17>$AZ$9),"",DATE(YEAR(BM15),MONTH(BM15)+1,DAY(BM15))))),"") -> 45839 | BN16: =IF(AND(BM16=""),"",IF(AND(BM16=$BK$12),$BK$12,IF(AND(BM16=$BK$13),$BK$13,IF(AND(BM16=$BK$14),$BK$14,IF(AND(BM16=$BK$15),$BK$15,IF(AND(BM16=$BK$16),$BK$16,IF(AND(BM16=$BK$17),$BK$17,IF(AND(BM16=$BK$18),$BK$18,IF(AND(BM16=$BK$19),$BK$19,IF(AND(BM16=$BK$20),$BK$20,IF(AND(BM16=$BK$21),$BK$21,IF(AND(BM16=$BK$22),$BK$22,IF(AND(BM16=$BK$23),$BK$23,IF(AND(BM16=$BK$24),$BM$24,IF(AND(BM16=$BK$25),$BM$25,IF(AND(BM16=$BK$26),$BM$26,IF(AND(BM16=$BK$27),$BM$27,IF(AND(BM16=$BK$28),$BM$28,IF(AND(BM16=$BK$29),$BM$29,IF(AND(BM16=$BK$30),$BM$30,IF(AND(BM16=$BK$31),$BM$31,IF(AND(BM16=$BK$32),$BM$32,"")))))))))))))))))))))) -> 45839 | BO16: =IFERROR(IF(BM16="","",IF(AND(BL16=$BK$24),$BM$24,IF(AND(BL16=$BK$25),$BM$25,IF(AND(BL16=$BK$26),$BM$26,IF(AND(BL16=$BK$27),$BM$27,IF(AND(BL16=$BK$28),$BM$28,IF(AND(BL16=$BK$29),$BM$29,IF(AND(BL16=$BK$30),$BM$30,BN16)))))))),"") -> 45839 | BQ16: =IFERROR(IF(BM16="","",IF(D12=$AX$25,$AX$25,IF(D12=$AX$30,$AX$30,IF(D12=$AX$31,$AX$31,IF(D12=$AX$32,$AX$32,IF(BM16>$AZ$17,"",BM16)))))),"") -> 45839 | BS16: =OFFSET(D10,MATCH(BO16,$D$8:$D$27,0)+1,MATCH(BO16,D12:N12,0)) -> 39100 | BU16: =IF(AND('Master Data'!$N$25=""),"",IF(AND('Master Data'!$N$27='GA55 Check & Edit'!AX16),'Master Data'!$N$31,MROUND(BU15*1.03,100))) -> 39100 | BX16: =IF(BB16="",0,BF16)
A17: =MOD(B17,2) -> 0 | B17: =IF(LEN(D17)>=3,B16+1,0) -> 10 | C17: =IF(B17=0,"",B17) -> 10 | D17: =IFERROR(IF(BO21="","",BO21),"") -> 45992 | E17: =IFERROR(IF(D17="","",IF(AND(BQ21=""),"",IF(AND('Master Data'!$I$29='GA55 Check & Edit'!$AP$6),VLOOKUP(D17,ram,13,0),VLOOKUP(D17,ram,4,0)))),"") -> 39100 | F17: =IFERROR(IF(D17="","",IF(D17=$AX$24,"",IF(AND(D17=$AX$28),"",IF(AND('Master Data'!$I$29='GA55 Check & Edit'!$AP$5),VLOOKUP(D17,ram,7,0),"")))),"") -> 22678 | G17: =IFERROR(IF(D17="","",IF(D17=$AX$24,"",IF(AND(D17=$AX$25),"",IF(AND(D17=$AX$26),"",IF(AND(D17=$AX$27),"",IF(AND(D17=$AX$28),"",IF(AND(D17=$AX$29),"",IF(AND('Master Data'!$I$29='GA55 Check & Edit'!$AP$6),"",VLOOKUP(D17,ram,8,0))))))))),"") -> 3910 | H17: =IFERROR(IF(D17="","",IF(AND(E17=""),"",IF(OR(D17=$AX$24,D17=$AX$25,D17=$AX$26,D17=$AX$27,D17=$AX$28,D17=$AX$29),"",IF(AND('Master Data'!$I$29='GA55 Check & Edit'!$AP$5),'Master Data'!$B$44,"")))),"") | I17: =IFERROR(IF(D17="","",IF(AND(E17=""),"",IF(OR(D17=$AX$24,D17=$AX$25,D17=$AX$26,D17=$AX$27,D17=$AX$28,D17=$AX$29),"",IF(AND('Master Data'!$I$29='GA55 Check & Edit'!$AP$5,'Master Data'!$E$29='GA55 Check & Edit'!$AO$5),'Master Data'!$E$31,"0")))),"") -> 0 | J17: =IFERROR(IF(OR('Master Data'!$E$33=$AO$6,'Master Data'!$E$33=""),"",IF(D17="","",IF(AND(E17=""),"",IF(OR(D17=$AX$24,D17=$AX$25,D17=$AX$26,D17=$AX$27,D17=$AX$28,D17=$AX$29),"",IF(AND('Master Data'!$I$29='GA55 Check & Edit'!$AP$6),"",IF(AND('Master Data'!$I$33=$AR$9),$AS$6,IF(AND('Master Data'!$I$33=$AR$10),$AS$6,IF(AND('Master Data'!$I$33=$AR$11),$AS$6,IF(AND('Master Data'!$I$33=$AR$12),$AS$6,$AS$5))))))))),"") | K17: =IFERROR(IF(D17="","",IF(AND(E17=""),"",IF(OR(D17=$AX$24,D17=$AX$25,D17=$AX$26,D17=$AX$27,D17=$AX$28,D17=$AX$29),"",IF(AND('Master Data'!$I$29='GA55 Check & Edit'!$AP$5),'Master Data'!$C$44,"")))),"") | L17: =IFERROR(IF(D17="","",IF(AND(E17=""),"",IF(OR(D17=$AX$24,D17=$AX$25,D17=$AX$26,D17=$AX$27,D17=$AX$28,D17=$AX$29),"",IF(AND('Master Data'!$I$29='GA55 Check & Edit'!$AP$6),"",'Master Data'!$D$44)))),"") | M17: =IFERROR(IF(D17="","",IF(AND(E17=""),"",IF(OR(D17=$AX$24,D17=$AX$25,D17=$AX$26,D17=$AX$27,D17=$AX$28,D17=$AX$29),"",IF(AND('Master Data'!$I$29='GA55 Check & Edit'!$AP$6),"",'Master Data'!$E$44)))),"") | N17: =IFERROR(IF(D17="","",IF(AND('Master Data'!$I$29='GA55 Check & Edit'!$AP$6),"",IF(AND('Master Data'!$I$25='GA55 Check & Edit'!$AO$6),"0",IF(AND(D17="Bonus"),VLOOKUP(D17,ram,4,0),"")))),"") -> 0 | O17: =IF(D17="","",IF('Master Data'!$N$25="","",SUM(E17:N17))) -> 65688 | P17: =IFERROR(IF(OR('Master Data'!$I$29='GA55 Check & Edit'!$AP$6,D17=""),"",IF(AND(D17=$AX$24),"",IF(AND(D17=$AX$25),"",IF(AND(D17=$AX$26),"",IF(AND(D17=$AX$27),"",IF(AND(D17=$AX$28),"",IF(AND(D17=$AX$29),"",IF(AND(E17=""),"",VLOOKUP(D17,ram,11,0))))))))),"") | Q17: =IFERROR(IF(AND('Master Data'!$I$29='GA55 Check & Edit'!$AP$6),"",IF(AND(D17=$AX$25),"",IF(AND(D17=$AX$28),"",IF(AND(D17=$AX$29),"",IF(AND(D17=""),"",IF(AND(BB21=""),"",VLOOKUP(D17,ram,12,0))))))),"") -> 2850 | R17: =IFERROR(IF(OR('Master Data'!$I$29='GA55 Check & Edit'!$AP$6,D17=""),"",IF(AND(D17=$AX$24),"",IF(AND(D17=$AX$25),"",IF(AND(D17=$AX$26),"",IF(AND(D17=$AX$27),"",IF(AND(D17=$AX$28),"",IF(AND(D17=$AX$29),"",IF(AND(E17=""),"",'Master Data'!$I$44)))))))),"") | S17: =IFERROR(IF(OR('Master Data'!$I$29='GA55 Check & Edit'!$AP$6),"",IF(D17="","",IF(E17="","",IF(AND(D17=$AX$24),"",IF(AND(D17=$AX$25),"",IF(AND(D17=$AX$26),"",IF(AND(D17=$AX$27),"",IF(AND(D17=$AX$28),"",IF(AND(D17=$AX$29),"",VLOOKUP(D17,ram,10,0)))))))))),"") -> 658 | T17: =IFERROR(IF(OR('Master Data'!$I$29='GA55 Check & Edit'!$AP$6,D17=""),"",IF(AND(D17=$AX$24),"",IF(AND(D17=$AX$25),"",IF(AND(D17=$AX$26),"",IF(AND(D17=$AX$27),"",IF(AND(D17=$AX$28),"",IF(AND(D17=$AX$29),"",IF(AND(E17=""),"",'Master Data'!$K$44)))))))),"") -> 3000 | U17: =IFERROR(IF(OR('Master Data'!$I$29='GA55 Check & Edit'!$AP$6,D17=""),"",IF(AND(D17=$AX$24),"",IF(AND(D17=$AX$25),"",IF(AND(D17=$AX$26),"",IF(AND(D17=$AX$27),"",IF(AND(D17=$AX$28),"",IF(AND(D17=$AX$29),"",IF(AND(E17=""),"",'Master Data'!$L$44)))))))),"") -> 2100 | V17: =IFERROR(IF(OR('Master Data'!$I$29='GA55 Check & Edit'!$AP$6,D17=""),"",IF(AND(D17=$AX$24),"",IF(AND(D17=$AX$25),"",IF(AND(D17=$AX$26),"",IF(AND(D17=$AX$27),"",IF(AND(D17=$AX$28),"",IF(AND(D17=$AX$29),"",IF(AND(E17=""),"",'Master Data'!$M$44)))))))),"") | W17: =IFERROR(IF(OR('Master Data'!$I$29='GA55 Check & Edit'!$AP$6,D17=""),"",IF(AND(D17=$AX$24),"",IF(AND(D17=$AX$25),"",IF(AND(D17=$AX$26),"",IF(AND(D17=$AX$27),"",IF(AND(D17=$AX$28),"",IF(AND(D17=$AX$29),"",IF(AND(E17=""),"",'Master Data'!$N$44)))))))),"") | X17: =IFERROR(IF(OR('Master Data'!$I$29='GA55 Check & Edit'!$AP$6,D17=""),"",IF(AND(E17=""),"",IF(AND('GA55 Check & Edit'!D17='GA55 Check & Edit'!$AT$17,'Master Data'!$D$18="Gazetted"),500,IF(AND('GA55 Check & Edit'!D17='GA55 Check & Edit'!$AT$17,'Master Data'!$D$18="Non-Gazetted"),250,"")))),"") -> 250 | Y17: =IFERROR(IF(D17="","",IF(AND(E17=""),"",IF(AND(D17=$AX$24),"",IF(AND(D17=$AX$25),"",IF(AND(D17=$AX$26),"",IF(AND(D17=$AX$27),"",IF(AND(D17=$AX$28),"",IF(AND(D17=$AX$29),"",IF(OR('Master Data'!$I$29='GA55 Check & Edit'!$AP$6,D17=""),"",$Y$7))))))))),"") | Z17: =IFERROR(IF(OR('Master Data'!$I$29='GA55 Check & Edit'!$AP$6),"",IF(D17="","",IF(E17="","",VLOOKUP(D17,ram,9,0)))),"") -> 0 | AA17: =IFERROR(IF(OR('Master Data'!$I$29='GA55 Check & Edit'!$AP$6,D17="",'Master Data'!$N$35=""),"",IF(AND(E17=""),"",IF('GA55 Check & Edit'!D17='GA55 Check & Edit'!$AT$9,'Master Data'!$N$35,""))),"") | AB17: =IFERROR(IF(D17="","",IF(AND(O17=""),"",SUM(P17:AA17))),"0") -> 8858 | AC17: =IFERROR(IF(AND(E17="",O17="",AB17=""),"",SUM(O17-AB17)),"") -> 56830 | AS17: OCT | AT17: 45992 | AU17: L-10 | AW17: AUG | AX17: 45870 | AY17: 8 | AZ17: =IF(AND('Master Data'!H41=""),"",'Master Data'!H41) -> 46054 | BA17: =IF(AND('Master Data'!$N$25=""),"",IF(AND('Master Data'!$N$27='GA55 Check & Edit'!$AP$6),'GA55 Check & Edit'!$AZ$15,BU17)) -> 39100 | BB17: =IF(AND(AX17<$AZ$16),"",IF(AND(AX17>$AZ$17),"",BA17)) -> 39100 | BC17: =IF(AND('Master Data'!$N$25=""),"",ROUND(55%*BA17,0)) -> 21505 | BD17: =IF(BB17="","",BC17) -> 21505 | BE17: =IFERROR(IF(AND('Master Data'!$N$25=""),"",ROUND('Master Data'!$E$35%*BB17,0)),"") -> 3910 | BF17: ='Master Data'!G48 | BG17: =IFERROR(IF(OR('Master Data'!$I$29='GA55 Check & Edit'!$AP$6),"",IF('Master Data'!$I$31="GPF-2004",IF(BB17<18001,265,IF(BB17<33501,440,IF(BB17<54001,658,875))),IF(AND('Master Data'!$I$31="GPF",'Master Data'!$J$44=""),IF(BB17<18001,265,IF(BB17<33501,440,IF(BB17<54001,658,875))),'Master Data'!$J$44))),"") -> 658 | BH17: =IFERROR(IF(OR('Master Data'!$I$29='GA55 Check & Edit'!$AP$6),"",'Master Data'!$G$44),"") | BI17: =IFERROR(IF(OR('Master Data'!$I$29='GA55 Check & Edit'!$AP$6),"",IF('Master Data'!$I$31="GPF-2004",IF(BB17<23101,1450,IF(BB17<28501,1625,IF(BB17<38501,2100,IF(BB17<51501,2850,IF(BB17<62001,3575,IF(BB17<72001,4200,IF(BB17<80001,4800,IF(BB17<116001,6150,IF(BB17<167001,8900,10500))))))))),'Master Data'!$H$44)),"") -> 2850 | BJ17: =BJ16 -> 39100 | BK17: 45870 | BL17: =IFERROR(IF('Master Data'!$N$25="","",IF('Master Data'!$F$41="","",IF(AND($AZ$17>$AZ$9),"",DATE(YEAR(BL16),MONTH(BL16)+1,DAY(BL16))))),"") -> 45870 | BM17: =IFERROR(IF('Master Data'!$N$25="","",IF('Master Data'!$F$41="","",IF(AND($AZ$17>$AZ$9),"",DATE(YEAR(BM16),MONTH(BM16)+1,DAY(BM16))))),"") -> 45870 | BN17: =IF(AND(BM17=""),"",IF(AND(BM17=$BK$12),$BK$12,IF(AND(BM17=$BK$13),$BK$13,IF(AND(BM17=$BK$14),$BK$14,IF(AND(BM17=$BK$15),$BK$15,IF(AND(BM17=$BK$16),$BK$16,IF(AND(BM17=$BK$17),$BK$17,IF(AND(BM17=$BK$18),$BK$18,IF(AND(BM17=$BK$19),$BK$19,IF(AND(BM17=$BK$20),$BK$20,IF(AND(BM17=$BK$21),$BK$21,IF(AND(BM17=$BK$22),$BK$22,IF(AND(BM17=$BK$23),$BK$23,IF(AND(BM17=$BK$24),$BM$24,IF(AND(BM17=$BK$25),$BM$25,IF(AND(BM17=$BK$26),$BM$26,IF(AND(BM17=$BK$27),$BM$27,IF(AND(BM17=$BK$28),$BM$28,IF(AND(BM17=$BK$29),$BM$29,IF(AND(BM17=$BK$30),$BM$30,IF(AND(BM17=$BK$31),$BM$31,IF(AND(BM17=$BK$32),$BM$32,"")))))))))))))))))))))) -> 45870 | BO17: =IFERROR(IF(BM17="","",IF(AND(BL17=$BK$24),$BM$24,IF(AND(BL17=$BK$25),$BM$25,IF(AND(BL17=$BK$26),$BM$26,IF(AND(BL17=$BK$27),$BM$27,IF(AND(BL17=$BK$28),$BM$28,IF(AND(BL17=$BK$29),$BM$29,IF(AND(BL17=$BK$30),$BM$30,BN17)))))))),"") -> 45870 | BQ17: =IFERROR(IF(BM17="","",IF(D13=$AX$25,$AX$25,IF(D13=$AX$30,$AX$30,IF(D13=$AX$31,$AX$31,IF(D13=$AX$32,$AX$32,IF(BM17>$AZ$17,"",BM17)))))),"") -> 45870 | BS17: =OFFSET(D11,MATCH(BO17,$D$8:$D$27,0)+1,MATCH(BO17,D13:N13,0)) -> 39100 | BU17: =IF(AND('Master Data'!$N$25=""),"",IF(AND('Master Data'!$N$27='GA55 Check & Edit'!AX17),'Master Data'!$N$31,BU16)) -> 39100 | BX17: =IF(BB17="",0,BF17)
A18: =MOD(B18,2) -> 1 | B18: =IF(LEN(D18)>=3,B17+1,0) -> 11 | C18: =IF(B18=0,"",B18) -> 11 | D18: =IFERROR(IF(BO22="","",BO22),"") -> 46023 | E18: =IFERROR(IF(D18="","",IF(AND(BQ22=""),"",IF(AND('Master Data'!$I$29='GA55 Check & Edit'!$AP$6),VLOOKUP(D18,ram,13,0),VLOOKUP(D18,ram,4,0)))),"") -> 39100 | F18: =IFERROR(IF(D18="","",IF(D18=$AX$24,"",IF(AND(D18=$AX$28),"",IF(AND('Master Data'!$I$29='GA55 Check & Edit'!$AP$5),VLOOKUP(D18,ram,7,0),"")))),"") -> 22678 | G18: =IFERROR(IF(D18="","",IF(D18=$AX$24,"",IF(AND(D18=$AX$25),"",IF(AND(D18=$AX$26),"",IF(AND(D18=$AX$27),"",IF(AND(D18=$AX$28),"",IF(AND(D18=$AX$29),"",IF(AND('Master Data'!$I$29='GA55 Check & Edit'!$AP$6),"",VLOOKUP(D18,ram,8,0))))))))),"") -> 3910 | H18: =IFERROR(IF(D18="","",IF(AND(E18=""),"",IF(OR(D18=$AX$24,D18=$AX$25,D18=$AX$26,D18=$AX$27,D18=$AX$28,D18=$AX$29),"",IF(AND('Master Data'!$I$29='GA55 Check & Edit'!$AP$5),'Master Data'!$B$44,"")))),"") | I18: =IFERROR(IF(D18="","",IF(AND(E18=""),"",IF(OR(D18=$AX$24,D18=$AX$25,D18=$AX$26,D18=$AX$27,D18=$AX$28,D18=$AX$29),"",IF(AND('Master Data'!$I$29='GA55 Check & Edit'!$AP$5,'Master Data'!$E$29='GA55 Check & Edit'!$AO$5),'Master Data'!$E$31,"0")))),"") -> 0 | J18: =IFERROR(IF(OR('Master Data'!$E$33=$AO$6,'Master Data'!$E$33=""),"",IF(D18="","",IF(AND(E18=""),"",IF(OR(D18=$AX$24,D18=$AX$25,D18=$AX$26,D18=$AX$27,D18=$AX$28,D18=$AX$29),"",IF(AND('Master Data'!$I$29='GA55 Check & Edit'!$AP$6),"",IF(AND('Master Data'!$I$33=$AR$9),$AS$6,IF(AND('Master Data'!$I$33=$AR$10),$AS$6,IF(AND('Master Data'!$I$33=$AR$11),$AS$6,IF(AND('Master Data'!$I$33=$AR$12),$AS$6,$AS$5))))))))),"") | K18: =IFERROR(IF(D18="","",IF(AND(E18=""),"",IF(OR(D18=$AX$24,D18=$AX$25,D18=$AX$26,D18=$AX$27,D18=$AX$28,D18=$AX$29),"",IF(AND('Master Data'!$I$29='GA55 Check & Edit'!$AP$5),'Master Data'!$C$44,"")))),"") | L18: =IFERROR(IF(D18="","",IF(AND(E18=""),"",IF(OR(D18=$AX$24,D18=$AX$25,D18=$AX$26,D18=$AX$27,D18=$AX$28,D18=$AX$29),"",IF(AND('Master Data'!$I$29='GA55 Check & Edit'!$AP$6),"",'Master Data'!$D$44)))),"") | M18: =IFERROR(IF(D18="","",IF(AND(E18=""),"",IF(OR(D18=$AX$24,D18=$AX$25,D18=$AX$26,D18=$AX$27,D18=$AX$28,D18=$AX$29),"",IF(AND('Master Data'!$I$29='GA55 Check & Edit'!$AP$6),"",'Master Data'!$E$44)))),"") | N18: =IFERROR(IF(D18="","",IF(AND('Master Data'!$I$29='GA55 Check & Edit'!$AP$6),"",IF(AND('Master Data'!$I$25='GA55 Check & Edit'!$AO$6),"0",IF(AND(D18="Bonus"),VLOOKUP(D18,ram,4,0),"")))),"") -> 0 | O18: =IF(D18="","",IF('Master Data'!$N$25="","",SUM(E18:N18))) -> 65688 | P18: =IFERROR(IF(OR('Master Data'!$I$29='GA55 Check & Edit'!$AP$6,D18=""),"",IF(AND(D18=$AX$24),"",IF(AND(D18=$AX$25),"",IF(AND(D18=$AX$26),"",IF(AND(D18=$AX$27),"",IF(AND(D18=$AX$28),"",IF(AND(D18=$AX$29),"",IF(AND(E18=""),"",VLOOKUP(D18,ram,11,0))))))))),"") | Q18: =IFERROR(IF(AND('Master Data'!$I$29='GA55 Check & Edit'!$AP$6),"",IF(AND(D18=$AX$25),"",IF(AND(D18=$AX$28),"",IF(AND(D18=$AX$29),"",IF(AND(D18=""),"",IF(AND(BB22=""),"",VLOOKUP(D18,ram,12,0))))))),"") -> 2850 | R18: =IFERROR(IF(OR('Master Data'!$I$29='GA55 Check & Edit'!$AP$6,D18=""),"",IF(AND(D18=$AX$24),"",IF(AND(D18=$AX$25),"",IF(AND(D18=$AX$26),"",IF(AND(D18=$AX$27),"",IF(AND(D18=$AX$28),"",IF(AND(D18=$AX$29),"",IF(AND(E18=""),"",'Master Data'!$I$44)))))))),"") | S18: =IFERROR(IF(OR('Master Data'!$I$29='GA55 Check & Edit'!$AP$6),"",IF(D18="","",IF(E18="","",IF(AND(D18=$AX$24),"",IF(AND(D18=$AX$25),"",IF(AND(D18=$AX$26),"",IF(AND(D18=$AX$27),"",IF(AND(D18=$AX$28),"",IF(AND(D18=$AX$29),"",VLOOKUP(D18,ram,10,0)))))))))),"") -> 658 | T18: =IFERROR(IF(OR('Master Data'!$I$29='GA55 Check & Edit'!$AP$6,D18=""),"",IF(AND(D18=$AX$24),"",IF(AND(D18=$AX$25),"",IF(AND(D18=$AX$26),"",IF(AND(D18=$AX$27),"",IF(AND(D18=$AX$28),"",IF(AND(D18=$AX$29),"",IF(AND(E18=""),"",'Master Data'!$K$44)))))))),"") -> 3000 | U18: =IFERROR(IF(OR('Master Data'!$I$29='GA55 Check & Edit'!$AP$6,D18=""),"",IF(AND(D18=$AX$24),"",IF(AND(D18=$AX$25),"",IF(AND(D18=$AX$26),"",IF(AND(D18=$AX$27),"",IF(AND(D18=$AX$28),"",IF(AND(D18=$AX$29),"",IF(AND(E18=""),"",'Master Data'!$L$44)))))))),"") -> 2100 | V18: =IFERROR(IF(OR('Master Data'!$I$29='GA55 Check & Edit'!$AP$6,D18=""),"",IF(AND(D18=$AX$24),"",IF(AND(D18=$AX$25),"",IF(AND(D18=$AX$26),"",IF(AND(D18=$AX$27),"",IF(AND(D18=$AX$28),"",IF(AND(D18=$AX$29),"",IF(AND(E18=""),"",'Master Data'!$M$44)))))))),"") | W18: =IFERROR(IF(OR('Master Data'!$I$29='GA55 Check & Edit'!$AP$6,D18=""),"",IF(AND(D18=$AX$24),"",IF(AND(D18=$AX$25),"",IF(AND(D18=$AX$26),"",IF(AND(D18=$AX$27),"",IF(AND(D18=$AX$28),"",IF(AND(D18=$AX$29),"",IF(AND(E18=""),"",'Master Data'!$N$44)))))))),"") | X18: =IFERROR(IF(OR('Master Data'!$I$29='GA55 Check & Edit'!$AP$6,D18=""),"",IF(AND(E18=""),"",IF(AND('GA55 Check & Edit'!D18='GA55 Check & Edit'!$AT$17,'Master Data'!$D$18="Gazetted"),500,IF(AND('GA55 Check & Edit'!D18='GA55 Check & Edit'!$AT$17,'Master Data'!$D$18="Non-Gazetted"),250,"")))),"") | Y18: =IFERROR(IF(D18="","",IF(AND(E18=""),"",IF(AND(D18=$AX$24),"",IF(AND(D18=$AX$25),"",IF(AND(D18=$AX$26),"",IF(AND(D18=$AX$27),"",IF(AND(D18=$AX$28),"",IF(AND(D18=$AX$29),"",IF(OR('Master Data'!$I$29='GA55 Check & Edit'!$AP$6,D18=""),"",$Y$7))))))))),"") | Z18: =IFERROR(IF(OR('Master Data'!$I$29='GA55 Check & Edit'!$AP$6),"",IF(D18="","",IF(E18="","",VLOOKUP(D18,ram,9,0)))),"") -> 0 | AA18: =IFERROR(IF(OR('Master Data'!$I$29='GA55 Check & Edit'!$AP$6,D18="",'Master Data'!$N$35=""),"",IF(AND(E18=""),"",IF('GA55 Check & Edit'!D18='GA55 Check & Edit'!$AT$9,'Master Data'!$N$35,""))),"") | AB18: =IFERROR(IF(D18="","",IF(AND(O18=""),"",SUM(P18:AA18))),"0") -> 8608 | AC18: =IFERROR(IF(AND(E18="",O18="",AB18=""),"",SUM(O18-AB18)),"") -> 57080 | AS18: NOV | AT18: 46023 | AU18: L-11 | AW18: SEP | AX18: 45901 | AY18: 9 | AZ18: =IF(OR('Master Data'!N27="",'Master Data'!N31=""),MROUND(AZ15*1.03,100),IF('Master Data'!N27<'GA55 Check & Edit'!AX16,MROUND('Master Data'!N31*1.03,100),MROUND(AZ15*1.03,100))) -> 39100 | BA18: =IF(AND('Master Data'!$N$25=""),"",IF(AND('Master Data'!$N$27='GA55 Check & Edit'!$AP$6),'GA55 Check & Edit'!$AZ$15,BU18)) -> 39100 | BB18: =IF(AND(AX18<$AZ$16),"",IF(AND(AX18>$AZ$17),"",BA18)) -> 39100 | BC18: =IF(AND('Master Data'!$N$25=""),"",ROUND(55%*BA18,0)) -> 21505 | BD18: =IF(BB18="","",BC18) -> 21505 | BE18: =IFERROR(IF(AND('Master Data'!$N$25=""),"",ROUND('Master Data'!$E$35%*BB18,0)),"") -> 3910 | BF18: ='Master Data'!H48 | BG18: =IFERROR(IF(OR('Master Data'!$I$29='GA55 Check & Edit'!$AP$6),"",IF('Master Data'!$I$31="GPF-2004",IF(BB18<18001,265,IF(BB18<33501,440,IF(BB18<54001,658,875))),IF(AND('Master Data'!$I$31="GPF",'Master Data'!$J$44=""),IF(BB18<18001,265,IF(BB18<33501,440,IF(BB18<54001,658,875))),'Master Data'!$J$44))),"") -> 658 | BH18: =IFERROR(IF(OR('Master Data'!$I$29='GA55 Check & Edit'!$AP$6),"",'Master Data'!$G$44),"") | BI18: =IFERROR(IF(OR('Master Data'!$I$29='GA55 Check & Edit'!$AP$6),"",IF('Master Data'!$I$31="GPF-2004",IF(BB18<23101,1450,IF(BB18<28501,1625,IF(BB18<38501,2100,IF(BB18<51501,2850,IF(BB18<62001,3575,IF(BB18<72001,4200,IF(BB18<80001,4800,IF(BB18<116001,6150,IF(BB18<167001,8900,10500))))))))),'Master Data'!$H$44)),"") -> 2850 | BJ18: =BJ17 -> 39100 | BK18: 45901 | BL18: =IFERROR(IF('Master Data'!$N$25="","",IF('Master Data'!$F$41="","",IF(AND($AZ$17>$AZ$9),"",DATE(YEAR(BL17),MONTH(BL17)+1,DAY(BL17))))),"") -> 45901 | BM18: =IFERROR(IF('Master Data'!$N$25="","",IF('Master Data'!$F$41="","",IF(AND($AZ$17>$AZ$9),"",DATE(YEAR(BM17),MONTH(BM17)+1,DAY(BM17))))),"") -> 45901 | BN18: =IF(AND(BM18=""),"",IF(AND(BM18=$BK$12),$BK$12,IF(AND(BM18=$BK$13),$BK$13,IF(AND(BM18=$BK$14),$BK$14,IF(AND(BM18=$BK$15),$BK$15,IF(AND(BM18=$BK$16),$BK$16,IF(AND(BM18=$BK$17),$BK$17,IF(AND(BM18=$BK$18),$BK$18,IF(AND(BM18=$BK$19),$BK$19,IF(AND(BM18=$BK$20),$BK$20,IF(AND(BM18=$BK$21),$BK$21,IF(AND(BM18=$BK$22),$BK$22,IF(AND(BM18=$BK$23),$BK$23,IF(AND(BM18=$BK$24),$BM$24,IF(AND(BM18=$BK$25),$BM$25,IF(AND(BM18=$BK$26),$BM$26,IF(AND(BM18=$BK$27),$BM$27,IF(AND(BM18=$BK$28),$BM$28,IF(AND(BM18=$BK$29),$BM$29,IF(AND(BM18=$BK$30),$BM$30,IF(AND(BM18=$BK$31),$BM$31,IF(AND(BM18=$BK$32),$BM$32,"")))))))))))))))))))))) -> 45901 | BO18: =IFERROR(IF(BM18="","",IF(AND(BL18=$BK$24),$BM$24,IF(AND(BL18=$BK$25),$BM$25,IF(AND(BL18=$BK$26),$BM$26,IF(AND(BL18=$BK$27),$BM$27,IF(AND(BL18=$BK$28),$BM$28,IF(AND(BL18=$BK$29),$BM$29,IF(AND(BL18=$BK$30),$BM$30,BN18)))))))),"") -> 45901 | BQ18: =IFERROR(IF(BM18="","",IF(D14=$AX$25,$AX$25,IF(D14=$AX$30,$AX$30,IF(D14=$AX$31,$AX$31,IF(D14=$AX$32,$AX$32,IF(BM18>$AZ$17,"",BM18)))))),"") -> 45901 | BS18: =OFFSET(D12,MATCH(BO18,$D$8:$D$27,0)+1,MATCH(BO18,D14:N14,0)) | BU18: =IF(AND('Master Data'!$N$25=""),"",IF(AND('Master Data'!$N$27='GA55 Check & Edit'!AX18),'Master Data'!$N$31,BU17)) -> 39100 | BX18: =IF(BB18="",0,BF18)
A19: =MOD(B19,2) -> 0 | B19: =IF(LEN(D19)>=3,B18+1,0) -> 12 | C19: =IF(B19=0,"",B19) -> 12 | D19: =IFERROR(IF(BO23="","",BO23),"") -> 46054 | E19: =IFERROR(IF(D19="","",IF(AND(BQ23=""),"",IF(AND('Master Data'!$I$29='GA55 Check & Edit'!$AP$6),VLOOKUP(D19,ram,13,0),VLOOKUP(D19,ram,4,0)))),"") -> 39100 | F19: =IFERROR(IF(D19="","",IF(D19=$AX$24,"",IF(AND(D19=$AX$28),"",IF(AND('Master Data'!$I$29='GA55 Check & Edit'!$AP$5),VLOOKUP(D19,ram,7,0),"")))),"") -> 22678 | G19: =IFERROR(IF(D19="","",IF(D19=$AX$24,"",IF(AND(D19=$AX$25),"",IF(AND(D19=$AX$26),"",IF(AND(D19=$AX$27),"",IF(AND(D19=$AX$28),"",IF(AND(D19=$AX$29),"",IF(AND('Master Data'!$I$29='GA55 Check & Edit'!$AP$6),"",VLOOKUP(D19,ram,8,0))))))))),"") -> 3910 | H19: =IFERROR(IF(D19="","",IF(AND(E19=""),"",IF(OR(D19=$AX$24,D19=$AX$25,D19=$AX$26,D19=$AX$27,D19=$AX$28,D19=$AX$29),"",IF(AND('Master Data'!$I$29='GA55 Check & Edit'!$AP$5),'Master Data'!$B$44,"")))),"") | I19: =IFERROR(IF(D19="","",IF(AND(E19=""),"",IF(OR(D19=$AX$24,D19=$AX$25,D19=$AX$26,D19=$AX$27,D19=$AX$28,D19=$AX$29),"",IF(AND('Master Data'!$I$29='GA55 Check & Edit'!$AP$5,'Master Data'!$E$29='GA55 Check & Edit'!$AO$5),'Master Data'!$E$31,"0")))),"") -> 0 | J19: =IFERROR(IF(OR('Master Data'!$E$33=$AO$6,'Master Data'!$E$33=""),"",IF(D19="","",IF(AND(E19=""),"",IF(OR(D19=$AX$24,D19=$AX$25,D19=$AX$26,D19=$AX$27,D19=$AX$28,D19=$AX$29),"",IF(AND('Master Data'!$I$29='GA55 Check & Edit'!$AP$6),"",IF(AND('Master Data'!$I$33=$AR$9),$AS$6,IF(AND('Master Data'!$I$33=$AR$10),$AS$6,IF(AND('Master Data'!$I$33=$AR$11),$AS$6,IF(AND('Master Data'!$I$33=$AR$12),$AS$6,$AS$5))))))))),"") | K19: =IFERROR(IF(D19="","",IF(AND(E19=""),"",IF(OR(D19=$AX$24,D19=$AX$25,D19=$AX$26,D19=$AX$27,D19=$AX$28,D19=$AX$29),"",IF(AND('Master Data'!$I$29='GA55 Check & Edit'!$AP$5),'Master Data'!$C$44,"")))),"") | L19: =IFERROR(IF(D19="","",IF(AND(E19=""),"",IF(OR(D19=$AX$24,D19=$AX$25,D19=$AX$26,D19=$AX$27,D19=$AX$28,D19=$AX$29),"",IF(AND('Master Data'!$I$29='GA55 Check & Edit'!$AP$6),"",'Master Data'!$D$44)))),"") | M19: =IFERROR(IF(D19="","",IF(AND(E19=""),"",IF(OR(D19=$AX$24,D19=$AX$25,D19=$AX$26,D19=$AX$27,D19=$AX$28,D19=$AX$29),"",IF(AND('Master Data'!$I$29='GA55 Check & Edit'!$AP$6),"",'Master Data'!$E$44)))),"") | N19: =IFERROR(IF(D19="","",IF(AND('Master Data'!$I$29='GA55 Check & Edit'!$AP$6),"",IF(AND('Master Data'!$I$25='GA55 Check & Edit'!$AO$6),"0",IF(AND(D19="Bonus"),VLOOKUP(D19,ram,4,0),"")))),"") -> 0 | O19: =IF(D19="","",IF('Master Data'!$N$25="","",SUM(E19:N19))) -> 65688 | P19: =IFERROR(IF(OR('Master Data'!$I$29='GA55 Check & Edit'!$AP$6,D19=""),"",IF(AND(D19=$AX$24),"",IF(AND(D19=$AX$25),"",IF(AND(D19=$AX$26),"",IF(AND(D19=$AX$27),"",IF(AND(D19=$AX$28),"",IF(AND(D19=$AX$29),"",IF(AND(E19=""),"",VLOOKUP(D19,ram,11,0))))))))),"") | Q19: =IFERROR(IF(AND('Master Data'!$I$29='GA55 Check & Edit'!$AP$6),"",IF(AND(D19=$AX$25),"",IF(AND(D19=$AX$28),"",IF(AND(D19=$AX$29),"",IF(AND(D19=""),"",IF(AND(BB23=""),"",VLOOKUP(D19,ram,12,0))))))),"") -> 2850 | R19: =IFERROR(IF(OR('Master Data'!$I$29='GA55 Check & Edit'!$AP$6,D19=""),"",IF(AND(D19=$AX$24),"",IF(AND(D19=$AX$25),"",IF(AND(D19=$AX$26),"",IF(AND(D19=$AX$27),"",IF(AND(D19=$AX$28),"",IF(AND(D19=$AX$29),"",IF(AND(E19=""),"",'Master Data'!$I$44)))))))),"") | S19: =IFERROR(IF(OR('Master Data'!$I$29='GA55 Check & Edit'!$AP$6),"",IF(D19="","",IF(E19="","",IF(AND(D19=$AX$24),"",IF(AND(D19=$AX$25),"",IF(AND(D19=$AX$26),"",IF(AND(D19=$AX$27),"",IF(AND(D19=$AX$28),"",IF(AND(D19=$AX$29),"",VLOOKUP(D19,ram,10,0)))))))))),"") -> 658 | T19: =IFERROR(IF(OR('Master Data'!$I$29='GA55 Check & Edit'!$AP$6,D19=""),"",IF(AND(D19=$AX$24),"",IF(AND(D19=$AX$25),"",IF(AND(D19=$AX$26),"",IF(AND(D19=$AX$27),"",IF(AND(D19=$AX$28),"",IF(AND(D19=$AX$29),"",IF(AND(E19=""),"",'Master Data'!$K$44)))))))),"") -> 3000 | U19: =IFERROR(IF(OR('Master Data'!$I$29='GA55 Check & Edit'!$AP$6,D8=""),"",IF(AND(D8=$AX$24),"",IF(AND(D8=$AX$25),"",IF(AND(D8=$AX$26),"",IF(AND(D8=$AX$27),"",IF(AND(D8=$AX$28),"",IF(AND(D8=$AX$29),"",IF(AND(E8=""),"",'Master Data'!$L$44)))))))),"") -> 2100 | V19: =IFERROR(IF(OR('Master Data'!$I$29='GA55 Check & Edit'!$AP$6,D19=""),"",IF(AND(D19=$AX$24),"",IF(AND(D19=$AX$25),"",IF(AND(D19=$AX$26),"",IF(AND(D19=$AX$27),"",IF(AND(D19=$AX$28),"",IF(AND(D19=$AX$29),"",IF(AND(E19=""),"",'Master Data'!$M$44)))))))),"") | W19: =IFERROR(IF(OR('Master Data'!$I$29='GA55 Check & Edit'!$AP$6,D19=""),"",IF(AND(D19=$AX$24),"",IF(AND(D19=$AX$25),"",IF(AND(D19=$AX$26),"",IF(AND(D19=$AX$27),"",IF(AND(D19=$AX$28),"",IF(AND(D19=$AX$29),"",IF(AND(E19=""),"",'Master Data'!$N$44)))))))),"") | X19: =IFERROR(IF(OR('Master Data'!$I$29='GA55 Check & Edit'!$AP$6,D19=""),"",IF(AND(E19=""),"",IF(AND('GA55 Check & Edit'!D19='GA55 Check & Edit'!$AT$17,'Master Data'!$D$18="Gazetted"),500,IF(AND('GA55 Check & Edit'!D19='GA55 Check & Edit'!$AT$17,'Master Data'!$D$18="Non-Gazetted"),250,"")))),"") | Y19: =IFERROR(IF(D19="","",IF(AND(E19=""),"",IF(AND(D19=$AX$24),"",IF(AND(D19=$AX$25),"",IF(AND(D19=$AX$26),"",IF(AND(D19=$AX$27),"",IF(AND(D19=$AX$28),"",IF(AND(D19=$AX$29),"",IF(OR('Master Data'!$I$29='GA55 Check & Edit'!$AP$6,D19=""),"",$Y$7))))))))),"") | Z19: =IFERROR(IF(OR('Master Data'!$I$29='GA55 Check & Edit'!$AP$6),"",IF(D19="","",IF(E19="","",VLOOKUP(D19,ram,9,0)))),"") -> 0 | AA19: =IFERROR(IF(OR('Master Data'!$I$29='GA55 Check & Edit'!$AP$6,D19="",'Master Data'!$N$35=""),"",IF(AND(E19=""),"",IF('GA55 Check & Edit'!D19='GA55 Check & Edit'!$AT$9,'Master Data'!$N$35,""))),"") | AB19: =IFERROR(IF(D19="","",IF(AND(O19=""),"",SUM(P19:AA19))),"0") -> 8608 | AC19: =IFERROR(IF(AND(E19="",O19="",AB19=""),"",SUM(O19-AB19)),"") -> 57080 | AS19: DEC | AT19: 46054 | AU19: L-12 | AW19: OCT | AX19: 45931 | AY19: 10 | AZ19: =IF(AND(AZ21<$AX$12),"",IF(AND(AZ21>$AX$15),"",AZ22)) | BA19: =IF(AND('Master Data'!$N$25=""),"",IF(AND('Master Data'!$N$27='GA55 Check & Edit'!$AP$6),'GA55 Check & Edit'!$AZ$15,BU19)) -> 39100 | BB19: =IF(AND(AX19<$AZ$16),"",IF(AND(AX19>$AZ$17),"",BA19)) -> 39100 | BC19: =IF(AND('Master Data'!$N$25=""),"",ROUND(58%*BA19,0)) -> 22678 | BD19: =IF(BB19="","",BC19) -> 22678 | BE19: =IFERROR(IF(AND('Master Data'!$N$25=""),"",ROUND('Master Data'!$E$35%*BB19,0)),"") -> 3910 | BF19: ='Master Data'!I48 | BG19: =IFERROR(IF(OR('Master Data'!$I$29='GA55 Check & Edit'!$AP$6),"",IF('Master Data'!$I$31="GPF-2004",IF(BB19<18001,265,IF(BB19<33501,440,IF(BB19<54001,658,875))),IF(AND('Master Data'!$I$31="GPF",'Master Data'!$J$44=""),IF(BB19<18001,265,IF(BB19<33501,440,IF(BB19<54001,658,875))),'Master Data'!$J$44))),"") -> 658 | BH19: =IFERROR(IF(OR('Master Data'!$I$29='GA55 Check & Edit'!$AP$6),"",'Master Data'!$G$44),"") | BI19: =IFERROR(IF(OR('Master Data'!$I$29='GA55 Check & Edit'!$AP$6),"",IF('Master Data'!$I$31="GPF-2004",IF(BB19<23101,1450,IF(BB19<28501,1625,IF(BB19<38501,2100,IF(BB19<51501,2850,IF(BB19<62001,3575,IF(BB19<72001,4200,IF(BB19<80001,4800,IF(BB19<116001,6150,IF(BB19<167001,8900,10500))))))))),'Master Data'!$H$44)),"") -> 2850 | BJ19: =BJ18 -> 39100 | BK19: 45931 | BL19: =IFERROR(IF('Master Data'!$N$25="","",IF('Master Data'!$F$41="","",IF(AND($AZ$17>$AZ$9),"",DATE(YEAR(BL18),MONTH(BL18)+1,DAY(BL18))))),"") -> 45931 | BM19: =IFERROR(IF('Master Data'!$N$25="","",IF('Master Data'!$F$41="","",IF(AND($AZ$17>$AZ$9),"",DATE(YEAR(BM18),MONTH(BM18)+1,DAY(BM18))))),"") -> 45931 | BN19: =IF(AND(BM19=""),"",IF(AND(BM19=$BK$12),$BK$12,IF(AND(BM19=$BK$13),$BK$13,IF(AND(BM19=$BK$14),$BK$14,IF(AND(BM19=$BK$15),$BK$15,IF(AND(BM19=$BK$16),$BK$16,IF(AND(BM19=$BK$17),$BK$17,IF(AND(BM19=$BK$18),$BK$18,IF(AND(BM19=$BK$19),$BK$19,IF(AND(BM19=$BK$20),$BK$20,IF(AND(BM19=$BK$21),$BK$21,IF(AND(BM19=$BK$22),$BK$22,IF(AND(BM19=$BK$23),$BK$23,IF(AND(BM19=$BK$24),$BM$24,IF(AND(BM19=$BK$25),$BM$25,IF(AND(BM19=$BK$26),$BM$26,IF(AND(BM19=$BK$27),$BM$27,IF(AND(BM19=$BK$28),$BM$28,IF(AND(BM19=$BK$29),$BM$29,IF(AND(BM19=$BK$30),$BM$30,IF(AND(BM19=$BK$31),$BM$31,IF(AND(BM19=$BK$32),$BM$32,"")))))))))))))))))))))) -> 45931 | BO19: =IFERROR(IF(BM19="","",IF(AND(BL19=$BK$24),$BM$24,IF(AND(BL19=$BK$25),$BM$25,IF(AND(BL19=$BK$26),$BM$26,IF(AND(BL19=$BK$27),$BM$27,IF(AND(BL19=$BK$28),$BM$28,IF(AND(BL19=$BK$29),$BM$29,IF(AND(BL19=$BK$30),$BM$30,BN19)))))))),"") -> 45931 | BQ19: =IFERROR(IF(BM19="","",IF(D15=$AX$25,$AX$25,IF(D15=$AX$30,$AX$30,IF(D15=$AX$31,$AX$31,IF(D15=$AX$32,$AX$32,IF(BM19>$AZ$17,"",BM19)))))),"") -> 45931 | BS19: =OFFSET(D13,MATCH(BO19,$D$8:$D$27,0)+1,MATCH(BO19,D15:N15,0)) | BU19: =IF(AND('Master Data'!$N$25=""),"",IF(AND('Master Data'!$N$27='GA55 Check & Edit'!AX19),'Master Data'!$N$31,BU18)) -> 39100 | BX19: =IF(BB19="",0,BF19)
A20: =MOD(B20,2) -> 1 | B20: =IF(LEN(D20)>=3,B19+1,0) -> 13 | C20: =IF(B20=0,"",B20) -> 13 | D20: =IFERROR(IF(BO24="","",BO24),"") -> Bonus | E20: =IFERROR(IF(D20="","",IF(AND(BQ24=""),"",IF(AND('Master Data'!$I$29='GA55 Check & Edit'!$AP$6),VLOOKUP(D20,ram,13,0),VLOOKUP(D20,ram,4,0)))),"") | F20: =IFERROR(IF(D20="","",IF(D20=$AX$24,"",IF(AND(D20=$AX$28),"",IF(AND('Master Data'!$I$29='GA55 Check & Edit'!$AP$5),VLOOKUP(D20,ram,7,0),"")))),"") | G20: =IFERROR(IF(D20="","",IF(D20=$AX$24,"",IF(AND(D20=$AX$25),"",IF(AND(D20=$AX$26),"",IF(AND(D20=$AX$27),"",IF(AND(D20=$AX$28),"",IF(AND(D20=$AX$29),"",IF(AND('Master Data'!$I$29='GA55 Check & Edit'!$AP$6),"",VLOOKUP(D20,ram,8,0))))))))),"") | H20: =IFERROR(IF(D20="","",IF(AND(E20=""),"",IF(OR(D20=$AX$24,D20=$AX$25,D20=$AX$26,D20=$AX$27,D20=$AX$28,D20=$AX$29),"",IF(AND('Master Data'!$I$29='GA55 Check & Edit'!$AP$5),'Master Data'!$B$44,"")))),"") | I20: =IFERROR(IF(D20="","",IF(AND(E20=""),"",IF(OR(D20=$AX$24,D20=$AX$25,D20=$AX$26,D20=$AX$27,D20=$AX$28,D20=$AX$29),"",IF(AND('Master Data'!$I$29='GA55 Check & Edit'!$AP$5,'Master Data'!$E$29='GA55 Check & Edit'!$AO$5),'Master Data'!$E$31,"0")))),"") | J20: =IFERROR(IF(OR('Master Data'!$E$33=$AO$6,'Master Data'!$E$33=""),"",IF(D20="","",IF(AND(E20=""),"",IF(OR(D20=$AX$24,D20=$AX$25,D20=$AX$26,D20=$AX$27,D20=$AX$28,D20=$AX$29),"",IF(AND('Master Data'!$I$29='GA55 Check & Edit'!$AP$6),"",IF(AND('Master Data'!$I$33=$AR$9),$AS$6,IF(AND('Master Data'!$I$33=$AR$10),$AS$6,IF(AND('Master Data'!$I$33=$AR$11),$AS$6,IF(AND('Master Data'!$I$33=$AR$12),$AS$6,$AS$5))))))))),"") | K20: =IFERROR(IF(D20="","",IF(AND(E20=""),"",IF(OR(D20=$AX$24,D20=$AX$25,D20=$AX$26,D20=$AX$27,D20=$AX$28,D20=$AX$29),"",IF(AND('Master Data'!$I$29='GA55 Check & Edit'!$AP$5),'Master Data'!$C$44,"")))),"") | L20: =IFERROR(IF(D20="","",IF(AND(E20=""),"",IF(OR(D20=$AX$24,D20=$AX$25,D20=$AX$26,D20=$AX$27,D20=$AX$28,D20=$AX$29),"",IF(AND('Master Data'!$I$29='GA55 Check & Edit'!$AP$6),"",'Master Data'!$D$44)))),"") | M20: =IFERROR(IF(D20="","",IF(AND(E20=""),"",IF(OR(D20=$AX$24,D20=$AX$25,D20=$AX$26,D20=$AX$27,D20=$AX$28,D20=$AX$29),"",IF(AND('Master Data'!$I$29='GA55 Check & Edit'!$AP$6),"",'Master Data'!$E$44)))),"") | N20: =IFERROR(IF(D20="","",IF(AND('Master Data'!$I$29='GA55 Check & Edit'!$AP$6),"",IF(AND('Master Data'!$I$25='GA55 Check & Edit'!$AO$6),"0",IF(AND(D20="Bonus"),VLOOKUP(D20,ram,4,0),"")))),"") -> 0 | O20: =IF(D20="","",IF('Master Data'!$N$25="","",SUM(E20:N20))) -> 0 | P20: =IFERROR(IF(OR('Master Data'!$I$29='GA55 Check & Edit'!$AP$6,D20=""),"",IF(AND(D20=$AX$24),"",IF(AND(D20=$AX$25),"",IF(AND(D20=$AX$26),"",IF(AND(D20=$AX$27),"",IF(AND(D20=$AX$28),"",IF(AND(D20=$AX$29),"",IF(AND(E20=""),"",VLOOKUP(D20,ram,11,0))))))))),"") | Q20: =IFERROR(IF(AND('Master Data'!$I$29='GA55 Check & Edit'!$AP$6),"",IF(AND(D20=$AX$25),"",IF(AND(D20=$AX$28),"",IF(AND(D20=$AX$29),"",IF(AND(D20=""),"",IF(AND(BB24=""),"",VLOOKUP(D20,ram,12,0))))))),"") | R20: =IFERROR(IF(OR('Master Data'!$I$29='GA55 Check & Edit'!$AP$6,D20=""),"",IF(AND(D20=$AX$24),"",IF(AND(D20=$AX$25),"",IF(AND(D20=$AX$26),"",IF(AND(D20=$AX$27),"",IF(AND(D20=$AX$28),"",IF(AND(D20=$AX$29),"",IF(AND(E20=""),"",'Master Data'!$I$44)))))))),"") | S20: =IFERROR(IF(OR('Master Data'!$I$29='GA55 Check & Edit'!$AP$6),"",IF(D20="","",IF(E20="","",IF(AND(D20=$AX$24),"",IF(AND(D20=$AX$25),"",IF(AND(D20=$AX$26),"",IF(AND(D20=$AX$27),"",IF(AND(D20=$AX$28),"",IF(AND(D20=$AX$29),"",VLOOKUP(D20,ram,10,0)))))))))),"") | T20: =IFERROR(IF(OR('Master Data'!$I$29='GA55 Check & Edit'!$AP$6,D20=""),"",IF(AND(D20=$AX$24),"",IF(AND(D20=$AX$25),"",IF(AND(D20=$AX$26),"",IF(AND(D20=$AX$27),"",IF(AND(D20=$AX$28),"",IF(AND(D20=$AX$29),"",IF(AND(E20=""),"",'Master Data'!$K$44)))))))),"") | U20: =IFERROR(IF(OR('Master Data'!$I$29='GA55 Check & Edit'!$AP$6,D20=""),"",IF(AND(D20=$AX$24),"",IF(AND(D20=$AX$25),"",IF(AND(D20=$AX$26),"",IF(AND(D20=$AX$27),"",IF(AND(D20=$AX$28),"",IF(AND(D20=$AX$29),"",IF(AND(E20=""),"",'Master Data'!$L$44)))))))),"") | V20: =IFERROR(IF(OR('Master Data'!$I$29='GA55 Check & Edit'!$AP$6,D20=""),"",IF(AND(D20=$AX$24),"",IF(AND(D20=$AX$25),"",IF(AND(D20=$AX$26),"",IF(AND(D20=$AX$27),"",IF(AND(D20=$AX$28),"",IF(AND(D20=$AX$29),"",IF(AND(E20=""),"",'Master Data'!$M$44)))))))),"") | W20: =IFERROR(IF(OR('Master Data'!$I$29='GA55 Check & Edit'!$AP$6,D20=""),"",IF(AND(D20=$AX$24),"",IF(AND(D20=$AX$25),"",IF(AND(D20=$AX$26),"",IF(AND(D20=$AX$27),"",IF(AND(D20=$AX$28),"",IF(AND(D20=$AX$29),"",IF(AND(E20=""),"",'Master Data'!$N$44)))))))),"") | X20: =IFERROR(IF(OR('Master Data'!$I$29='GA55 Check & Edit'!$AP$6,D20=""),"",IF(AND(E20=""),"",IF(AND('GA55 Check & Edit'!D20='GA55 Check & Edit'!$AT$17,'Master Data'!$D$18="Gazetted"),500,IF(AND('GA55 Check & Edit'!D20='GA55 Check & Edit'!$AT$17,'Master Data'!$D$18="Non-Gazetted"),250,"")))),"") | Y20: =IFERROR(IF(D20="","",IF(AND(E20=""),"",IF(AND(D20=$AX$24),"",IF(AND(D20=$AX$25),"",IF(AND(D20=$AX$26),"",IF(AND(D20=$AX$27),"",IF(AND(D20=$AX$28),"",IF(AND(D20=$AX$29),"",IF(OR('Master Data'!$I$29='GA55 Check & Edit'!$AP$6,D20=""),"",$Y$7))))))))),"") | AA20: =IFERROR(IF(OR('Master Data'!$I$29='GA55 Check & Edit'!$AP$6,D20="",'Master Data'!$N$35=""),"",IF(AND(E20=""),"",IF('GA55 Check & Edit'!D20='GA55 Check & Edit'!$AT$9,'Master Data'!$N$35,""))),"") | AB20: =IFERROR(IF(D20="","",IF(AND(O20=""),"",SUM(P20:AA20))),"0") -> 0 | AC20: =IFERROR(IF(AND(E20="",O20="",AB20=""),"",SUM(O20-AB20)),"") -> 0 | AU20: L-13 | AW20: NOV | AX20: 45962 | AY20: 11 | BA20: =IF(AND('Master Data'!$N$25=""),"",IF(AND('Master Data'!$N$27='GA55 Check & Edit'!$AP$6),'GA55 Check & Edit'!$AZ$15,BU20)) -> 39100 | BB20: =IF(AND(AX20<$AZ$16),"",IF(AND(AX20>$AZ$17),"",BA20)) -> 39100 | BC20: =IF(AND('Master Data'!$N$25=""),"",ROUND(58%*BA20,0)) -> 22678 | BD20: =IF(BB20="","",BC20) -> 22678 | BE20: =IFERROR(IF(AND('Master Data'!$N$25=""),"",ROUND('Master Data'!$E$35%*BB20,0)),"") -> 3910 | BF20: ='Master Data'!J48 -> 0 | BG20: =IFERROR(IF(OR('Master Data'!$I$29='GA55 Check & Edit'!$AP$6),"",IF('Master Data'!$I$31="GPF-2004",IF(BB20<18001,265,IF(BB20<33501,440,IF(BB20<54001,658,875))),IF(AND('Master Data'!$I$31="GPF",'Master Data'!$J$44=""),IF(BB20<18001,265,IF(BB20<33501,440,IF(BB20<54001,658,875))),'Master Data'!$J$44))),"") -> 658 | BH20: =IFERROR(IF(OR('Master Data'!$I$29='GA55 Check & Edit'!$AP$6),"",'Master Data'!$G$44),"") | BI20: =IFERROR(IF(OR('Master Data'!$I$29='GA55 Check & Edit'!$AP$6),"",IF('Master Data'!$I$31="GPF-2004",IF(BB20<23101,1450,IF(BB20<28501,1625,IF(BB20<38501,2100,IF(BB20<51501,2850,IF(BB20<62001,3575,IF(BB20<72001,4200,IF(BB20<80001,4800,IF(BB20<116001,6150,IF(BB20<167001,8900,10500))))))))),'Master Data'!$H$44)),"") -> 2850 | BJ20: =BJ19 -> 39100 | BK20: 45962 | BL20: =IFERROR(IF('Master Data'!$N$25="","",IF('Master Data'!$F$41="","",IF(AND($AZ$17>$AZ$9),"",DATE(YEAR(BL19),MONTH(BL19)+1,DAY(BL19))))),"") -> 45962 | BM20: =IFERROR(IF('Master Data'!$N$25="","",IF('Master Data'!$F$41="","",IF(AND($AZ$17>$AZ$9),"",DATE(YEAR(BM19),MONTH(BM19)+1,DAY(BM19))))),"") -> 45962 | BN20: =IF(AND(BM20=""),"",IF(AND(BM20=$BK$12),$BK$12,IF(AND(BM20=$BK$13),$BK$13,IF(AND(BM20=$BK$14),$BK$14,IF(AND(BM20=$BK$15),$BK$15,IF(AND(BM20=$BK$16),$BK$16,IF(AND(BM20=$BK$17),$BK$17,IF(AND(BM20=$BK$18),$BK$18,IF(AND(BM20=$BK$19),$BK$19,IF(AND(BM20=$BK$20),$BK$20,IF(AND(BM20=$BK$21),$BK$21,IF(AND(BM20=$BK$22),$BK$22,IF(AND(BM20=$BK$23),$BK$23,IF(AND(BM20=$BK$24),$BM$24,IF(AND(BM20=$BK$25),$BM$25,IF(AND(BM20=$BK$26),$BM$26,IF(AND(BM20=$BK$27),$BM$27,IF(AND(BM20=$BK$28),$BM$28,IF(AND(BM20=$BK$29),$BM$29,IF(AND(BM20=$BK$30),$BM$30,IF(AND(BM20=$BK$31),$BM$31,IF(AND(BM20=$BK$32),$BM$32,"")))))))))))))))))))))) -> 45962 | BO20: =IFERROR(IF(BM20="","",IF(AND(BL20=$BK$24),$BM$24,IF(AND(BL20=$BK$25),$BM$25,IF(AND(BL20=$BK$26),$BM$26,IF(AND(BL20=$BK$27),$BM$27,IF(AND(BL20=$BK$28),$BM$28,IF(AND(BL20=$BK$29),$BM$29,IF(AND(BL20=$BK$30),$BM$30,BN20)))))))),"") -> 45962 | BQ20: =IFERROR(IF(BM20="","",IF(D16=$AX$25,$AX$25,IF(D16=$AX$30,$AX$30,IF(D16=$AX$31,$AX$31,IF(D16=$AX$32,$AX$32,IF(BM20>$AZ$17,"",BM20)))))),"") -> 45962 | BS20: =OFFSET(D14,MATCH(BO20,$D$8:$D$27,0)+1,MATCH(BO20,D16:N16,0)) | BU20: =IF(AND('Master Data'!$N$25=""),"",IF(AND('Master Data'!$N$27='GA55 Check & Edit'!AX20),'Master Data'!$N$31,BU19)) -> 39100 | BX20: =IF(BB20="",0,BF20) -> 0
A21: =MOD(B21,2) -> 0 | B21: =IF(LEN(D21)>=3,B20+1,0) -> 14 | C21: =IF(B21=0,"",B21) -> 14 | D21: =IFERROR(IF(BO25="","",BO25),"") -> PL Surrender | E21: =IFERROR(IF(D21="","",IF(AND(BQ25=""),"",IF(AND('Master Data'!$I$29='GA55 Check & Edit'!$AP$6),VLOOKUP(D21,ram,13,0),VLOOKUP(D21,ram,4,0)))),"") | F21: =IFERROR(IF(D21="","",IF(D21=$AX$24,"",IF(AND(D21=$AX$28),"",IF(AND('Master Data'!$I$29='GA55 Check & Edit'!$AP$5),VLOOKUP(D21,ram,7,0),"")))),"") | G21: =IFERROR(IF(D21="","",IF(D21=$AX$24,"",IF(AND(D21=$AX$25),"",IF(AND(D21=$AX$26),"",IF(AND(D21=$AX$27),"",IF(AND(D21=$AX$28),"",IF(AND(D21=$AX$29),"",IF(AND('Master Data'!$I$29='GA55 Check & Edit'!$AP$6),"",VLOOKUP(D21,ram,8,0))))))))),"") | H21: =IFERROR(IF(D21="","",IF(AND(E21=""),"",IF(OR(D21=$AX$24,D21=$AX$25,D21=$AX$26,D21=$AX$27,D21=$AX$28,D21=$AX$29),"",IF(AND('Master Data'!$I$29='GA55 Check & Edit'!$AP$5),'Master Data'!$B$44,"")))),"") | I21: =IFERROR(IF(D21="","",IF(AND(E21=""),"",IF(OR(D21=$AX$24,D21=$AX$25,D21=$AX$26,D21=$AX$27,D21=$AX$28,D21=$AX$29),"",IF(AND('Master Data'!$I$29='GA55 Check & Edit'!$AP$5,'Master Data'!$E$29='GA55 Check & Edit'!$AO$5),'Master Data'!$E$31,"0")))),"") | J21: =IFERROR(IF(OR('Master Data'!$E$33=$AO$6,'Master Data'!$E$33=""),"",IF(D21="","",IF(AND(E21=""),"",IF(OR(D21=$AX$24,D21=$AX$25,D21=$AX$26,D21=$AX$27,D21=$AX$28,D21=$AX$29),"",IF(AND('Master Data'!$I$29='GA55 Check & Edit'!$AP$6),"",IF(AND('Master Data'!$I$33=$AR$9),$AS$6,IF(AND('Master Data'!$I$33=$AR$10),$AS$6,IF(AND('Master Data'!$I$33=$AR$11),$AS$6,IF(AND('Master Data'!$I$33=$AR$12),$AS$6,$AS$5))))))))),"") | K21: =IFERROR(IF(D21="","",IF(AND(E21=""),"",IF(OR(D21=$AX$24,D21=$AX$25,D21=$AX$26,D21=$AX$27,D21=$AX$28,D21=$AX$29),"",IF(AND('Master Data'!$I$29='GA55 Check & Edit'!$AP$5),'Master Data'!$C$44,"")))),"") | L21: =IFERROR(IF(D21="","",IF(AND(E21=""),"",IF(OR(D21=$AX$24,D21=$AX$25,D21=$AX$26,D21=$AX$27,D21=$AX$28,D21=$AX$29),"",IF(AND('Master Data'!$I$29='GA55 Check & Edit'!$AP$6),"",'Master Data'!$D$44)))),"") | M21: =IFERROR(IF(D21="","",IF(AND(E21=""),"",IF(OR(D21=$AX$24,D21=$AX$25,D21=$AX$26,D21=$AX$27,D21=$AX$28,D21=$AX$29),"",IF(AND('Master Data'!$I$29='GA55 Check & Edit'!$AP$6),"",'Master Data'!$E$44)))),"") | N21: =IFERROR(IF(D21="","",IF(AND('Master Data'!$I$29='GA55 Check & Edit'!$AP$6),"",IF(AND('Master Data'!$I$25='GA55 Check & Edit'!$AO$6),"0",IF(AND(D21="Bonus"),VLOOKUP(D21,ram,4,0),"")))),"") -> 0 | O21: =IF(D21="","",IF('Master Data'!$N$25="","",SUM(E21:N21))) -> 0 | P21: =IFERROR(IF(OR('Master Data'!$I$29='GA55 Check & Edit'!$AP$6,D21=""),"",IF(AND(D21=$AX$24),"",IF(AND(D21=$AX$25),"",IF(AND(D21=$AX$26),"",IF(AND(D21=$AX$27),"",IF(AND(D21=$AX$28),"",IF(AND(D21=$AX$29),"",IF(AND(E21=""),"",VLOOKUP(D21,ram,11,0))))))))),"") | Q21: =IFERROR(IF(AND('Master Data'!$I$29='GA55 Check & Edit'!$AP$6),"",IF(AND(D21=$AX$25),"",IF(AND(D21=$AX$28),"",IF(AND(D21=$AX$29),"",IF(AND(D21=""),"",IF(AND(BB25=""),"",VLOOKUP(D21,ram,12,0))))))),"") | R21: =IFERROR(IF(OR('Master Data'!$I$29='GA55 Check & Edit'!$AP$6,D21=""),"",IF(AND(D21=$AX$24),"",IF(AND(D21=$AX$25),"",IF(AND(D21=$AX$26),"",IF(AND(D21=$AX$27),"",IF(AND(D21=$AX$28),"",IF(AND(D21=$AX$29),"",IF(AND(E21=""),"",'Master Data'!$I$44)))))))),"") | S21: =IFERROR(IF(OR('Master Data'!$I$29='GA55 Check & Edit'!$AP$6),"",IF(D21="","",IF(E21="","",IF(AND(D21=$AX$24),"",IF(AND(D21=$AX$25),"",IF(AND(D21=$AX$26),"",IF(AND(D21=$AX$27),"",IF(AND(D21=$AX$28),"",IF(AND(D21=$AX$29),"",VLOOKUP(D21,ram,10,0)))))))))),"") | T21: =IFERROR(IF(OR('Master Data'!$I$29='GA55 Check & Edit'!$AP$6,D21=""),"",IF(AND(D21=$AX$24),"",IF(AND(D21=$AX$25),"",IF(AND(D21=$AX$26),"",IF(AND(D21=$AX$27),"",IF(AND(D21=$AX$28),"",IF(AND(D21=$AX$29),"",IF(AND(E21=""),"",'Master Data'!$K$44)))))))),"") | U21: =IFERROR(IF(OR('Master Data'!$I$29='GA55 Check & Edit'!$AP$6,D21=""),"",IF(AND(D21=$AX$24),"",IF(AND(D21=$AX$25),"",IF(AND(D21=$AX$26),"",IF(AND(D21=$AX$27),"",IF(AND(D21=$AX$28),"",IF(AND(D21=$AX$29),"",IF(AND(E21=""),"",'Master Data'!$L$44)))))))),"") | V21: =IFERROR(IF(OR('Master Data'!$I$29='GA55 Check & Edit'!$AP$6,D21=""),"",IF(AND(D21=$AX$24),"",IF(AND(D21=$AX$25),"",IF(AND(D21=$AX$26),"",IF(AND(D21=$AX$27),"",IF(AND(D21=$AX$28),"",IF(AND(D21=$AX$29),"",IF(AND(E21=""),"",'Master Data'!$M$44)))))))),"") | W21: =IFERROR(IF(OR('Master Data'!$I$29='GA55 Check & Edit'!$AP$6,D21=""),"",IF(AND(D21=$AX$24),"",IF(AND(D21=$AX$25),"",IF(AND(D21=$AX$26),"",IF(AND(D21=$AX$27),"",IF(AND(D21=$AX$28),"",IF(AND(D21=$AX$29),"",IF(AND(E21=""),"",'Master Data'!$N$44)))))))),"") | X21: =IFERROR(IF(OR('Master Data'!$I$29='GA55 Check & Edit'!$AP$6,D21=""),"",IF(AND(E21=""),"",IF(AND('GA55 Check & Edit'!D21='GA55 Check & Edit'!$AT$17,'Master Data'!$D$18="Gazetted"),500,IF(AND('GA55 Check & Edit'!D21='GA55 Check & Edit'!$AT$17,'Master Data'!$D$18="Non-Gazetted"),250,"")))),"") | Y21: =IFERROR(IF(D21="","",IF(AND(E21=""),"",IF(AND(D21=$AX$24),"",IF(AND(D21=$AX$25),"",IF(AND(D21=$AX$26),"",IF(AND(D21=$AX$27),"",IF(AND(D21=$AX$28),"",IF(AND(D21=$AX$29),"",IF(OR('Master Data'!$I$29='GA55 Check & Edit'!$AP$6,D21=""),"",$Y$7))))))))),"") | AA21: =IFERROR(IF(OR('Master Data'!$I$29='GA55 Check & Edit'!$AP$6,D21="",'Master Data'!$N$35=""),"",IF(AND(E21=""),"",IF('GA55 Check & Edit'!D21='GA55 Check & Edit'!$AT$9,'Master Data'!$N$35,""))),"") | AB21: =IFERROR(IF(D21="","",IF(AND(O21=""),"",SUM(P21:AA21))),"0") -> 0 | AC21: =IFERROR(IF(AND(E21="",O21="",AB21=""),"",SUM(O21-AB21)),"") -> 0 | AU21: L-14 | AW21: DEC | AX21: 45992 | AY21: 12 | AZ21: =IF('Master Data'!N27="","",'Master Data'!N27) -> 46054 | BA21: =IF(AND('Master Data'!$N$25=""),"",IF(AND('Master Data'!$N$27='GA55 Check & Edit'!$AP$6),'GA55 Check & Edit'!$AZ$15,BU21)) -> 39100 | BB21: =IF(AND(AX21<$AZ$16),"",IF(AND(AX21>$AZ$17),"",BA21)) -> 39100 | BC21: =IF(AND('Master Data'!$N$25=""),"",ROUND(58%*BA21,0)) -> 22678 | BD21: =IF(BB21="","",BC21) -> 22678 | BE21: =IFERROR(IF(AND('Master Data'!$N$25=""),"",ROUND('Master Data'!$E$35%*BB21,0)),"") -> 3910 | BF21: ='Master Data'!K48 -> 0 | BG21: =IFERROR(IF(OR('Master Data'!$I$29='GA55 Check & Edit'!$AP$6),"",IF('Master Data'!$I$31="GPF-2004",IF(BB21<18001,265,IF(BB21<33501,440,IF(BB21<54001,658,875))),IF(AND('Master Data'!$I$31="GPF",'Master Data'!$J$44=""),IF(BB21<18001,265,IF(BB21<33501,440,IF(BB21<54001,658,875))),'Master Data'!$J$44))),"") -> 658 | BH21: =IFERROR(IF(OR('Master Data'!$I$29='GA55 Check & Edit'!$AP$6),"",'Master Data'!$G$44),"") | BI21: =IFERROR(IF(OR('Master Data'!$I$29='GA55 Check & Edit'!$AP$6),"",IF('Master Data'!$I$31="GPF-2004",IF(BB21<23101,1450,IF(BB21<28501,1625,IF(BB21<38501,2100,IF(BB21<51501,2850,IF(BB21<62001,3575,IF(BB21<72001,4200,IF(BB21<80001,4800,IF(BB21<116001,6150,IF(BB21<167001,8900,10500))))))))),'Master Data'!$H$44)),"") -> 2850 | BJ21: =BJ20 -> 39100 | BK21: 45992 | BL21: =IFERROR(IF('Master Data'!$N$25="","",IF('Master Data'!$F$41="","",IF(AND($AZ$17>$AZ$9),"",DATE(YEAR(BL20),MONTH(BL20)+1,DAY(BL20))))),"") -> 45992 | BM21: =IFERROR(IF('Master Data'!$N$25="","",IF('Master Data'!$F$41="","",IF(AND($AZ$17>$AZ$9),"",DATE(YEAR(BM20),MONTH(BM20)+1,DAY(BM20))))),"") -> 45992 | BN21: =IF(AND(BM21=""),"",IF(AND(BM21=$BK$12),$BK$12,IF(AND(BM21=$BK$13),$BK$13,IF(AND(BM21=$BK$14),$BK$14,IF(AND(BM21=$BK$15),$BK$15,IF(AND(BM21=$BK$16),$BK$16,IF(AND(BM21=$BK$17),$BK$17,IF(AND(BM21=$BK$18),$BK$18,IF(AND(BM21=$BK$19),$BK$19,IF(AND(BM21=$BK$20),$BK$20,IF(AND(BM21=$BK$21),$BK$21,IF(AND(BM21=$BK$22),$BK$22,IF(AND(BM21=$BK$23),$BK$23,IF(AND(BM21=$BK$24),$BM$24,IF(AND(BM21=$BK$25),$BM$25,IF(AND(BM21=$BK$26),$BM$26,IF(AND(BM21=$BK$27),$BM$27,IF(AND(BM21=$BK$28),$BM$28,IF(AND(BM21=$BK$29),$BM$29,IF(AND(BM21=$BK$30),$BM$30,IF(AND(BM21=$BK$31),$BM$31,IF(AND(BM21=$BK$32),$BM$32,"")))))))))))))))))))))) -> 45992 | BO21: =IFERROR(IF(BM21="","",IF(AND(BL21=$BK$24),$BM$24,IF(AND(BL21=$BK$25),$BM$25,IF(AND(BL21=$BK$26),$BM$26,IF(AND(BL21=$BK$27),$BM$27,IF(AND(BL21=$BK$28),$BM$28,IF(AND(BL21=$BK$29),$BM$29,IF(AND(BL21=$BK$30),$BM$30,BN21)))))))),"") -> 45992 | BQ21: =IFERROR(IF(BM21="","",IF(D17=$AX$25,$AX$25,IF(D17=$AX$30,$AX$30,IF(D17=$AX$31,$AX$31,IF(D17=$AX$32,$AX$32,IF(BM21>$AZ$17,"",BM21)))))),"") -> 45992 | BU21: =IF(AND('Master Data'!$N$25=""),"",IF(AND('Master Data'!$N$27='GA55 Check & Edit'!AX21),'Master Data'!$N$31,BU20)) -> 39100 | BX21: =IF(BB21="",0,BF21) -> 0
A22: =MOD(B22,2) -> 1 | B22: =IF(LEN(D22)>=3,B21+1,0) -> 15 | C22: =IF(B22=0,"",B22) -> 15 | D22: =IFERROR(IF(BO26="","",BO26),"") -> DA Arrear 53 to 55% | E22: =IFERROR(IF(D22="","",IF(AND(BQ26=""),"",IF(AND('Master Data'!$I$29='GA55 Check & Edit'!$AP$6),VLOOKUP(D22,ram,13,0),VLOOKUP(D22,ram,4,0)))),"") | F22: =IFERROR(IF(D22="","",IF(D22=$AX$24,"",IF(AND(D22=$AX$28),"",IF(AND('Master Data'!$I$29='GA55 Check & Edit'!$AP$5),VLOOKUP(D22,ram,7,0),"")))),"") -> 2280 | G22: =IFERROR(IF(D22="","",IF(D22=$AX$24,"",IF(AND(D22=$AX$25),"",IF(AND(D22=$AX$26),"",IF(AND(D22=$AX$27),"",IF(AND(D22=$AX$28),"",IF(AND(D22=$AX$29),"",IF(AND('Master Data'!$I$29='GA55 Check & Edit'!$AP$6),"",VLOOKUP(D22,ram,8,0))))))))),"") | H22: =IFERROR(IF(D22="","",IF(AND(E22=""),"",IF(OR(D22=$AX$24,D22=$AX$25,D22=$AX$26,D22=$AX$27,D22=$AX$28,D22=$AX$29),"",IF(AND('Master Data'!$I$29='GA55 Check & Edit'!$AP$5),'Master Data'!$B$44,"")))),"") | I22: =IFERROR(IF(D22="","",IF(AND(E22=""),"",IF(OR(D22=$AX$24,D22=$AX$25,D22=$AX$26,D22=$AX$27,D22=$AX$28,D22=$AX$29),"",IF(AND('Master Data'!$I$29='GA55 Check & Edit'!$AP$5,'Master Data'!$E$29='GA55 Check & Edit'!$AO$5),'Master Data'!$E$31,"0")))),"") | J22: =IFERROR(IF(OR('Master Data'!$E$33=$AO$6,'Master Data'!$E$33=""),"",IF(D22="","",IF(AND(E22=""),"",IF(OR(D22=$AX$24,D22=$AX$25,D22=$AX$26,D22=$AX$27,D22=$AX$28,D22=$AX$29),"",IF(AND('Master Data'!$I$29='GA55 Check & Edit'!$AP$6),"",IF(AND('Master Data'!$I$33=$AR$9),$AS$6,IF(AND('Master Data'!$I$33=$AR$10),$AS$6,IF(AND('Master Data'!$I$33=$AR$11),$AS$6,IF(AND('Master Data'!$I$33=$AR$12),$AS$6,$AS$5))))))))),"") | K22: =IFERROR(IF(D22="","",IF(AND(E22=""),"",IF(OR(D22=$AX$24,D22=$AX$25,D22=$AX$26,D22=$AX$27,D22=$AX$28,D22=$AX$29),"",IF(AND('Master Data'!$I$29='GA55 Check & Edit'!$AP$5),'Master Data'!$C$44,"")))),"") | L22: =IFERROR(IF(D22="","",IF(AND(E22=""),"",IF(OR(D22=$AX$24,D22=$AX$25,D22=$AX$26,D22=$AX$27,D22=$AX$28,D22=$AX$29),"",IF(AND('Master Data'!$I$29='GA55 Check & Edit'!$AP$6),"",'Master Data'!$D$44)))),"") | M22: =IFERROR(IF(D22="","",IF(AND(E22=""),"",IF(OR(D22=$AX$24,D22=$AX$25,D22=$AX$26,D22=$AX$27,D22=$AX$28,D22=$AX$29),"",IF(AND('Master Data'!$I$29='GA55 Check & Edit'!$AP$6),"",'Master Data'!$E$44)))),"") | N22: =IFERROR(IF(D22="","",IF(AND('Master Data'!$I$29='GA55 Check & Edit'!$AP$6),"",IF(AND('Master Data'!$I$25='GA55 Check & Edit'!$AO$6),"0",IF(AND(D22="Bonus"),VLOOKUP(D22,ram,4,0),"")))),"") -> 0 | O22: =IF(D22="","",IF('Master Data'!$N$25="","",SUM(E22:N22))) -> 2280 | P22: =IFERROR(IF(OR('Master Data'!$I$29='GA55 Check & Edit'!$AP$6,D22=""),"",IF(AND(D22=$AX$24),"",IF(AND(D22=$AX$25),"",IF(AND(D22=$AX$26),"",IF(AND(D22=$AX$27),"",IF(AND(D22=$AX$28),"",IF(AND(D22=$AX$29),"",IF(AND(E22=""),"",VLOOKUP(D22,ram,11,0))))))))),"") | Q22: =IFERROR(IF(AND('Master Data'!$I$29='GA55 Check & Edit'!$AP$6),"",IF(AND(D22=$AX$25),"",IF(AND(D22=$AX$28),"",IF(AND(D22=$AX$29),"",IF(AND(D22=""),"",IF(AND(BB26=""),"",VLOOKUP(D22,ram,12,0))))))),"") -> 2280 | R22: =IFERROR(IF(OR('Master Data'!$I$29='GA55 Check & Edit'!$AP$6,D22=""),"",IF(AND(D22=$AX$24),"",IF(AND(D22=$AX$25),"",IF(AND(D22=$AX$26),"",IF(AND(D22=$AX$27),"",IF(AND(D22=$AX$28),"",IF(AND(D22=$AX$29),"",IF(AND(E22=""),"",'Master Data'!$I$44)))))))),"") | S22: =IFERROR(IF(OR('Master Data'!$I$29='GA55 Check & Edit'!$AP$6),"",IF(D22="","",IF(E22="","",IF(AND(D22=$AX$24),"",IF(AND(D22=$AX$25),"",IF(AND(D22=$AX$26),"",IF(AND(D22=$AX$27),"",IF(AND(D22=$AX$28),"",IF(AND(D22=$AX$29),"",VLOOKUP(D22,ram,10,0)))))))))),"") | T22: =IFERROR(IF(OR('Master Data'!$I$29='GA55 Check & Edit'!$AP$6,D22=""),"",IF(AND(D22=$AX$24),"",IF(AND(D22=$AX$25),"",IF(AND(D22=$AX$26),"",IF(AND(D22=$AX$27),"",IF(AND(D22=$AX$28),"",IF(AND(D22=$AX$29),"",IF(AND(E22=""),"",'Master Data'!$K$44)))))))),"") | U22: =IFERROR(IF(OR('Master Data'!$I$29='GA55 Check & Edit'!$AP$6,D22=""),"",IF(AND(D22=$AX$24),"",IF(AND(D22=$AX$25),"",IF(AND(D22=$AX$26),"",IF(AND(D22=$AX$27),"",IF(AND(D22=$AX$28),"",IF(AND(D22=$AX$29),"",IF(AND(E22=""),"",'Master Data'!$L$44)))))))),"") | V22: =IFERROR(IF(OR('Master Data'!$I$29='GA55 Check & Edit'!$AP$6,D22=""),"",IF(AND(D22=$AX$24),"",IF(AND(D22=$AX$25),"",IF(AND(D22=$AX$26),"",IF(AND(D22=$AX$27),"",IF(AND(D22=$AX$28),"",IF(AND(D22=$AX$29),"",IF(AND(E22=""),"",'Master Data'!$M$44)))))))),"") | W22: =IFERROR(IF(OR('Master Data'!$I$29='GA55 Check & Edit'!$AP$6,D22=""),"",IF(AND(D22=$AX$24),"",IF(AND(D22=$AX$25),"",IF(AND(D22=$AX$26),"",IF(AND(D22=$AX$27),"",IF(AND(D22=$AX$28),"",IF(AND(D22=$AX$29),"",IF(AND(E22=""),"",'Master Data'!$N$44)))))))),"") | X22: =IFERROR(IF(OR('Master Data'!$I$29='GA55 Check & Edit'!$AP$6,D22=""),"",IF(AND(E22=""),"",IF(AND('GA55 Check & Edit'!D22='GA55 Check & Edit'!$AT$17,'Master Data'!$D$18="Gazetted"),500,IF(AND('GA55 Check & Edit'!D22='GA55 Check & Edit'!$AT$17,'Master Data'!$D$18="Non-Gazetted"),250,"")))),"") | Y22: =IFERROR(IF(D22="","",IF(AND(E22=""),"",IF(AND(D22=$AX$24),"",IF(AND(D22=$AX$25),"",IF(AND(D22=$AX$26),"",IF(AND(D22=$AX$27),"",IF(AND(D22=$AX$28),"",IF(AND(D22=$AX$29),"",IF(OR('Master Data'!$I$29='GA55 Check & Edit'!$AP$6,D22=""),"",$Y$7))))))))),"") | AA22: =IFERROR(IF(OR('Master Data'!$I$29='GA55 Check & Edit'!$AP$6,D22="",'Master Data'!$N$35=""),"",IF(AND(E22=""),"",IF('GA55 Check & Edit'!D22='GA55 Check & Edit'!$AT$9,'Master Data'!$N$35,""))),"") | AB22: =IFERROR(IF(D22="","",IF(AND(O22=""),"",SUM(P22:AA22))),"0") -> 2280 | AC22: =IFERROR(IF(AND(E22="",O22="",AB22=""),"",SUM(O22-AB22)),"") -> 0 | AU22: L-15 | AW22: JAN | AX22: 46023 | AY22: 1 | AZ22: =IF('Master Data'!N31="","",'Master Data'!N31) -> 39100 | BA22: =IF(AND('Master Data'!$N$25=""),"",IF(AND('Master Data'!$N$27='GA55 Check & Edit'!$AP$6),'GA55 Check & Edit'!$AZ$15,BU22)) -> 39100 | BB22: =IF(AND(AX22<$AZ$16),"",IF(AND(AX22>$AZ$17),"",BA22)) -> 39100 | BC22: =IF(AND('Master Data'!$N$25=""),"",ROUND(58%*BA22,0)) -> 22678 | BD22: =IF(BB22="","",BC22) -> 22678 | BE22: =IFERROR(IF(AND('Master Data'!$N$25=""),"",ROUND('Master Data'!$E$35%*BB22,0)),"") -> 3910 | BF22: ='Master Data'!L48 -> 0 | BG22: =IFERROR(IF(OR('Master Data'!$I$29='GA55 Check & Edit'!$AP$6),"",IF('Master Data'!$I$31="GPF-2004",IF(BB22<18001,265,IF(BB22<33501,440,IF(BB22<54001,658,875))),IF(AND('Master Data'!$I$31="GPF",'Master Data'!$J$44=""),IF(BB22<18001,265,IF(BB22<33501,440,IF(BB22<54001,658,875))),'Master Data'!$J$44))),"") -> 658 | BH22: =IFERROR(IF(OR('Master Data'!$I$29='GA55 Check & Edit'!$AP$6),"",'Master Data'!$G$44),"") | BI22: =IFERROR(IF(OR('Master Data'!$I$29='GA55 Check & Edit'!$AP$6),"",IF('Master Data'!$I$31="GPF-2004",IF(BB22<23101,1450,IF(BB22<28501,1625,IF(BB22<38501,2100,IF(BB22<51501,2850,IF(BB22<62001,3575,IF(BB22<72001,4200,IF(BB22<80001,4800,IF(BB22<116001,6150,IF(BB22<167001,8900,10500))))))))),'Master Data'!$H$44)),"") -> 2850 | BJ22: =BJ21 -> 39100 | BK22: 46023 | BL22: =IFERROR(IF('Master Data'!$N$25="","",IF('Master Data'!$F$41="","",IF(AND($AZ$17>$AZ$9),"",DATE(YEAR(BL21),MONTH(BL21)+1,DAY(BL21))))),"") -> 46023 | BM22: =IFERROR(IF('Master Data'!$N$25="","",IF('Master Data'!$F$41="","",IF(AND($AZ$17>$AZ$9),"",DATE(YEAR(BM21),MONTH(BM21)+1,DAY(BM21))))),"") -> 46023 | BN22: =IF(AND(BM22=""),"",IF(AND(BM22=$BK$12),$BK$12,IF(AND(BM22=$BK$13),$BK$13,IF(AND(BM22=$BK$14),$BK$14,IF(AND(BM22=$BK$15),$BK$15,IF(AND(BM22=$BK$16),$BK$16,IF(AND(BM22=$BK$17),$BK$17,IF(AND(BM22=$BK$18),$BK$18,IF(AND(BM22=$BK$19),$BK$19,IF(AND(BM22=$BK$20),$BK$20,IF(AND(BM22=$BK$21),$BK$21,IF(AND(BM22=$BK$22),$BK$22,IF(AND(BM22=$BK$23),$BK$23,IF(AND(BM22=$BK$24),$BM$24,IF(AND(BM22=$BK$25),$BM$25,IF(AND(BM22=$BK$26),$BM$26,IF(AND(BM22=$BK$27),$BM$27,IF(AND(BM22=$BK$28),$BM$28,IF(AND(BM22=$BK$29),$BM$29,IF(AND(BM22=$BK$30),$BM$30,IF(AND(BM22=$BK$31),$BM$31,IF(AND(BM22=$BK$32),$BM$32,"")))))))))))))))))))))) -> 46023 | BO22: =IFERROR(IF(BM22="","",IF(AND(BL22=$BK$24),$BM$24,IF(AND(BL22=$BK$25),$BM$25,IF(AND(BL22=$BK$26),$BM$26,IF(AND(BL22=$BK$27),$BM$27,IF(AND(BL22=$BK$28),$BM$28,IF(AND(BL22=$BK$29),$BM$29,IF(AND(BL22=$BK$30),$BM$30,BN22)))))))),"") -> 46023 | BQ22: =IFERROR(IF(BM22="","",IF(D18=$AX$25,$AX$25,IF(D18=$AX$30,$AX$30,IF(D18=$AX$31,$AX$31,IF(D18=$AX$32,$AX$32,IF(BM22>$AZ$17,"",BM22)))))),"") -> 46023 | BU22: =IF(AND('Master Data'!$N$25=""),"",IF(AND('Master Data'!$N$27='GA55 Check & Edit'!AX22),'Master Data'!$N$31,BU21)) -> 39100 | BX22: =IF(BB22="",0,BF22) -> 0
A23: =MOD(B23,2) -> 0 | B23: =IF(LEN(D23)>=3,B22+1,0) -> 16 | C23: =IF(B23=0,"",B23) -> 16 | D23: =IFERROR(IF(BO27="","",BO27),"") -> DA Arrear 55% to 58% | E23: =IFERROR(IF(D23="","",IF(AND(BQ27=""),"",IF(AND('Master Data'!$I$29='GA55 Check & Edit'!$AP$6),VLOOKUP(D23,ram,13,0),VLOOKUP(D23,ram,4,0)))),"") | F23: =IFERROR(IF(D23="","",IF(D23=$AX$24,"",IF(AND(D23=$AX$28),"",IF(AND('Master Data'!$I$29='GA55 Check & Edit'!$AP$5),VLOOKUP(D23,ram,7,0),"")))),"") -> 3519 | G23: =IFERROR(IF(D23="","",IF(D23=$AX$24,"",IF(AND(D23=$AX$25),"",IF(AND(D23=$AX$26),"",IF(AND(D23=$AX$27),"",IF(AND(D23=$AX$28),"",IF(AND(D23=$AX$29),"",IF(AND('Master Data'!$I$29='GA55 Check & Edit'!$AP$6),"",VLOOKUP(D23,ram,8,0))))))))),"") | H23: =IFERROR(IF(D23="","",IF(AND(E23=""),"",IF(OR(D23=$AX$24,D23=$AX$25,D23=$AX$26,D23=$AX$27,D23=$AX$28,D23=$AX$29),"",IF(AND('Master Data'!$I$29='GA55 Check & Edit'!$AP$5),'Master Data'!$B$44,"")))),"") | I23: =IFERROR(IF(D23="","",IF(AND(E23=""),"",IF(OR(D23=$AX$24,D23=$AX$25,D23=$AX$26,D23=$AX$27,D23=$AX$28,D23=$AX$29),"",IF(AND('Master Data'!$I$29='GA55 Check & Edit'!$AP$5,'Master Data'!$E$29='GA55 Check & Edit'!$AO$5),'Master Data'!$E$31,"0")))),"") | J23: =IFERROR(IF(OR('Master Data'!$E$33=$AO$6,'Master Data'!$E$33=""),"",IF(D23="","",IF(AND(E23=""),"",IF(OR(D23=$AX$24,D23=$AX$25,D23=$AX$26,D23=$AX$27,D23=$AX$28,D23=$AX$29),"",IF(AND('Master Data'!$I$29='GA55 Check & Edit'!$AP$6),"",IF(AND('Master Data'!$I$33=$AR$9),$AS$6,IF(AND('Master Data'!$I$33=$AR$10),$AS$6,IF(AND('Master Data'!$I$33=$AR$11),$AS$6,IF(AND('Master Data'!$I$33=$AR$12),$AS$6,$AS$5))))))))),"") | K23: =IFERROR(IF(D23="","",IF(AND(E23=""),"",IF(OR(D23=$AX$24,D23=$AX$25,D23=$AX$26,D23=$AX$27,D23=$AX$28,D23=$AX$29),"",IF(AND('Master Data'!$I$29='GA55 Check & Edit'!$AP$5),'Master Data'!$C$44,"")))),"") | L23: =IFERROR(IF(D23="","",IF(AND(E23=""),"",IF(OR(D23=$AX$24,D23=$AX$25,D23=$AX$26,D23=$AX$27,D23=$AX$28,D23=$AX$29),"",IF(AND('Master Data'!$I$29='GA55 Check & Edit'!$AP$6),"",'Master Data'!$D$44)))),"") | M23: =IFERROR(IF(D23="","",IF(AND(E23=""),"",IF(OR(D23=$AX$24,D23=$AX$25,D23=$AX$26,D23=$AX$27,D23=$AX$28,D23=$AX$29),"",IF(AND('Master Data'!$I$29='GA55 Check & Edit'!$AP$6),"",'Master Data'!$E$44)))),"") | N23: =IFERROR(IF(D23="","",IF(AND('Master Data'!$I$29='GA55 Check & Edit'!$AP$6),"",IF(AND('Master Data'!$I$25='GA55 Check & Edit'!$AO$6),"0",IF(AND(D23="Bonus"),VLOOKUP(D23,ram,4,0),"")))),"") -> 0 | O23: =IF(D23="","",IF('Master Data'!$N$25="","",SUM(E23:N23))) -> 3519 | P23: =IFERROR(IF(OR('Master Data'!$I$29='GA55 Check & Edit'!$AP$6,D23=""),"",IF(AND(D23=$AX$24),"",IF(AND(D23=$AX$25),"",IF(AND(D23=$AX$26),"",IF(AND(D23=$AX$27),"",IF(AND(D23=$AX$28),"",IF(AND(D23=$AX$29),"",IF(AND(E23=""),"",VLOOKUP(D23,ram,11,0))))))))),"") | Q23: =IFERROR(IF(AND('Master Data'!$I$29='GA55 Check & Edit'!$AP$6),"",IF(AND(D23=$AX$25),"",IF(AND(D23=$AX$28),"",IF(AND(D23=$AX$29),"",IF(AND(D23=""),"",IF(AND(BB27=""),"",VLOOKUP(D23,ram,12,0))))))),"") -> 3519 | R23: =IFERROR(IF(OR('Master Data'!$I$29='GA55 Check & Edit'!$AP$6,D23=""),"",IF(AND(D23=$AX$24),"",IF(AND(D23=$AX$25),"",IF(AND(D23=$AX$26),"",IF(AND(D23=$AX$27),"",IF(AND(D23=$AX$28),"",IF(AND(D23=$AX$29),"",IF(AND(E23=""),"",'Master Data'!$I$44)))))))),"") | S23: =IFERROR(IF(OR('Master Data'!$I$29='GA55 Check & Edit'!$AP$6),"",IF(D23="","",IF(E23="","",IF(AND(D23=$AX$24),"",IF(AND(D23=$AX$25),"",IF(AND(D23=$AX$26),"",IF(AND(D23=$AX$27),"",IF(AND(D23=$AX$28),"",IF(AND(D23=$AX$29),"",VLOOKUP(D23,ram,10,0)))))))))),"") | T23: =IFERROR(IF(OR('Master Data'!$I$29='GA55 Check & Edit'!$AP$6,D23=""),"",IF(AND(D23=$AX$24),"",IF(AND(D23=$AX$25),"",IF(AND(D23=$AX$26),"",IF(AND(D23=$AX$27),"",IF(AND(D23=$AX$28),"",IF(AND(D23=$AX$29),"",IF(AND(E23=""),"",'Master Data'!$K$44)))))))),"") | U23: =IFERROR(IF(OR('Master Data'!$I$29='GA55 Check & Edit'!$AP$6,D23=""),"",IF(AND(D23=$AX$24),"",IF(AND(D23=$AX$25),"",IF(AND(D23=$AX$26),"",IF(AND(D23=$AX$27),"",IF(AND(D23=$AX$28),"",IF(AND(D23=$AX$29),"",IF(AND(E23=""),"",'Master Data'!$L$44)))))))),"") | V23: =IFERROR(IF(OR('Master Data'!$I$29='GA55 Check & Edit'!$AP$6,D23=""),"",IF(AND(D23=$AX$24),"",IF(AND(D23=$AX$25),"",IF(AND(D23=$AX$26),"",IF(AND(D23=$AX$27),"",IF(AND(D23=$AX$28),"",IF(AND(D23=$AX$29),"",IF(AND(E23=""),"",'Master Data'!$M$44)))))))),"") | W23: =IFERROR(IF(OR('Master Data'!$I$29='GA55 Check & Edit'!$AP$6,D23=""),"",IF(AND(D23=$AX$24),"",IF(AND(D23=$AX$25),"",IF(AND(D23=$AX$26),"",IF(AND(D23=$AX$27),"",IF(AND(D23=$AX$28),"",IF(AND(D23=$AX$29),"",IF(AND(E23=""),"",'Master Data'!$N$44)))))))),"") | X23: =IFERROR(IF(OR('Master Data'!$I$29='GA55 Check & Edit'!$AP$6,D23=""),"",IF(AND(E23=""),"",IF(AND('GA55 Check & Edit'!D23='GA55 Check & Edit'!$AT$17,'Master Data'!$D$18="Gazetted"),500,IF(AND('GA55 Check & Edit'!D23='GA55 Check & Edit'!$AT$17,'Master Data'!$D$18="Non-Gazetted"),250,"")))),"") | Y23: =IFERROR(IF(D23="","",IF(AND(E23=""),"",IF(AND(D23=$AX$24),"",IF(AND(D23=$AX$25),"",IF(AND(D23=$AX$26),"",IF(AND(D23=$AX$27),"",IF(AND(D23=$AX$28),"",IF(AND(D23=$AX$29),"",IF(OR('Master Data'!$I$29='GA55 Check & Edit'!$AP$6,D23=""),"",$Y$7))))))))),"") | AA23: =IFERROR(IF(OR('Master Data'!$I$29='GA55 Check & Edit'!$AP$6,D23="",'Master Data'!$N$35=""),"",IF(AND(E23=""),"",IF('GA55 Check & Edit'!D23='GA55 Check & Edit'!$AT$9,'Master Data'!$N$35,""))),"") | AB23: =IFERROR(IF(D23="","",IF(AND(O23=""),"",SUM(P23:AA23))),"0") -> 3519 | AC23: =IFERROR(IF(AND(E23="",O23="",AB23=""),"",SUM(O23-AB23)),"") -> 0 | AR23: =IF('Master Data'!I39<'GA55 Check & Edit'!AX16,MROUND('Master Data'!N25*1.03,100),MROUND(AZ15*1.03,100)) -> 39100 | AU23: L-16 | AW23: FEB | AX23: 46054 | AY23: 2 | BA23: =IF(AND('Master Data'!$N$25=""),"",IF(AND('Master Data'!$N$27='GA55 Check & Edit'!$AP$6),'GA55 Check & Edit'!$AZ$15,BU23)) -> 39100 | BB23: =IF(AND(AX23<$AZ$16),"",IF(AND(AX23>$AZ$17),"",BA23)) -> 39100 | BC23: =IF(AND('Master Data'!$N$25=""),"",ROUND(58%*BA23,0)) -> 22678 | BD23: =IF(BB23="","",BC23) -> 22678 | BE23: =IFERROR(IF(AND('Master Data'!$N$25=""),"",ROUND('Master Data'!$E$35%*BB23,0)),"") -> 3910 | BF23: ='Master Data'!M48 -> 0 | BG23: =IFERROR(IF(OR('Master Data'!$I$29='GA55 Check & Edit'!$AP$6),"",IF('Master Data'!$I$31="GPF-2004",IF(BB23<18001,265,IF(BB23<33501,440,IF(BB23<54001,658,875))),IF(AND('Master Data'!$I$31="GPF",'Master Data'!$J$44=""),IF(BB23<18001,265,IF(BB23<33501,440,IF(BB23<54001,658,875))),'Master Data'!$J$44))),"") -> 658 | BH23: =IFERROR(IF(OR('Master Data'!$I$29='GA55 Check & Edit'!$AP$6),"",'Master Data'!$G$44),"") | BI23: =IFERROR(IF(OR('Master Data'!$I$29='GA55 Check & Edit'!$AP$6),"",IF('Master Data'!$I$31="GPF-2004",IF(BB23<23101,1450,IF(BB23<28501,1625,IF(BB23<38501,2100,IF(BB23<51501,2850,IF(BB23<62001,3575,IF(BB23<72001,4200,IF(BB23<80001,4800,IF(BB23<116001,6150,IF(BB23<167001,8900,10500))))))))),'Master Data'!$H$44)),"") -> 2850 | BJ23: =BJ22 -> 39100 | BK23: 46054 | BL23: =IFERROR(IF('Master Data'!$N$25="","",IF('Master Data'!$F$41="","",IF(AND($AZ$17>$AZ$9),"",DATE(YEAR(BL22),MONTH(BL22)+1,DAY(BL22))))),"") -> 46054 | BM23: =IFERROR(IF('Master Data'!$N$25="","",IF('Master Data'!$F$41="","",IF(AND($AZ$17>$AZ$9),"",DATE(YEAR(BM22),MONTH(BM22)+1,DAY(BM22))))),"") -> 46054 | BN23: =IF(AND(BM23=""),"",IF(AND(BM23=$BK$12),$BK$12,IF(AND(BM23=$BK$13),$BK$13,IF(AND(BM23=$BK$14),$BK$14,IF(AND(BM23=$BK$15),$BK$15,IF(AND(BM23=$BK$16),$BK$16,IF(AND(BM23=$BK$17),$BK$17,IF(AND(BM23=$BK$18),$BK$18,IF(AND(BM23=$BK$19),$BK$19,IF(AND(BM23=$BK$20),$BK$20,IF(AND(BM23=$BK$21),$BK$21,IF(AND(BM23=$BK$22),$BK$22,IF(AND(BM23=$BK$23),$BK$23,IF(AND(BM23=$BK$24),$BM$24,IF(AND(BM23=$BK$25),$BM$25,IF(AND(BM23=$BK$26),$BM$26,IF(AND(BM23=$BK$27),$BM$27,IF(AND(BM23=$BK$28),$BM$28,IF(AND(BM23=$BK$29),$BM$29,IF(AND(BM23=$BK$30),$BM$30,IF(AND(BM23=$BK$31),$BM$31,IF(AND(BM23=$BK$32),$BM$32,"")))))))))))))))))))))) -> 46054 | BO23: =IFERROR(IF(BM23="","",IF(AND(BL23=$BK$24),$BM$24,IF(AND(BL23=$BK$25),$BM$25,IF(AND(BL23=$BK$26),$BM$26,IF(AND(BL23=$BK$27),$BM$27,IF(AND(BL23=$BK$28),$BM$28,IF(AND(BL23=$BK$29),$BM$29,IF(AND(BL23=$BK$30),$BM$30,BN23)))))))),"") -> 46054 | BQ23: =IFERROR(IF(BM23="","",IF(D19=$AX$25,$AX$25,IF(D19=$AX$30,$AX$30,IF(D19=$AX$31,$AX$31,IF(D19=$AX$32,$AX$32,IF(BM23>$AZ$17,"",BM23)))))),"") -> 46054 | BU23: =IF(AND('Master Data'!$N$25=""),"",IF(AND('Master Data'!$N$27='GA55 Check & Edit'!AX23),'Master Data'!$N$31,BU22)) -> 39100 | BX23: =IF(BB23="",0,BF23) -> 0
A24: =MOD(B24,2) -> 1 | B24: =IF(LEN(D24)>=3,B23+1,0) -> 17 | C24: =IF(B24=0,"",B24) -> 17 | D24: =IFERROR(IF(BO28="","",BO28),"") -> ACP/MACP Arrear | E24: =IFERROR(IF(D24="","",IF(AND(BQ28=""),"",IF(AND('Master Data'!$I$29='GA55 Check & Edit'!$AP$6),VLOOKUP(D24,ram,13,0),VLOOKUP(D24,ram,4,0)))),"") | F24: =IFERROR(IF(D24="","",IF(D24=$AX$24,"",IF(AND(D24=$AX$28),"",IF(AND('Master Data'!$I$29='GA55 Check & Edit'!$AP$5),VLOOKUP(D24,ram,7,0),"")))),"") | G24: =IFERROR(IF(D24="","",IF(D24=$AX$24,"",IF(AND(D24=$AX$25),"",IF(AND(D24=$AX$26),"",IF(AND(D24=$AX$27),"",IF(AND(D24=$AX$28),"",IF(AND(D24=$AX$29),"",IF(AND('Master Data'!$I$29='GA55 Check & Edit'!$AP$6),"",VLOOKUP(D24,ram,8,0))))))))),"") | H24: =IFERROR(IF(D24="","",IF(AND(E24=""),"",IF(OR(D24=$AX$24,D24=$AX$25,D24=$AX$26,D24=$AX$27,D24=$AX$28,D24=$AX$29),"",IF(AND('Master Data'!$I$29='GA55 Check & Edit'!$AP$5),'Master Data'!$B$44,"")))),"") | I24: =IFERROR(IF(D24="","",IF(AND(E24=""),"",IF(OR(D24=$AX$24,D24=$AX$25,D24=$AX$26,D24=$AX$27,D24=$AX$28,D24=$AX$29),"",IF(AND('Master Data'!$I$29='GA55 Check & Edit'!$AP$5,'Master Data'!$E$29='GA55 Check & Edit'!$AO$5),'Master Data'!$E$31,"0")))),"") | J24: =IFERROR(IF(OR('Master Data'!$E$33=$AO$6,'Master Data'!$E$33=""),"",IF(D24="","",IF(AND(E24=""),"",IF(OR(D24=$AX$24,D24=$AX$25,D24=$AX$26,D24=$AX$27,D24=$AX$28,D24=$AX$29),"",IF(AND('Master Data'!$I$29='GA55 Check & Edit'!$AP$6),"",IF(AND('Master Data'!$I$33=$AR$9),$AS$6,IF(AND('Master Data'!$I$33=$AR$10),$AS$6,IF(AND('Master Data'!$I$33=$AR$11),$AS$6,IF(AND('Master Data'!$I$33=$AR$12),$AS$6,$AS$5))))))))),"") | K24: =IFERROR(IF(D24="","",IF(AND(E24=""),"",IF(OR(D24=$AX$24,D24=$AX$25,D24=$AX$26,D24=$AX$27,D24=$AX$28,D24=$AX$29),"",IF(AND('Master Data'!$I$29='GA55 Check & Edit'!$AP$5),'Master Data'!$C$44,"")))),"") | L24: =IFERROR(IF(D24="","",IF(AND(E24=""),"",IF(OR(D24=$AX$24,D24=$AX$25,D24=$AX$26,D24=$AX$27,D24=$AX$28,D24=$AX$29),"",IF(AND('Master Data'!$I$29='GA55 Check & Edit'!$AP$6),"",'Master Data'!$D$44)))),"") | M24: =IFERROR(IF(D24="","",IF(AND(E24=""),"",IF(OR(D24=$AX$24,D24=$AX$25,D24=$AX$26,D24=$AX$27,D24=$AX$28,D24=$AX$29),"",IF(AND('Master Data'!$I$29='GA55 Check & Edit'!$AP$6),"",'Master Data'!$E$44)))),"") | N24: =IFERROR(IF(D24="","",IF(AND('Master Data'!$I$29='GA55 Check & Edit'!$AP$6),"",IF(AND('Master Data'!$I$25='GA55 Check & Edit'!$AO$6),"0",IF(AND(D24="Bonus"),VLOOKUP(D24,ram,4,0),"")))),"") -> 0 | O24: =IF(D24="","",IF('Master Data'!$N$25="","",SUM(E24:N24))) -> 0 | P24: =IFERROR(IF(OR('Master Data'!$I$29='GA55 Check & Edit'!$AP$6,D24=""),"",IF(AND(D24=$AX$24),"",IF(AND(D24=$AX$25),"",IF(AND(D24=$AX$26),"",IF(AND(D24=$AX$27),"",IF(AND(D24=$AX$28),"",IF(AND(D24=$AX$29),"",IF(AND(E24=""),"",VLOOKUP(D24,ram,11,0))))))))),"") | Q24: =IFERROR(IF(AND('Master Data'!$I$29='GA55 Check & Edit'!$AP$6),"",IF(AND(D24=$AX$25),"",IF(AND(D24=$AX$28),"",IF(AND(D24=$AX$29),"",IF(AND(D24=""),"",IF(AND(BB28=""),"",VLOOKUP(D24,ram,12,0))))))),"") | R24: =IFERROR(IF(OR('Master Data'!$I$29='GA55 Check & Edit'!$AP$6,D24=""),"",IF(AND(D24=$AX$24),"",IF(AND(D24=$AX$25),"",IF(AND(D24=$AX$26),"",IF(AND(D24=$AX$27),"",IF(AND(D24=$AX$28),"",IF(AND(D24=$AX$29),"",IF(AND(E24=""),"",'Master Data'!$I$44)))))))),"") | S24: =IFERROR(IF(OR('Master Data'!$I$29='GA55 Check & Edit'!$AP$6),"",IF(D24="","",IF(E24="","",IF(AND(D24=$AX$24),"",IF(AND(D24=$AX$25),"",IF(AND(D24=$AX$26),"",IF(AND(D24=$AX$27),"",IF(AND(D24=$AX$28),"",IF(AND(D24=$AX$29),"",VLOOKUP(D24,ram,10,0)))))))))),"") | T24: =IFERROR(IF(OR('Master Data'!$I$29='GA55 Check & Edit'!$AP$6,D24=""),"",IF(AND(D24=$AX$24),"",IF(AND(D24=$AX$25),"",IF(AND(D24=$AX$26),"",IF(AND(D24=$AX$27),"",IF(AND(D24=$AX$28),"",IF(AND(D24=$AX$29),"",IF(AND(E24=""),"",'Master Data'!$K$44)))))))),"") | U24: =IFERROR(IF(OR('Master Data'!$I$29='GA55 Check & Edit'!$AP$6,D24=""),"",IF(AND(D24=$AX$24),"",IF(AND(D24=$AX$25),"",IF(AND(D24=$AX$26),"",IF(AND(D24=$AX$27),"",IF(AND(D24=$AX$28),"",IF(AND(D24=$AX$29),"",IF(AND(E24=""),"",'Master Data'!$L$44)))))))),"") | V24: =IFERROR(IF(OR('Master Data'!$I$29='GA55 Check & Edit'!$AP$6,D24=""),"",IF(AND(D24=$AX$24),"",IF(AND(D24=$AX$25),"",IF(AND(D24=$AX$26),"",IF(AND(D24=$AX$27),"",IF(AND(D24=$AX$28),"",IF(AND(D24=$AX$29),"",IF(AND(E24=""),"",'Master Data'!$M$44)))))))),"") | W24: =IFERROR(IF(OR('Master Data'!$I$29='GA55 Check & Edit'!$AP$6,D24=""),"",IF(AND(D24=$AX$24),"",IF(AND(D24=$AX$25),"",IF(AND(D24=$AX$26),"",IF(AND(D24=$AX$27),"",IF(AND(D24=$AX$28),"",IF(AND(D24=$AX$29),"",IF(AND(E24=""),"",'Master Data'!$N$44)))))))),"") | X24: =IFERROR(IF(OR('Master Data'!$I$29='GA55 Check & Edit'!$AP$6,D24=""),"",IF(AND(E24=""),"",IF(AND('GA55 Check & Edit'!D24='GA55 Check & Edit'!$AT$17,'Master Data'!$D$18="Gazetted"),500,IF(AND('GA55 Check & Edit'!D24='GA55 Check & Edit'!$AT$17,'Master Data'!$D$18="Non-Gazetted"),250,"")))),"") | Y24: =IFERROR(IF(D24="","",IF(AND(E24=""),"",IF(AND(D24=$AX$24),"",IF(AND(D24=$AX$25),"",IF(AND(D24=$AX$26),"",IF(AND(D24=$AX$27),"",IF(AND(D24=$AX$28),"",IF(AND(D24=$AX$29),"",IF(OR('Master Data'!$I$29='GA55 Check & Edit'!$AP$6,D24=""),"",$Y$7))))))))),"") | AA24: =IFERROR(IF(OR('Master Data'!$I$29='GA55 Check & Edit'!$AP$6,D24="",'Master Data'!$N$35=""),"",IF(AND(E24=""),"",IF('GA55 Check & Edit'!D24='GA55 Check & Edit'!$AT$9,'Master Data'!$N$35,""))),"") | AB24: =IFERROR(IF(D24="","",IF(AND(O24=""),"",SUM(P24:AA24))),"0") -> 0 | AC24: =IFERROR(IF(AND(E24="",O24="",AB24=""),"",SUM(O24-AB24)),"") -> 0 | AS24: =MROUND('Master Data'!N25*1.03,100) -> 39100 | AU24: L-17 | AX24: =BM24 -> Bonus | BA24: =IF('Master Data'!$I$27=1,ROUND((6774/12)*1,0),IF('Master Data'!$I$27=2,ROUND((6774/12)*2,0),IF('Master Data'!$I$27=3,ROUND((6774/12)*3,0),IF('Master Data'!$I$27=4,ROUND((6774/12)*4,0),IF('Master Data'!$I$27=5,ROUND((6774/12)*5,0),IF('Master Data'!$I$27=6,ROUND((6774/12)*6,0),IF('Master Data'!$I$27=7,ROUND((6774/12)*7,0),IF('Master Data'!$I$27=8,ROUND((6774/12)*8,0),IF('Master Data'!$I$27=9,ROUND((6774/12)*9,0),IF('Master Data'!$I$27=10,ROUND((6774/12)*10,0),IF('Master Data'!$I$27=11,ROUND((6774/12)*11,0),IF('Master Data'!$I$27=12,ROUND((6774/12)*12,0),0)))))))))))) -> 6774 | BB24: 6774 | BD24: =IF(BC24="","",BC24) | BI24: =IF('Master Data'!$I$25="No","",ROUND(BA24*25%,0)) | BK24: 46082 | BL24: =IFERROR(IF('Master Data'!$N$25="","",IF('Master Data'!$F$41="","",IF(AND($AZ$17>$AZ$9),"",DATE(YEAR(BL23),MONTH(BL23)+1,DAY(BL23))))),"") -> 46082 | BM24: Bonus | BN24: =IF(AND(BM24=""),"",IF(AND(BM24=$BK$12),$BK$12,IF(AND(BM24=$BK$13),$BK$13,IF(AND(BM24=$BK$14),$BK$14,IF(AND(BM24=$BK$15),$BK$15,IF(AND(BM24=$BK$16),$BK$16,IF(AND(BM24=$BK$17),$BK$17,IF(AND(BM24=$BK$18),$BK$18,IF(AND(BM24=$BK$19),$BK$19,IF(AND(BM24=$BK$20),$BK$20,IF(AND(BM24=$BK$21),$BK$21,IF(AND(BM24=$BK$22),$BK$22,IF(AND(BM24=$BK$23),$BK$23,IF(AND(BM24=$BK$24),$BM$24,IF(AND(BM24=$BK$25),$BM$25,IF(AND(BM24=$BK$26),$BM$26,IF(AND(BM24=$BK$27),$BM$27,IF(AND(BM24=$BK$28),$BM$28,IF(AND(BM24=$BK$29),$BM$29,IF(AND(BM24=$BK$30),$BM$30,IF(AND(BM24=$BK$31),$BM$31,IF(AND(BM24=$BK$32),$BM$32,"")))))))))))))))))))))) | BO24: =IFERROR(IF(BM24="","",IF(AND(BL24=$BK$24),$BM$24,IF(AND(BL24=$BK$25),$BM$25,IF(AND(BL24=$BK$26),$BM$26,IF(AND(BL24=$BK$27),$BM$27,IF(AND(BL24=$BK$28),$BM$28,IF(AND(BL24=$BK$29),$BM$29,IF(AND(BL24=$BK$30),$BM$30,BN24)))))))),"") -> Bonus | BQ24: =IFERROR(IF(BM24="","",IF(D20=$AX$25,$AX$25,IF(D20=$AX$30,$AX$30,IF(D20=$AX$31,$AX$31,IF(D20=$AX$32,$AX$32,IF(BM24>$AZ$17,"",BM24)))))),"") | BW24: =MATCH(BM24,$D$8:$D$28,0) -> 13 | BX24: =IFERROR(IF(BB24="",0,VLOOKUP(BW24,$C$8:$AC$28,24)),0) | BZ24: =VLOOKUP(BW24,$C$8:$AC$28,24)
A25: =MOD(B25,2) -> 0 | B25: =IF(LEN(D25)>=3,B24+1,0) -> 18 | C25: =IF(B25=0,"",B25) -> 18 | D25: =IFERROR(IF(BO29="","",BO29),"") -> PL Surrender Arrear | E25: =IFERROR(IF(D25="","",IF(AND(BQ29=""),"",IF(AND('Master Data'!$I$29='GA55 Check & Edit'!$AP$6),VLOOKUP(D25,ram,13,0),VLOOKUP(D25,ram,4,0)))),"") | F25: =IFERROR(IF(D25="","",IF(D25=$AX$24,"",IF(AND(D25=$AX$28),"",IF(AND('Master Data'!$I$29='GA55 Check & Edit'!$AP$5),VLOOKUP(D25,ram,7,0),"")))),"") | G25: =IFERROR(IF(D25="","",IF(D25=$AX$24,"",IF(AND(D25=$AX$25),"",IF(AND(D25=$AX$26),"",IF(AND(D25=$AX$27),"",IF(AND(D25=$AX$28),"",IF(AND(D25=$AX$29),"",IF(AND('Master Data'!$I$29='GA55 Check & Edit'!$AP$6),"",VLOOKUP(D25,ram,8,0))))))))),"") | H25: =IFERROR(IF(D25="","",IF(AND(E25=""),"",IF(OR(D25=$AX$24,D25=$AX$25,D25=$AX$26,D25=$AX$27,D25=$AX$28,D25=$AX$29),"",IF(AND('Master Data'!$I$29='GA55 Check & Edit'!$AP$5),'Master Data'!$B$44,"")))),"") | I25: =IFERROR(IF(D25="","",IF(AND(E25=""),"",IF(OR(D25=$AX$24,D25=$AX$25,D25=$AX$26,D25=$AX$27,D25=$AX$28,D25=$AX$29),"",IF(AND('Master Data'!$I$29='GA55 Check & Edit'!$AP$5,'Master Data'!$E$29='GA55 Check & Edit'!$AO$5),'Master Data'!$E$31,"0")))),"") | J25: =IFERROR(IF(OR('Master Data'!$E$33=$AO$6,'Master Data'!$E$33=""),"",IF(D25="","",IF(AND(E25=""),"",IF(OR(D25=$AX$24,D25=$AX$25,D25=$AX$26,D25=$AX$27,D25=$AX$28,D25=$AX$29),"",IF(AND('Master Data'!$I$29='GA55 Check & Edit'!$AP$6),"",IF(AND('Master Data'!$I$33=$AR$9),$AS$6,IF(AND('Master Data'!$I$33=$AR$10),$AS$6,IF(AND('Master Data'!$I$33=$AR$11),$AS$6,IF(AND('Master Data'!$I$33=$AR$12),$AS$6,$AS$5))))))))),"") | K25: =IFERROR(IF(D25="","",IF(AND(E25=""),"",IF(OR(D25=$AX$24,D25=$AX$25,D25=$AX$26,D25=$AX$27,D25=$AX$28,D25=$AX$29),"",IF(AND('Master Data'!$I$29='GA55 Check & Edit'!$AP$5),'Master Data'!$C$44,"")))),"") | L25: =IFERROR(IF(D25="","",IF(AND(E25=""),"",IF(OR(D25=$AX$24,D25=$AX$25,D25=$AX$26,D25=$AX$27,D25=$AX$28,D25=$AX$29),"",IF(AND('Master Data'!$I$29='GA55 Check & Edit'!$AP$6),"",'Master Data'!$D$44)))),"") | M25: =IFERROR(IF(D25="","",IF(AND(E25=""),"",IF(OR(D25=$AX$24,D25=$AX$25,D25=$AX$26,D25=$AX$27,D25=$AX$28,D25=$AX$29),"",IF(AND('Master Data'!$I$29='GA55 Check & Edit'!$AP$6),"",'Master Data'!$E$44)))),"") | N25: =IFERROR(IF(D25="","",IF(AND('Master Data'!$I$29='GA55 Check & Edit'!$AP$6),"",IF(AND('Master Data'!$I$25='GA55 Check & Edit'!$AO$6),"0",IF(AND(D25="Bonus"),VLOOKUP(D25,ram,4,0),"")))),"") -> 0 | O25: =IF(D25="","",IF('Master Data'!$N$25="","",SUM(E25:N25))) -> 0 | P25: =IFERROR(IF(OR('Master Data'!$I$29='GA55 Check & Edit'!$AP$6,D25=""),"",IF(AND(D25=$AX$24),"",IF(AND(D25=$AX$25),"",IF(AND(D25=$AX$26),"",IF(AND(D25=$AX$27),"",IF(AND(D25=$AX$28),"",IF(AND(D25=$AX$29),"",IF(AND(E25=""),"",VLOOKUP(D25,ram,11,0))))))))),"") | Q25: =IFERROR(IF(AND('Master Data'!$I$29='GA55 Check & Edit'!$AP$6),"",IF(AND(D25=$AX$25),"",IF(AND(D25=$AX$28),"",IF(AND(D25=$AX$29),"",IF(AND(D25=""),"",IF(AND(BB29=""),"",VLOOKUP(D25,ram,12,0))))))),"") | R25: =IFERROR(IF(OR('Master Data'!$I$29='GA55 Check & Edit'!$AP$6,D25=""),"",IF(AND(D25=$AX$24),"",IF(AND(D25=$AX$25),"",IF(AND(D25=$AX$26),"",IF(AND(D25=$AX$27),"",IF(AND(D25=$AX$28),"",IF(AND(D25=$AX$29),"",IF(AND(E25=""),"",'Master Data'!$I$44)))))))),"") | S25: =IFERROR(IF(OR('Master Data'!$I$29='GA55 Check & Edit'!$AP$6),"",IF(D25="","",IF(E25="","",IF(AND(D25=$AX$24),"",IF(AND(D25=$AX$25),"",IF(AND(D25=$AX$26),"",IF(AND(D25=$AX$27),"",IF(AND(D25=$AX$28),"",IF(AND(D25=$AX$29),"",VLOOKUP(D25,ram,10,0)))))))))),"") | T25: =IFERROR(IF(OR('Master Data'!$I$29='GA55 Check & Edit'!$AP$6,D25=""),"",IF(AND(D25=$AX$24),"",IF(AND(D25=$AX$25),"",IF(AND(D25=$AX$26),"",IF(AND(D25=$AX$27),"",IF(AND(D25=$AX$28),"",IF(AND(D25=$AX$29),"",IF(AND(E25=""),"",'Master Data'!$K$44)))))))),"") | U25: =IFERROR(IF(OR('Master Data'!$I$29='GA55 Check & Edit'!$AP$6,D25=""),"",IF(AND(D25=$AX$24),"",IF(AND(D25=$AX$25),"",IF(AND(D25=$AX$26),"",IF(AND(D25=$AX$27),"",IF(AND(D25=$AX$28),"",IF(AND(D25=$AX$29),"",IF(AND(E25=""),"",'Master Data'!$L$44)))))))),"") | V25: =IFERROR(IF(OR('Master Data'!$I$29='GA55 Check & Edit'!$AP$6,D25=""),"",IF(AND(D25=$AX$24),"",IF(AND(D25=$AX$25),"",IF(AND(D25=$AX$26),"",IF(AND(D25=$AX$27),"",IF(AND(D25=$AX$28),"",IF(AND(D25=$AX$29),"",IF(AND(E25=""),"",'Master Data'!$M$44)))))))),"") | W25: =IFERROR(IF(OR('Master Data'!$I$29='GA55 Check & Edit'!$AP$6,D25=""),"",IF(AND(D25=$AX$24),"",IF(AND(D25=$AX$25),"",IF(AND(D25=$AX$26),"",IF(AND(D25=$AX$27),"",IF(AND(D25=$AX$28),"",IF(AND(D25=$AX$29),"",IF(AND(E25=""),"",'Master Data'!$N$44)))))))),"") | X25: =IFERROR(IF(OR('Master Data'!$I$29='GA55 Check & Edit'!$AP$6,D25=""),"",IF(AND(E25=""),"",IF(AND('GA55 Check & Edit'!D25='GA55 Check & Edit'!$AT$17,'Master Data'!$D$18="Gazetted"),500,IF(AND('GA55 Check & Edit'!D25='GA55 Check & Edit'!$AT$17,'Master Data'!$D$18="Non-Gazetted"),250,"")))),"") | Y25: =IFERROR(IF(D25="","",IF(AND(E25=""),"",IF(AND(D25=$AX$24),"",IF(AND(D25=$AX$25),"",IF(AND(D25=$AX$26),"",IF(AND(D25=$AX$27),"",IF(AND(D25=$AX$28),"",IF(AND(D25=$AX$29),"",IF(OR('Master Data'!$I$29='GA55 Check & Edit'!$AP$6,D25=""),"",$Y$7))))))))),"") | AA25: =IFERROR(IF(OR('Master Data'!$I$29='GA55 Check & Edit'!$AP$6,D25="",'Master Data'!$N$35=""),"",IF(AND(E25=""),"",IF('GA55 Check & Edit'!D25='GA55 Check & Edit'!$AT$9,'Master Data'!$N$35,""))),"") | AB25: =IFERROR(IF(D25="","",IF(AND(O25=""),"",SUM(P25:AA25))),"0") -> 0 | AC25: =IFERROR(IF(AND(E25="",O25="",AB25=""),"",SUM(O25-AB25)),"") -> 0 | AS25: =MROUND(AZ15*1.03,100) -> 39100 | AU25: L-18 | AX25: =BM25 -> PL Surrender | BA25: =IF('Master Data'!$I$29='GA55 Check & Edit'!$AP$6,"",IF(OR('Master Data'!E23="NO",'Master Data'!E23=""),"",VLOOKUP('Master Data'!I23,AW12:BD29,5,0)/2)) | BC25: =IF('Master Data'!$I$29='GA55 Check & Edit'!$AP$6,"",IF(AND(BA25=""),"",IF(OR('Master Data'!I23='GA55 Check & Edit'!AW12),ROUND(55%*BA25,0),IF(OR('Master Data'!I23='GA55 Check & Edit'!AW13,'Master Data'!I23='GA55 Check & Edit'!AW14,'Master Data'!I23='GA55 Check & Edit'!AW15),ROUND(55%*BA25,0),IF(OR('Master Data'!I23='GA55 Check & Edit'!AW16,'Master Data'!I23='GA55 Check & Edit'!AW17,'Master Data'!I23='GA55 Check & Edit'!AW18),ROUND(55%*BA25,0),ROUND(58%*BA25,0)))))) | BD25: =IF(BC25="","",BC25) | BK25: 46113 | BL25: =IFERROR(IF('Master Data'!$N$25="","",IF('Master Data'!$F$41="","",IF(AND($AZ$17>$AZ$9),"",DATE(YEAR(BL24),MONTH(BL24)+1,DAY(BL24))))),"") -> 46113 | BM25: PL Surrender | BN25: =IF(AND(BM25=""),"",IF(AND(BM25=$BK$12),$BK$12,IF(AND(BM25=$BK$13),$BK$13,IF(AND(BM25=$BK$14),$BK$14,IF(AND(BM25=$BK$15),$BK$15,IF(AND(BM25=$BK$16),$BK$16,IF(AND(BM25=$BK$17),$BK$17,IF(AND(BM25=$BK$18),$BK$18,IF(AND(BM25=$BK$19),$BK$19,IF(AND(BM25=$BK$20),$BK$20,IF(AND(BM25=$BK$21),$BK$21,IF(AND(BM25=$BK$22),$BK$22,IF(AND(BM25=$BK$23),$BK$23,IF(AND(BM25=$BK$24),$BM$24,IF(AND(BM25=$BK$25),$BM$25,IF(AND(BM25=$BK$26),$BM$26,IF(AND(BM25=$BK$27),$BM$27,IF(AND(BM25=$BK$28),$BM$28,IF(AND(BM25=$BK$29),$BM$29,IF(AND(BM25=$BK$30),$BM$30,IF(AND(BM25=$BK$31),$BM$31,IF(AND(BM25=$BK$32),$BM$32,"")))))))))))))))))))))) | BO25: =IFERROR(IF(BM25="","",IF(AND(BL25=$BK$24),$BM$24,IF(AND(BL25=$BK$25),$BM$25,IF(AND(BL25=$BK$26),$BM$26,IF(AND(BL25=$BK$27),$BM$27,IF(AND(BL25=$BK$28),$BM$28,IF(AND(BL25=$BK$29),$BM$29,IF(AND(BL25=$BK$30),$BM$30,BN25)))))))),"") -> PL Surrender | BQ25: =IFERROR(IF(BM25="","",IF(D21=$AX$25,$AX$25,IF(D21=$AX$30,$AX$30,IF(D21=$AX$31,$AX$31,IF(D21=$AX$32,$AX$32,IF(BM25>$AZ$17,"",BM25)))))),"") -> PL Surrender | BW25: =MATCH(BM25,$D$8:$D$28,0) -> 14 | BX25: =IFERROR(IF(BB25="",0,VLOOKUP(BW25,$C$8:$AC$28,24)),0) -> 0 | BZ25: =VLOOKUP(BW25,$C$8:$AC$28,24)
A26: =MOD(B26,2) -> 1 | B26: =IF(LEN(D26)>=3,B25+1,0) -> 19 | C26: =IF(B26=0,"",B26) -> 19 | D26: =IFERROR(IF(BO30="","",BO30),"") -> Fixation arrear | E26: =IFERROR(IF(D26="","",IF(AND(BQ30=""),"",IF(AND('Master Data'!$I$29='GA55 Check & Edit'!$AP$6),VLOOKUP(D26,ram,13,0),VLOOKUP(D26,ram,4,0)))),"") | F26: =IFERROR(IF(D26="","",IF(D26=$AX$24,"",IF(AND(D26=$AX$28),"",IF(AND('Master Data'!$I$29='GA55 Check & Edit'!$AP$5),VLOOKUP(D26,ram,7,0),"")))),"") | G26: =IFERROR(IF(D26="","",IF(D26=$AX$24,"",IF(AND(D26=$AX$25),"",IF(AND(D26=$AX$26),"",IF(AND(D26=$AX$27),"",IF(AND(D26=$AX$28),"",IF(AND(D26=$AX$29),"",IF(AND('Master Data'!$I$29='GA55 Check & Edit'!$AP$6),"",VLOOKUP(D26,ram,8,0))))))))),"") | H26: =IFERROR(IF(D26="","",IF(AND(E26=""),"",IF(OR(D26=$AX$24,D26=$AX$25,D26=$AX$26,D26=$AX$27,D26=$AX$28,D26=$AX$29),"",IF(AND('Master Data'!$I$29='GA55 Check & Edit'!$AP$5),'Master Data'!$B$44,"")))),"") | I26: =IFERROR(IF(D26="","",IF(AND(E26=""),"",IF(OR(D26=$AX$24,D26=$AX$25,D26=$AX$26,D26=$AX$27,D26=$AX$28,D26=$AX$29),"",IF(AND('Master Data'!$I$29='GA55 Check & Edit'!$AP$5,'Master Data'!$E$29='GA55 Check & Edit'!$AO$5),'Master Data'!$E$31,"0")))),"") | J26: =IFERROR(IF(OR('Master Data'!$E$33=$AO$6,'Master Data'!$E$33=""),"",IF(D26="","",IF(AND(E26=""),"",IF(OR(D26=$AX$24,D26=$AX$25,D26=$AX$26,D26=$AX$27,D26=$AX$28,D26=$AX$29),"",IF(AND('Master Data'!$I$29='GA55 Check & Edit'!$AP$6),"",IF(AND('Master Data'!$I$33=$AR$9),$AS$6,IF(AND('Master Data'!$I$33=$AR$10),$AS$6,IF(AND('Master Data'!$I$33=$AR$11),$AS$6,IF(AND('Master Data'!$I$33=$AR$12),$AS$6,$AS$5))))))))),"") | K26: =IFERROR(IF(D26="","",IF(AND(E26=""),"",IF(OR(D26=$AX$24,D26=$AX$25,D26=$AX$26,D26=$AX$27,D26=$AX$28,D26=$AX$29),"",IF(AND('Master Data'!$I$29='GA55 Check & Edit'!$AP$5),'Master Data'!$C$44,"")))),"") | L26: =IFERROR(IF(D26="","",IF(AND(E26=""),"",IF(OR(D26=$AX$24,D26=$AX$25,D26=$AX$26,D26=$AX$27,D26=$AX$28,D26=$AX$29),"",IF(AND('Master Data'!$I$29='GA55 Check & Edit'!$AP$6),"",'Master Data'!$D$44)))),"") | M26: =IFERROR(IF(D26="","",IF(AND(E26=""),"",IF(OR(D26=$AX$24,D26=$AX$25,D26=$AX$26,D26=$AX$27,D26=$AX$28,D26=$AX$29),"",IF(AND('Master Data'!$I$29='GA55 Check & Edit'!$AP$6),"",'Master Data'!$E$44)))),"") | N26: =IFERROR(IF(D26="","",IF(AND('Master Data'!$I$29='GA55 Check & Edit'!$AP$6),"",IF(AND('Master Data'!$I$25='GA55 Check & Edit'!$AO$6),"0",IF(AND(D26="Bonus"),VLOOKUP(D26,ram,4,0),"")))),"") -> 0 | O26: =IF(D26="","",IF('Master Data'!$N$25="","",SUM(E26:N26))) -> 0 | P26: =IFERROR(IF(OR('Master Data'!$I$29='GA55 Check & Edit'!$AP$6,D26=""),"",IF(AND(D26=$AX$24),"",IF(AND(D26=$AX$25),"",IF(AND(D26=$AX$26),"",IF(AND(D26=$AX$27),"",IF(AND(D26=$AX$28),"",IF(AND(D26=$AX$29),"",IF(AND(E26=""),"",VLOOKUP(D26,ram,11,0))))))))),"") | Q26: =IFERROR(IF(AND('Master Data'!$I$29='GA55 Check & Edit'!$AP$6),"",IF(AND(D26=$AX$25),"",IF(AND(D26=$AX$28),"",IF(AND(D26=$AX$29),"",IF(AND(D26=""),"",IF(AND(BB30=""),"",VLOOKUP(D26,ram,12,0))))))),"") | R26: =IFERROR(IF(OR('Master Data'!$I$29='GA55 Check & Edit'!$AP$6,D26=""),"",IF(AND(D26=$AX$24),"",IF(AND(D26=$AX$25),"",IF(AND(D26=$AX$26),"",IF(AND(D26=$AX$27),"",IF(AND(D26=$AX$28),"",IF(AND(D26=$AX$29),"",IF(AND(E26=""),"",'Master Data'!$I$44)))))))),"") | S26: =IFERROR(IF(OR('Master Data'!$I$29='GA55 Check & Edit'!$AP$6),"",IF(D26="","",IF(E26="","",IF(AND(D26=$AX$24),"",IF(AND(D26=$AX$25),"",IF(AND(D26=$AX$26),"",IF(AND(D26=$AX$27),"",IF(AND(D26=$AX$28),"",IF(AND(D26=$AX$29),"",VLOOKUP(D26,ram,10,0)))))))))),"") | T26: =IFERROR(IF(OR('Master Data'!$I$29='GA55 Check & Edit'!$AP$6,D26=""),"",IF(AND(D26=$AX$24),"",IF(AND(D26=$AX$25),"",IF(AND(D26=$AX$26),"",IF(AND(D26=$AX$27),"",IF(AND(D26=$AX$28),"",IF(AND(D26=$AX$29),"",IF(AND(E26=""),"",'Master Data'!$K$44)))))))),"") | U26: =IFERROR(IF(OR('Master Data'!$I$29='GA55 Check & Edit'!$AP$6,D26=""),"",IF(AND(D26=$AX$24),"",IF(AND(D26=$AX$25),"",IF(AND(D26=$AX$26),"",IF(AND(D26=$AX$27),"",IF(AND(D26=$AX$28),"",IF(AND(D26=$AX$29),"",IF(AND(E26=""),"",'Master Data'!$L$44)))))))),"") | V26: =IFERROR(IF(OR('Master Data'!$I$29='GA55 Check & Edit'!$AP$6,D26=""),"",IF(AND(D26=$AX$24),"",IF(AND(D26=$AX$25),"",IF(AND(D26=$AX$26),"",IF(AND(D26=$AX$27),"",IF(AND(D26=$AX$28),"",IF(AND(D26=$AX$29),"",IF(AND(E26=""),"",'Master Data'!$M$44)))))))),"") | W26: =IFERROR(IF(OR('Master Data'!$I$29='GA55 Check & Edit'!$AP$6,D26=""),"",IF(AND(D26=$AX$24),"",IF(AND(D26=$AX$25),"",IF(AND(D26=$AX$26),"",IF(AND(D26=$AX$27),"",IF(AND(D26=$AX$28),"",IF(AND(D26=$AX$29),"",IF(AND(E26=""),"",'Master Data'!$N$44)))))))),"") | X26: =IFERROR(IF(OR('Master Data'!$I$29='GA55 Check & Edit'!$AP$6,D26=""),"",IF(AND(E26=""),"",IF(AND('GA55 Check & Edit'!D26='GA55 Check & Edit'!$AT$17,'Master Data'!$D$18="Gazetted"),500,IF(AND('GA55 Check & Edit'!D26='GA55 Check & Edit'!$AT$17,'Master Data'!$D$18="Non-Gazetted"),250,"")))),"") | Y26: =IFERROR(IF(D26="","",IF(AND(E26=""),"",IF(AND(D26=$AX$24),"",IF(AND(D26=$AX$25),"",IF(AND(D26=$AX$26),"",IF(AND(D26=$AX$27),"",IF(AND(D26=$AX$28),"",IF(AND(D26=$AX$29),"",IF(OR('Master Data'!$I$29='GA55 Check & Edit'!$AP$6,D26=""),"",$Y$7))))))))),"") | AA26: =IFERROR(IF(OR('Master Data'!$I$29='GA55 Check & Edit'!$AP$6,D26="",'Master Data'!$N$35=""),"",IF(AND(E26=""),"",IF('GA55 Check & Edit'!D26='GA55 Check & Edit'!$AT$9,'Master Data'!$N$35,""))),"") | AB26: =IFERROR(IF(D26="","",IF(AND(O26=""),"",SUM(P26:AA26))),"0") -> 0 | AC26: =IFERROR(IF(AND(E26="",O26="",AB26=""),"",SUM(O26-AB26)),"") -> 0 | AU26: L-19 | AX26: =BM26 -> DA Arrear 53 to 55% | BB26: =(ROUND((BA12*55%),0)-ROUND((BA12*53%),0))*3 -> 2280 | BC26: =(ROUND((BA12*55%),0)-ROUND((BA12*53%),0))*3 -> 2280 | BD26: =IF(BC26="","",BC26) -> 2280 | BI26: =BD26 -> 2280 | BK26: 46143 | BL26: =IFERROR(IF('Master Data'!$N$25="","",IF('Master Data'!$F$41="","",IF(AND($AZ$17>$AZ$9),"",DATE(YEAR(BL25),MONTH(BL25)+1,DAY(BL25))))),"") -> 46143 | BM26: DA Arrear 53 to 55% | BN26: =IF(AND(BM26=""),"",IF(AND(BM26=$BK$12),$BK$12,IF(AND(BM26=$BK$13),$BK$13,IF(AND(BM26=$BK$14),$BK$14,IF(AND(BM26=$BK$15),$BK$15,IF(AND(BM26=$BK$16),$BK$16,IF(AND(BM26=$BK$17),$BK$17,IF(AND(BM26=$BK$18),$BK$18,IF(AND(BM26=$BK$19),$BK$19,IF(AND(BM26=$BK$20),$BK$20,IF(AND(BM26=$BK$21),$BK$21,IF(AND(BM26=$BK$22),$BK$22,IF(AND(BM26=$BK$23),$BK$23,IF(AND(BM26=$BK$24),$BM$24,IF(AND(BM26=$BK$25),$BM$25,IF(AND(BM26=$BK$26),$BM$26,IF(AND(BM26=$BK$27),$BM$27,IF(AND(BM26=$BK$28),$BM$28,IF(AND(BM26=$BK$29),$BM$29,IF(AND(BM26=$BK$30),$BM$30,IF(AND(BM26=$BK$31),$BM$31,IF(AND(BM26=$BK$32),$BM$32,"")))))))))))))))))))))) | BO26: =IFERROR(IF(BM26="","",IF(AND(BL26=$BK$24),$BM$24,IF(AND(BL26=$BK$25),$BM$25,IF(AND(BL26=$BK$26),$BM$26,IF(AND(BL26=$BK$27),$BM$27,IF(AND(BL26=$BK$28),$BM$28,IF(AND(BL26=$BK$29),$BM$29,IF(AND(BL26=$BK$30),$BM$30,BN26)))))))),"") -> DA Arrear 53 to 55% | BQ26: =IFERROR(IF(BM26="","",IF(D22=$AX$25,$AX$25,IF(D22=$AX$30,$AX$30,IF(D22=$AX$31,$AX$31,IF(D22=$AX$32,$AX$32,IF(BM26>$AZ$17,"",BM26)))))),"") | BW26: =MATCH(BM26,$D$8:$D$28,0) -> 15 | BX26: =IFERROR(IF(BB26="",0,VLOOKUP(BW26,$C$8:$AC$28,24)),0) | BZ26: =VLOOKUP(BW26,$C$8:$AC$28,24)
A27: =MOD(B27,2) -> 0 | B27: =IF(LEN(D27)>=3,B26+1,0) -> 0 | C27: =IF(B27=0,"",B27) | D27: =IFERROR(IF(BO31="","",BO31),"") | E27: =IFERROR(IF(D27="","",IF(AND(BQ31=""),"",IF(AND('Master Data'!$I$29='GA55 Check & Edit'!$AP$6),VLOOKUP(D27,ram,13,0),VLOOKUP(D27,ram,4,0)))),"") | F27: =IFERROR(IF(D27="","",IF(D27=$AX$24,"",IF(AND(D27=$AX$28),"",IF(AND('Master Data'!$I$29='GA55 Check & Edit'!$AP$5),VLOOKUP(D27,ram,7,0),"")))),"") | G27: =IFERROR(IF(D27="","",IF(D27=$AX$24,"",IF(AND(D27=$AX$25),"",IF(AND(D27=$AX$26),"",IF(AND(D27=$AX$27),"",IF(AND(D27=$AX$28),"",IF(AND(D27=$AX$29),"",IF(AND('Master Data'!$I$29='GA55 Check & Edit'!$AP$6),"",VLOOKUP(D27,ram,8,0))))))))),"") | H27: =IFERROR(IF(D27="","",IF(AND(E27=""),"",IF(OR(D27=$AX$24,D27=$AX$25,D27=$AX$26,D27=$AX$27,D27=$AX$28,D27=$AX$29),"",IF(AND('Master Data'!$I$29='GA55 Check & Edit'!$AP$5),'Master Data'!$B$44,"")))),"") | I27: =IFERROR(IF(D27="","",IF(AND(E27=""),"",IF(OR(D27=$AX$24,D27=$AX$25,D27=$AX$26,D27=$AX$27,D27=$AX$28,D27=$AX$29),"",IF(AND('Master Data'!$I$29='GA55 Check & Edit'!$AP$5,'Master Data'!$E$29='GA55 Check & Edit'!$AO$5),'Master Data'!$E$31,"0")))),"") | J27: =IFERROR(IF(OR('Master Data'!$E$33=$AO$6,'Master Data'!$E$33=""),"",IF(D27="","",IF(AND(E27=""),"",IF(OR(D27=$AX$24,D27=$AX$25,D27=$AX$26,D27=$AX$27,D27=$AX$28,D27=$AX$29),"",IF(AND('Master Data'!$I$29='GA55 Check & Edit'!$AP$6),"",IF(AND('Master Data'!$I$33=$AR$9),$AS$6,IF(AND('Master Data'!$I$33=$AR$10),$AS$6,IF(AND('Master Data'!$I$33=$AR$11),$AS$6,IF(AND('Master Data'!$I$33=$AR$12),$AS$6,$AS$5))))))))),"") | K27: =IFERROR(IF(D27="","",IF(AND(E27=""),"",IF(OR(D27=$AX$24,D27=$AX$25,D27=$AX$26,D27=$AX$27,D27=$AX$28,D27=$AX$29),"",IF(AND('Master Data'!$I$29='GA55 Check & Edit'!$AP$5),'Master Data'!$C$44,"")))),"") | L27: =IFERROR(IF(D27="","",IF(AND(E27=""),"",IF(OR(D27=$AX$24,D27=$AX$25,D27=$AX$26,D27=$AX$27,D27=$AX$28,D27=$AX$29),"",IF(AND('Master Data'!$I$29='GA55 Check & Edit'!$AP$6),"",'Master Data'!$D$44)))),"") | M27: =IFERROR(IF(D27="","",IF(AND(E27=""),"",IF(OR(D27=$AX$24,D27=$AX$25,D27=$AX$26,D27=$AX$27,D27=$AX$28,D27=$AX$29),"",IF(AND('Master Data'!$I$29='GA55 Check & Edit'!$AP$6),"",'Master Data'!$E$44)))),"") | N27: =IFERROR(IF(D27="","",IF(AND('Master Data'!$I$29='GA55 Check & Edit'!$AP$6),"",IF(AND('Master Data'!$I$25='GA55 Check & Edit'!$AO$6),"0",IF(AND(D27="Bonus"),VLOOKUP(D27,ram,4,0),"")))),"") | O27: =IF(D27="","",IF('Master Data'!$N$25="","",SUM(E27:N27))) | P27: =IFERROR(IF(OR('Master Data'!$I$29='GA55 Check & Edit'!$AP$6,D27=""),"",IF(AND(D27=$AX$24),"",IF(AND(D27=$AX$25),"",IF(AND(D27=$AX$26),"",IF(AND(D27=$AX$27),"",IF(AND(D27=$AX$28),"",IF(AND(D27=$AX$29),"",IF(AND(E27=""),"",VLOOKUP(D27,ram,11,0))))))))),"") | Q27: =IFERROR(IF(AND('Master Data'!$I$29='GA55 Check & Edit'!$AP$6),"",IF(AND(D27=$AX$25),"",IF(AND(D27=$AX$28),"",IF(AND(D27=$AX$29),"",IF(AND(D27=""),"",IF(AND(BB31=""),"",VLOOKUP(D27,ram,12,0))))))),"") | R27: =IFERROR(IF(OR('Master Data'!$I$29='GA55 Check & Edit'!$AP$6,D27=""),"",IF(AND(D27=$AX$24),"",IF(AND(D27=$AX$25),"",IF(AND(D27=$AX$26),"",IF(AND(D27=$AX$27),"",IF(AND(D27=$AX$28),"",IF(AND(D27=$AX$29),"",IF(AND(E27=""),"",'Master Data'!$I$44)))))))),"") | S27: =IFERROR(IF(OR('Master Data'!$I$29='GA55 Check & Edit'!$AP$6),"",IF(D27="","",IF(E27="","",IF(AND(D27=$AX$24),"",IF(AND(D27=$AX$25),"",IF(AND(D27=$AX$26),"",IF(AND(D27=$AX$27),"",IF(AND(D27=$AX$28),"",IF(AND(D27=$AX$29),"",VLOOKUP(D27,ram,10,0)))))))))),"") | T27: =IFERROR(IF(OR('Master Data'!$I$29='GA55 Check & Edit'!$AP$6,D27=""),"",IF(AND(D27=$AX$24),"",IF(AND(D27=$AX$25),"",IF(AND(D27=$AX$26),"",IF(AND(D27=$AX$27),"",IF(AND(D27=$AX$28),"",IF(AND(D27=$AX$29),"",IF(AND(E27=""),"",'Master Data'!$K$44)))))))),"") | U27: =IFERROR(IF(OR('Master Data'!$I$29='GA55 Check & Edit'!$AP$6,D27=""),"",IF(AND(D27=$AX$24),"",IF(AND(D27=$AX$25),"",IF(AND(D27=$AX$26),"",IF(AND(D27=$AX$27),"",IF(AND(D27=$AX$28),"",IF(AND(D27=$AX$29),"",IF(AND(E27=""),"",'Master Data'!$L$44)))))))),"") | V27: =IFERROR(IF(OR('Master Data'!$I$29='GA55 Check & Edit'!$AP$6,D27=""),"",IF(AND(D27=$AX$24),"",IF(AND(D27=$AX$25),"",IF(AND(D27=$AX$26),"",IF(AND(D27=$AX$27),"",IF(AND(D27=$AX$28),"",IF(AND(D27=$AX$29),"",IF(AND(E27=""),"",'Master Data'!$M$44)))))))),"") | W27: =IFERROR(IF(OR('Master Data'!$I$29='GA55 Check & Edit'!$AP$6,D27=""),"",IF(AND(D27=$AX$24),"",IF(AND(D27=$AX$25),"",IF(AND(D27=$AX$26),"",IF(AND(D27=$AX$27),"",IF(AND(D27=$AX$28),"",IF(AND(D27=$AX$29),"",IF(AND(E27=""),"",'Master Data'!$N$44)))))))),"") | X27: =IFERROR(IF(OR('Master Data'!$I$29='GA55 Check & Edit'!$AP$6,D27=""),"",IF(AND(E27=""),"",IF(AND('GA55 Check & Edit'!D27='GA55 Check & Edit'!$AT$17,'Master Data'!$D$18="Gazetted"),500,IF(AND('GA55 Check & Edit'!D27='GA55 Check & Edit'!$AT$17,'Master Data'!$D$18="Non-Gazetted"),250,"")))),"") | Y27: =IFERROR(IF(D27="","",IF(AND(E27=""),"",IF(AND(D27=$AX$24),"",IF(AND(D27=$AX$25),"",IF(AND(D27=$AX$26),"",IF(AND(D27=$AX$27),"",IF(AND(D27=$AX$28),"",IF(AND(D27=$AX$29),"",IF(OR('Master Data'!$I$29='GA55 Check & Edit'!$AP$6,D27=""),"",$Y$7))))))))),"") | AA27: =IFERROR(IF(OR('Master Data'!$I$29='GA55 Check & Edit'!$AP$6,D27="",'Master Data'!$N$35=""),"",IF(AND(E27=""),"",IF('GA55 Check & Edit'!D27='GA55 Check & Edit'!$AT$9,'Master Data'!$N$35,""))),"") | AB27: =IFERROR(IF(D27="","",IF(AND(O27=""),"",SUM(P27:AA27))),"0") | AC27: =IFERROR(IF(AND(E27="",O27="",AB27=""),"",SUM(O27-AB27)),"") | AU27: L-20 | AX27: =BM27 -> DA Arrear 55% to 58% | BB27: =(ROUND((BA16*58%),0)-ROUND((BA16*55%),0))*3 -> 3519 | BC27: =(ROUND((BA16*58%),0)-ROUND((BA16*55%),0))*3 -> 3519 | BD27: =IF(BC27="","",BC27) -> 3519 | BI27: =BD27 -> 3519 | BK27: 46174 | BL27: =IFERROR(IF('Master Data'!$N$25="","",IF('Master Data'!$F$41="","",IF(AND($AZ$17>$AZ$9),"",DATE(YEAR(BL26),MONTH(BL26)+1,DAY(BL26))))),"") -> 46174 | BM27: DA Arrear 55% to 58% | BN27: =IF(AND(BM27=""),"",IF(AND(BM27=$BK$12),$BK$12,IF(AND(BM27=$BK$13),$BK$13,IF(AND(BM27=$BK$14),$BK$14,IF(AND(BM27=$BK$15),$BK$15,IF(AND(BM27=$BK$16),$BK$16,IF(AND(BM27=$BK$17),$BK$17,IF(AND(BM27=$BK$18),$BK$18,IF(AND(BM27=$BK$19),$BK$19,IF(AND(BM27=$BK$20),$BK$20,IF(AND(BM27=$BK$21),$BK$21,IF(AND(BM27=$BK$22),$BK$22,IF(AND(BM27=$BK$23),$BK$23,IF(AND(BM27=$BK$24),$BM$24,IF(AND(BM27=$BK$25),$BM$25,IF(AND(BM27=$BK$26),$BM$26,IF(AND(BM27=$BK$27),$BM$27,IF(AND(BM27=$BK$28),$BM$28,IF(AND(BM27=$BK$29),$BM$29,IF(AND(BM27=$BK$30),$BM$30,IF(AND(BM27=$BK$31),$BM$31,IF(AND(BM27=$BK$32),$BM$32,"")))))))))))))))))))))) | BO27: =IFERROR(IF(BM27="","",IF(AND(BL27=$BK$24),$BM$24,IF(AND(BL27=$BK$25),$BM$25,IF(AND(BL27=$BK$26),$BM$26,IF(AND(BL27=$BK$27),$BM$27,IF(AND(BL27=$BK$28),$BM$28,IF(AND(BL27=$BK$29),$BM$29,IF(AND(BL27=$BK$30),$BM$30,BN27)))))))),"") -> DA Arrear 55% to 58% | BQ27: =IFERROR(IF(BM27="","",IF(D23=$AX$25,$AX$25,IF(D23=$AX$30,$AX$30,IF(D23=$AX$31,$AX$31,IF(D23=$AX$32,$AX$32,IF(BM27>$AZ$17,"",BM27)))))),"") | BW27: =MATCH(BM27,$D$8:$D$28,0) -> 16 | BX27: =IFERROR(IF(BB27="",0,VLOOKUP(BW27,$C$8:$AC$28,24)),0) | BZ27: =VLOOKUP(BW27,$C$8:$AC$28,24)
A28: =MOD(B28,2) -> 0 | B28: =IF(LEN(D28)>=3,B27+1,0) -> 0 | C28: =IF(B28=0,"",B28) | D28: =IFERROR(IF(BO32="","",BO32),"") | E28: =IFERROR(IF(D28="","",IF(AND(BQ32=""),"",IF(AND('Master Data'!$I$29='GA55 Check & Edit'!$AP$6),VLOOKUP(D28,ram,13,0),VLOOKUP(D28,ram,4,0)))),"") | F28: =IFERROR(IF(D28="","",IF(D28=$AX$24,"",IF(AND(D28=$AX$28),"",IF(AND('Master Data'!$I$29='GA55 Check & Edit'!$AP$5),VLOOKUP(D28,ram,7,0),"")))),"") | G28: =IFERROR(IF(D28="","",IF(D28=$AX$24,"",IF(AND(D28=$AX$25),"",IF(AND(D28=$AX$26),"",IF(AND(D28=$AX$27),"",IF(AND(D28=$AX$28),"",IF(AND(D28=$AX$29),"",IF(AND('Master Data'!$I$29='GA55 Check & Edit'!$AP$6),"",VLOOKUP(D28,ram,8,0))))))))),"") | H28: =IFERROR(IF(D28="","",IF(AND(E28=""),"",IF(OR(D28=$AX$24,D28=$AX$25,D28=$AX$26,D28=$AX$27,D28=$AX$28,D28=$AX$29),"",IF(AND('Master Data'!$I$29='GA55 Check & Edit'!$AP$5),'Master Data'!$B$44,"")))),"") | I28: =IFERROR(IF(D28="","",IF(AND(E28=""),"",IF(OR(D28=$AX$24,D28=$AX$25,D28=$AX$26,D28=$AX$27,D28=$AX$28,D28=$AX$29),"",IF(AND('Master Data'!$I$29='GA55 Check & Edit'!$AP$5,'Master Data'!$E$29='GA55 Check & Edit'!$AO$5),'Master Data'!$E$31,"0")))),"") | J28: =IFERROR(IF(OR('Master Data'!$E$33=$AO$6,'Master Data'!$E$33=""),"",IF(D28="","",IF(AND(E28=""),"",IF(OR(D28=$AX$24,D28=$AX$25,D28=$AX$26,D28=$AX$27,D28=$AX$28,D28=$AX$29),"",IF(AND('Master Data'!$I$29='GA55 Check & Edit'!$AP$6),"",IF(AND('Master Data'!$I$33=$AR$9),$AS$6,IF(AND('Master Data'!$I$33=$AR$10),$AS$6,IF(AND('Master Data'!$I$33=$AR$11),$AS$6,IF(AND('Master Data'!$I$33=$AR$12),$AS$6,$AS$5))))))))),"") | K28: =IFERROR(IF(D28="","",IF(AND(E28=""),"",IF(OR(D28=$AX$24,D28=$AX$25,D28=$AX$26,D28=$AX$27,D28=$AX$28,D28=$AX$29),"",IF(AND('Master Data'!$I$29='GA55 Check & Edit'!$AP$5),'Master Data'!$C$44,"")))),"") | L28: =IFERROR(IF(D28="","",IF(AND(E28=""),"",IF(OR(D28=$AX$24,D28=$AX$25,D28=$AX$26,D28=$AX$27,D28=$AX$28,D28=$AX$29),"",IF(AND('Master Data'!$I$29='GA55 Check & Edit'!$AP$6),"",'Master Data'!$D$44)))),"") | M28: =IFERROR(IF(D28="","",IF(AND(E28=""),"",IF(OR(D28=$AX$24,D28=$AX$25,D28=$AX$26,D28=$AX$27,D28=$AX$28,D28=$AX$29),"",IF(AND('Master Data'!$I$29='GA55 Check & Edit'!$AP$6),"",'Master Data'!$E$44)))),"") | N28: =IFERROR(IF(D28="","",IF(AND('Master Data'!$I$29='GA55 Check & Edit'!$AP$6),"",IF(AND('Master Data'!$I$25='GA55 Check & Edit'!$AO$6),"0",IF(AND(D28="Bonus"),VLOOKUP(D28,ram,4,0),"")))),"") | O28: =IF(D28="","",IF('Master Data'!$N$25="","",SUM(E28:N28))) | P28: =IFERROR(IF(OR('Master Data'!$I$29='GA55 Check & Edit'!$AP$6,D28=""),"",IF(AND(D28=$AX$24),"",IF(AND(D28=$AX$25),"",IF(AND(D28=$AX$26),"",IF(AND(D28=$AX$27),"",IF(AND(D28=$AX$28),"",IF(AND(D28=$AX$29),"",IF(AND(E28=""),"",VLOOKUP(D28,ram,11,0))))))))),"") | Q28: =IFERROR(IF(AND('Master Data'!$I$29='GA55 Check & Edit'!$AP$6),"",IF(AND(D28=$AX$25),"",IF(AND(D28=$AX$28),"",IF(AND(D28=$AX$29),"",IF(AND(D28=""),"",IF(AND(BB32=""),"",VLOOKUP(D28,ram,12,0))))))),"") | R28: =IFERROR(IF(OR('Master Data'!$I$29='GA55 Check & Edit'!$AP$6,D28=""),"",IF(AND(D28=$AX$24),"",IF(AND(D28=$AX$25),"",IF(AND(D28=$AX$26),"",IF(AND(D28=$AX$27),"",IF(AND(D28=$AX$28),"",IF(AND(D28=$AX$29),"",IF(AND(E28=""),"",'Master Data'!$I$44)))))))),"") | S28: =IFERROR(IF(OR('Master Data'!$I$29='GA55 Check & Edit'!$AP$6),"",IF(D28="","",IF(E28="","",IF(AND(D28=$AX$24),"",IF(AND(D28=$AX$25),"",IF(AND(D28=$AX$26),"",IF(AND(D28=$AX$27),"",IF(AND(D28=$AX$28),"",IF(AND(D28=$AX$29),"",VLOOKUP(D28,ram,10,0)))))))))),"") | T28: =IFERROR(IF(OR('Master Data'!$I$29='GA55 Check & Edit'!$AP$6,D28=""),"",IF(AND(D28=$AX$24),"",IF(AND(D28=$AX$25),"",IF(AND(D28=$AX$26),"",IF(AND(D28=$AX$27),"",IF(AND(D28=$AX$28),"",IF(AND(D28=$AX$29),"",IF(AND(E28=""),"",'Master Data'!$K$44)))))))),"") | U28: =IFERROR(IF(OR('Master Data'!$I$29='GA55 Check & Edit'!$AP$6,D28=""),"",IF(AND(D28=$AX$24),"",IF(AND(D28=$AX$25),"",IF(AND(D28=$AX$26),"",IF(AND(D28=$AX$27),"",IF(AND(D28=$AX$28),"",IF(AND(D28=$AX$29),"",IF(AND(E28=""),"",'Master Data'!$L$44)))))))),"") | V28: =IFERROR(IF(OR('Master Data'!$I$29='GA55 Check & Edit'!$AP$6,D28=""),"",IF(AND(D28=$AX$24),"",IF(AND(D28=$AX$25),"",IF(AND(D28=$AX$26),"",IF(AND(D28=$AX$27),"",IF(AND(D28=$AX$28),"",IF(AND(D28=$AX$29),"",IF(AND(E28=""),"",'Master Data'!$M$44)))))))),"") | W28: =IFERROR(IF(OR('Master Data'!$I$29='GA55 Check & Edit'!$AP$6,D28=""),"",IF(AND(D28=$AX$24),"",IF(AND(D28=$AX$25),"",IF(AND(D28=$AX$26),"",IF(AND(D28=$AX$27),"",IF(AND(D28=$AX$28),"",IF(AND(D28=$AX$29),"",IF(AND(E28=""),"",'Master Data'!$N$44)))))))),"") | X28: =IFERROR(IF(OR('Master Data'!$I$29='GA55 Check & Edit'!$AP$6,D28=""),"",IF(AND(E28=""),"",IF(AND('GA55 Check & Edit'!D28='GA55 Check & Edit'!$AT$17,'Master Data'!$D$18="Gazetted"),500,IF(AND('GA55 Check & Edit'!D28='GA55 Check & Edit'!$AT$17,'Master Data'!$D$18="Non-Gazetted"),250,"")))),"") | Y28: =IFERROR(IF(D28="","",IF(AND(E28=""),"",IF(AND(D28=$AX$24),"",IF(AND(D28=$AX$25),"",IF(AND(D28=$AX$26),"",IF(AND(D28=$AX$27),"",IF(AND(D28=$AX$28),"",IF(AND(D28=$AX$29),"",IF(OR('Master Data'!$I$29='GA55 Check & Edit'!$AP$6,D28=""),"",$Y$7))))))))),"") | AA28: =IFERROR(IF(OR('Master Data'!$I$29='GA55 Check & Edit'!$AP$6,D28="",'Master Data'!$N$35=""),"",IF(AND(E28=""),"",IF('GA55 Check & Edit'!D28='GA55 Check & Edit'!$AT$9,'Master Data'!$N$35,""))),"") | AB28: =IFERROR(IF(D28="","",IF(AND(O28=""),"",SUM(P28:AA28))),"0") | AC28: =IFERROR(IF(AND(E28="",O28="",AB28=""),"",SUM(O28-AB28)),"") | AU28: L-21 | AX28: =BM28 -> ACP/MACP Arrear | BK28: 46204 | BL28: =IFERROR(IF('Master Data'!$N$25="","",IF('Master Data'!$F$41="","",IF(AND($AZ$17>$AZ$9),"",DATE(YEAR(BL27),MONTH(BL27)+1,DAY(BL27))))),"") -> 46204 | BM28: ACP/MACP Arrear | BN28: =IF(AND(BM28=""),"",IF(AND(BM28=$BK$12),$BK$12,IF(AND(BM28=$BK$13),$BK$13,IF(AND(BM28=$BK$14),$BK$14,IF(AND(BM28=$BK$15),$BK$15,IF(AND(BM28=$BK$16),$BK$16,IF(AND(BM28=$BK$17),$BK$17,IF(AND(BM28=$BK$18),$BK$18,IF(AND(BM28=$BK$19),$BK$19,IF(AND(BM28=$BK$20),$BK$20,IF(AND(BM28=$BK$21),$BK$21,IF(AND(BM28=$BK$22),$BK$22,IF(AND(BM28=$BK$23),$BK$23,IF(AND(BM28=$BK$24),$BM$24,IF(AND(BM28=$BK$25),$BM$25,IF(AND(BM28=$BK$26),$BM$26,IF(AND(BM28=$BK$27),$BM$27,IF(AND(BM28=$BK$28),$BM$28,IF(AND(BM28=$BK$29),$BM$29,IF(AND(BM28=$BK$30),$BM$30,IF(AND(BM28=$BK$31),$BM$31,IF(AND(BM28=$BK$32),$BM$32,"")))))))))))))))))))))) | BO28: =IFERROR(IF(BM28="","",IF(AND(BL28=$BK$24),$BM$24,IF(AND(BL28=$BK$25),$BM$25,IF(AND(BL28=$BK$26),$BM$26,IF(AND(BL28=$BK$27),$BM$27,IF(AND(BL28=$BK$28),$BM$28,IF(AND(BL28=$BK$29),$BM$29,IF(AND(BL28=$BK$30),$BM$30,BN28)))))))),"") -> ACP/MACP Arrear | BQ28: =IFERROR(IF(BM28="","",IF(D24=$AX$25,$AX$25,IF(D24=$AX$30,$AX$30,IF(D24=$AX$31,$AX$31,IF(D24=$AX$32,$AX$32,IF(BM28>$AZ$17,"",BM28)))))),"") | BW28: =MATCH(BM28,$D$8:$D$28,0) -> 17 | BX28: =IFERROR(IF(BB28="",0,VLOOKUP(BW28,$C$8:$AC$28,24)),0) -> 0 | BZ28: =VLOOKUP(BW28,$C$8:$AC$28,24)
AU29: L-22 | AX29: =IF(BM29="","",BM29) -> PL Surrender Arrear | BC29: =IF('Master Data'!$I$29='GA55 Check & Edit'!$AP$6,"",IF(AND(BA25=""),"",IF(OR('Master Data'!I23='GA55 Check & Edit'!AW10,'Master Data'!I23='GA55 Check & Edit'!AW11,'Master Data'!I23='GA55 Check & Edit'!AW12),ROUND(2%*BA25,0),IF(OR('Master Data'!I23='GA55 Check & Edit'!AW16,'Master Data'!I23='GA55 Check & Edit'!AW17,'Master Data'!I23='GA55 Check & Edit'!AW18),ROUND(3%*BA25,0),"")))) | BD29: =IF(BC29="","",BC29) | BI29: =BD29 | BK29: 46235 | BL29: =IFERROR(IF('Master Data'!$N$25="","",IF('Master Data'!$F$41="","",IF(AND($AZ$17>$AZ$9),"",DATE(YEAR(BL28),MONTH(BL28)+1,DAY(BL28))))),"") -> 46235 | BM29: PL Surrender Arrear | BN29: =IF(AND(BM29=""),"",IF(AND(BM29=$BK$12),$BK$12,IF(AND(BM29=$BK$13),$BK$13,IF(AND(BM29=$BK$14),$BK$14,IF(AND(BM29=$BK$15),$BK$15,IF(AND(BM29=$BK$16),$BK$16,IF(AND(BM29=$BK$17),$BK$17,IF(AND(BM29=$BK$18),$BK$18,IF(AND(BM29=$BK$19),$BK$19,IF(AND(BM29=$BK$20),$BK$20,IF(AND(BM29=$BK$21),$BK$21,IF(AND(BM29=$BK$22),$BK$22,IF(AND(BM29=$BK$23),$BK$23,IF(AND(BM29=$BK$24),$BM$24,IF(AND(BM29=$BK$25),$BM$25,IF(AND(BM29=$BK$26),$BM$26,IF(AND(BM29=$BK$27),$BM$27,IF(AND(BM29=$BK$28),$BM$28,IF(AND(BM29=$BK$29),$BM$29,IF(AND(BM29=$BK$30),$BM$30,IF(AND(BM29=$BK$31),$BM$31,IF(AND(BM29=$BK$32),$BM$32,"")))))))))))))))))))))) | BO29: =IFERROR(IF(BM29="","",IF(AND(BL29=$BK$24),$BM$24,IF(AND(BL29=$BK$25),$BM$25,IF(AND(BL29=$BK$26),$BM$26,IF(AND(BL29=$BK$27),$BM$27,IF(AND(BL29=$BK$28),$BM$28,IF(AND(BL29=$BK$29),$BM$29,IF(AND(BL29=$BK$30),$BM$30,BN29)))))))),"") -> PL Surrender Arrear | BQ29: =IFERROR(IF(BM29="","",IF(D25=$AX$25,$AX$25,IF(D25=$AX$30,$AX$30,IF(D25=$AX$31,$AX$31,IF(D25=$AX$32,$AX$32,IF(BM29>$AZ$17,"",BM29)))))),"") | BW29: =MATCH(BM29,$D$8:$D$28,0) -> 18 | BX29: =IFERROR(IF(BB29="",0,VLOOKUP(BW29,$C$8:$AC$28,24)),0) -> 0 | BZ29: =VLOOKUP(BW29,$C$8:$AC$28,24)
AU30: L-23 | AX30: =IF(BM30="","",BM30) -> Fixation arrear | BA30: =IF(AND('Master Data'!$E$37=""),"",IF('Master Data'!$N$33='GA55 Check & Edit'!$AO$5,'Master Data'!$E$37,"")) | BB30: =IF('Master Data'!$N$33='GA55 Check & Edit'!$AO$5,BA30,"") | BC30: =IFERROR(IF(AND('Master Data'!$E$37=""),"",ROUND(17%*BB30,0)),"") | BD30: =IF(BC30="","",BC30) | BG30: =IF(AND('Master Data'!$I$29='GA55 Check & Edit'!$AP$6),"",IF(AND('Master Data'!$I$31='GA55 Check & Edit'!$AN$6,'Master Data'!$N$37='GA55 Check & Edit'!$AO$6),0,IF(AND('Master Data'!$I$31='GA55 Check & Edit'!$AN$6,'Master Data'!$N$37='GA55 Check & Edit'!$AO$5),'Master Data'!$J$44,IF(AND('Master Data'!$I$31='GA55 Check & Edit'!$AN$5),IF($AZ$15<18001,265,IF($AZ$15<33501,440,IF($AZ$15<54001,658,875))))))) -> FALSE | BH30: =IFERROR(IF(OR('Master Data'!$I$29='GA55 Check & Edit'!$AP$6),"",IF('Master Data'!$N$33='GA55 Check & Edit'!$AO$5,'Master Data'!$G$44,"")),"") | BI30: =IFERROR(IF('Master Data'!$N$33='GA55 Check & Edit'!$AO$6,"",IF(AND('Master Data'!I$31='GA55 Check & Edit'!$AN$6),ROUND((BB30)*0.1,0),IF(AND('Master Data'!$I$29='GA55 Check & Edit'!$AP$6),ROUND((BB30+BD30)*0.1,0),'Master Data'!$H$44))),"") -> 0 | BK30: 46266 | BL30: =IFERROR(IF('Master Data'!$N$25="","",IF('Master Data'!$F$41="","",IF(AND($AZ$17>$AZ$9),"",DATE(YEAR(BL29),MONTH(BL29)+1,DAY(BL29))))),"") -> 46266 | BM30: Fixation arrear | BN30: =IF(AND(BM30=""),"",IF(AND(BM30=$BK$12),$BK$12,IF(AND(BM30=$BK$13),$BK$13,IF(AND(BM30=$BK$14),$BK$14,IF(AND(BM30=$BK$15),$BK$15,IF(AND(BM30=$BK$16),$BK$16,IF(AND(BM30=$BK$17),$BK$17,IF(AND(BM30=$BK$18),$BK$18,IF(AND(BM30=$BK$19),$BK$19,IF(AND(BM30=$BK$20),$BK$20,IF(AND(BM30=$BK$21),$BK$21,IF(AND(BM30=$BK$22),$BK$22,IF(AND(BM30=$BK$23),$BK$23,IF(AND(BM30=$BK$24),$BM$24,IF(AND(BM30=$BK$25),$BM$25,IF(AND(BM30=$BK$26),$BM$26,IF(AND(BM30=$BK$27),$BM$27,IF(AND(BM30=$BK$28),$BM$28,IF(AND(BM30=$BK$29),$BM$29,IF(AND(BM30=$BK$30),$BM$30,IF(AND(BM30=$BK$31),$BM$31,IF(AND(BM30=$BK$32),$BM$32,"")))))))))))))))))))))) | BO30: =IFERROR(IF(BM30="","",IF(AND(BL30=$BK$24),$BM$24,IF(AND(BL30=$BK$25),$BM$25,IF(AND(BL30=$BK$26),$BM$26,IF(AND(BL30=$BK$27),$BM$27,IF(AND(BL30=$BK$28),$BM$28,IF(AND(BL30=$BK$29),$BM$29,IF(AND(BL30=$BK$30),$BM$30,BN30)))))))),"") -> Fixation arrear | BQ30: =IFERROR(IF(BM30="","",IF(D26=$AX$25,$AX$25,IF(D26=$AX$30,$AX$30,IF(D26=$AX$31,$AX$31,IF(D26=$AX$32,$AX$32,IF(BM30>$AZ$17,"",BM30)))))),"") -> Fixation arrear | BW30: =MATCH(BM30,$D$8:$D$28,0) -> 19 | BX30: =IFERROR(IF(BB30="",0,VLOOKUP(BW30,$C$8:$AC$28,24)),0) -> 0 | BZ30: =VLOOKUP(BW30,$C$8:$AC$28,24)
AU31: L-24 | AX31: =IF(BM31="","",BM31) | BA31: =IF(AND('Master Data'!$E$37=""),"",IF('Master Data'!$N$35='GA55 Check & Edit'!$AO$5,'Master Data'!$E$37,"")) | BB31: =IF('Master Data'!$N$35='GA55 Check & Edit'!$AO$5,BA31,"") | BC31: =IFERROR(IF(AND('Master Data'!$E$37=""),"",ROUND(17%*BB31,0)),"") | BD31: =IF(BC31="","",BC31) | BE31: =IFERROR(IF(AND('Master Data'!$E$37=""),"",ROUND('Master Data'!$E$31%*BB31,0)),"") | BG31: =IF(AND('Master Data'!$I$29='GA55 Check & Edit'!$AP$6),"",IF(AND('Master Data'!$I$31='GA55 Check & Edit'!$AN$6,'Master Data'!$N$37='GA55 Check & Edit'!$AO$6),0,IF(AND('Master Data'!$I$31='GA55 Check & Edit'!$AN$6,'Master Data'!$N$37='GA55 Check & Edit'!$AO$5),'Master Data'!$J$44,IF(AND('Master Data'!$I$31='GA55 Check & Edit'!$AN$5),IF($AZ$15<18001,265,IF($AZ$15<33501,440,IF($AZ$15<54001,658,875))))))) -> FALSE | BH31: =IFERROR(IF(OR('Master Data'!$I$29='GA55 Check & Edit'!$AP$6),"",IF('Master Data'!$N$35='GA55 Check & Edit'!$AO$5,'Master Data'!$G$44,"")),"") | BI31: =IFERROR(IF('Master Data'!$N$35='GA55 Check & Edit'!$AO$6,"",IF(AND('Master Data'!I$31='GA55 Check & Edit'!$AN$6),ROUND((BB31)*0.1,0),IF(AND('Master Data'!$I$29='GA55 Check & Edit'!$AP$6),ROUND((BB31+BD31)*0.1,0),'Master Data'!$H$44))),"") -> 0 | BK31: 46296 | BL31: =IFERROR(IF('Master Data'!$N$25="","",IF('Master Data'!$F$41="","",IF(AND($AZ$17>$AZ$9),"",DATE(YEAR(BL30),MONTH(BL30)+1,DAY(BL30))))),"") -> 46296 | BM31: =IF(OR('Master Data'!N35='GA55 Check & Edit'!AO5,'Master Data'!N41='GA55 Check & Edit'!AO5),'GA55 Check & Edit'!AX11,"") | BN31: =IF(AND(BM31=""),"",IF(AND(BM31=$BK$12),$BK$12,IF(AND(BM31=$BK$13),$BK$13,IF(AND(BM31=$BK$14),$BK$14,IF(AND(BM31=$BK$15),$BK$15,IF(AND(BM31=$BK$16),$BK$16,IF(AND(BM31=$BK$17),$BK$17,IF(AND(BM31=$BK$18),$BK$18,IF(AND(BM31=$BK$19),$BK$19,IF(AND(BM31=$BK$20),$BK$20,IF(AND(BM31=$BK$21),$BK$21,IF(AND(BM31=$BK$22),$BK$22,IF(AND(BM31=$BK$23),$BK$23,IF(AND(BM31=$BK$24),$BM$24,IF(AND(BM31=$BK$25),$BM$25,IF(AND(BM31=$BK$26),$BM$26,IF(AND(BM31=$BK$27),$BM$27,IF(AND(BM31=$BK$28),$BM$28,IF(AND(BM31=$BK$29),$BM$29,IF(AND(BM31=$BK$30),$BM$30,IF(AND(BM31=$BK$31),$BM$31,IF(AND(BM31=$BK$32),$BM$32,"")))))))))))))))))))))) | BO31: =IFERROR(IF(BM31="","",IF(AND(BL31=$BK$24),$BM$24,IF(AND(BL31=$BK$25),$BM$25,IF(AND(BL31=$BK$26),$BM$26,IF(AND(BL31=$BK$27),$BM$27,IF(AND(BL31=$BK$28),$BM$28,IF(AND(BL31=$BK$29),$BM$29,IF(AND(BL31=$BK$30),$BM$30,IF(AND(BL31=$BK$31),$BM$31,IF(AND(BL31=$BK$32),$BM$32,BN31)))))))))),"") | BQ31: =IFERROR(IF(BM31="","",IF(D27=$AX$25,$AX$25,IF(D27=$AX$30,$AX$30,IF(D27=$AX$31,$AX$31,IF(D27=$AX$32,$AX$32,IF(BM31>$AZ$17,"",BM31)))))),"")
AX32: =IF(BM32="","",BM32) | BA32: =IF('Master Data'!N41='GA55 Check & Edit'!$AO$5,(AZ3-AZ1),"") | BB32: =IF('Master Data'!N41='GA55 Check & Edit'!$AO$5,BA32,"") | BC32: =IF(OR('Master Data'!$E$37="",BB32=""),"",ROUND(17%*BB32,0)) | BD32: =IF(BC32="","",BC32) | BE32: =IFERROR(IF(AND('Master Data'!$E$37=""),"",ROUND('Master Data'!$E$31%*BB32,0)),"") | BI32: =IFERROR(IF(AND('Master Data'!$I$31='GA55 Check & Edit'!$AN$6),ROUND((E19)*0.1,0),IF(AND('Master Data'!$I$29='GA55 Check & Edit'!$AP$6),ROUND((E19+F19)*0.1,0),'Master Data'!$H$44)),"") -> 3910 | BK32: 45597 | BL32: =IFERROR(IF('Master Data'!$E$37="","",IF('Master Data'!$F$41="","",IF(AND($AZ$17>$AZ$9),"",DATE(YEAR(BL31),MONTH(BL31)+1,DAY(BL31))))),"") | BM32: =IF('Master Data'!N41='GA55 Check & Edit'!AO5,CONCATENATE("Defer Salary"," - ","March-20"),"") | BN32: =IF(AND(BM32=""),"",IF(AND(BM32=$BK$12),$BK$12,IF(AND(BM32=$BK$13),$BK$13,IF(AND(BM32=$BK$14),$BK$14,IF(AND(BM32=$BK$15),$BK$15,IF(AND(BM32=$BK$16),$BK$16,IF(AND(BM32=$BK$17),$BK$17,IF(AND(BM32=$BK$18),$BK$18,IF(AND(BM32=$BK$19),$BK$19,IF(AND(BM32=$BK$20),$BK$20,IF(AND(BM32=$BK$21),$BK$21,IF(AND(BM32=$BK$22),$BK$22,IF(AND(BM32=$BK$23),$BK$23,IF(AND(BM32=$BK$24),$BM$24,IF(AND(BM32=$BK$25),$BM$25,IF(AND(BM32=$BK$26),$BM$26,IF(AND(BM32=$BK$27),$BM$27,IF(AND(BM32=$BK$28),$BM$28,IF(AND(BM32=$BK$29),$BM$29,IF(AND(BM32=$BK$30),$BM$30,IF(AND(BM32=$BK$31),$BM$31,IF(AND(BM32=$BK$32),$BM$32,"")))))))))))))))))))))) | BO32: =IFERROR(IF(BM32="","",IF(AND(BL32=$BK$24),$BM$24,IF(AND(BL32=$BK$25),$BM$25,IF(AND(BL32=$BK$26),$BM$26,IF(AND(BL32=$BK$27),$BM$27,IF(AND(BL32=$BK$28),$BM$28,IF(AND(BL32=$BK$29),$BM$29,IF(AND(BL32=$BK$30),$BM$30,IF(AND(BL32=$BK$31),$BM$31,IF(AND(BL32=$BK$32),$BM$32,BN32)))))))))),"") | BQ32: =IFERROR(IF(BM32="","",IF(D28=$AX$25,$AX$25,IF(D28=$AX$30,$AX$30,IF(D28=$AX$31,$AX$31,IF(D28=$AX$32,$AX$32,IF(BM32>$AZ$17,"",BM32)))))),"")
BO33: =IFERROR(IF(BM33="","",IF(AND(BL33=$BK$24),$BM$24,IF(AND(BL33=$BK$25),$BM$25,IF(AND(BL33=$BK$26),$BM$26,IF(AND(BL33=$BK$27),$BM$27,IF(AND(BL33=$BK$28),$BM$28,IF(AND(BL33=$BK$29),$BM$29,IF(AND(BL33=$BK$30),$BM$30,IF(AND(BL33=$BK$31),$BM$31,IF(AND(BL33=$BK$32),$BM$32,BN33)))))))))),"")

Sheet Copy of GA55 Check & Edit
T1: GA 55 Check & Edit sheet पर कार्य करने में मदद हेतु नीचे Youtube Video का लिंक दिया गया है। H | AW1: Gazetted | AZ1: =IF('Master Data'!I35>9,ROUND(AZ3/31*15,0),IF('Master Data'!D18='Copy of GA55 Check & Edit'!AW1,ROUND(AZ3/31*15,0),IF('Master Data'!I35>=5,ROUND(AZ3/31*22,0),AZ3))) -> 36900
D3: Employee Name :- | F3: suneeta devi | S3: https://www.youtube.com/watch?v=y7-DiFIbdG0 | AZ3: =AZ15-ROUNDUP(ROUND((AZ15*3%)-(AZ15*3%)*2.9%,-2),0) -> 36900
C5: 1 | D5: 2 | E5: 3 | F5: 4 | G5: 5 | H5: 6 | I5: 7 | J5: 8 | K5: 9 | L5: 10 | M5: 11 | N5: 12 | O5: 13 | P5: 14 | Q5: 15 | R5: 16 | S5: 17 | T5: 18 | U5: 19 | V5: 20 | W5: 21 | X5: 22 | Y5: 23 | Z5: 24 | AA5: 25 | AB5: 26 | AC5: 27 | AD5: 28 | AE5: 29 | AM5: ='Master Data'!N27 -> 46054 | AN5: GPF | AO5: Yes | AP5: Regular Pay | AQ5: Under 60 | AS5: 1000
C6: 1 | D6: Month | E6: Basic with Grade Pay | F6: DA | G6: HRA | H6: =IF('Master Data'!B43="","",'Master Data'!B43) -> Wash All. | I6: Handi. All. | J6: CCA | K6: =IF('Master Data'!C43="","",'Master Data'!C43) -> ROP | L6: =IF('Master Data'!D43="","",'Master Data'!D43) -> other-1 | M6: =IF('Master Data'!E43="","",'Master Data'!E43) -> other-2 | N6: Bonus | O6: TOTAL | P6: =IF('Master Data'!G43="","",'Master Data'!G43) | Q6: =IF('Master Data'!I31='Copy of GA55 Check & Edit'!AN5,'Copy of GA55 Check & Edit'!AN5,'Copy of GA55 Check & Edit'!AN6) -> GPF-2004 | R6: =IF('Master Data'!I43="","",'Master Data'!I43) | S6: =IF('Master Data'!J43="","",'Master Data'!J43) -> RGHS | T6: =IF('Master Data'!K43="","",'Master Data'!K43) -> SI Loan | U6: =IF('Master Data'!L43="","",'Master Data'!L43) -> GPF Loan | V6: =IF('Master Data'!M43="","",'Master Data'!M43) -> SI Int. | W6: =IF('Master Data'!N43="","",'Master Data'!N43) -> Other | X6: HITKARI NIDHI | Y6: Other | Z6: Income Tax | AA6: G.I. + S. Tax | AB6: Total Ded. | AC6: NET PAY | AD6: TV.NO. | AE6: Enc. DATE | AN6: GPF-2004 | AO6: No | AP6: Fix Pay | AQ6: Above 60 | AS6: 620 | BJ6: =IFERROR(IF(AND('Master Data'!$I$31='Copy of GA55 Check & Edit'!$AN$6),ROUND((E9)*0.1,0),IF(AND('Master Data'!$I$29='Copy of GA55 Check & Edit'!$AP$6),ROUND((E9+F8)*0.1,0),'Master Data'!$H$44)),"") -> 10490
C7: 2 | AQ7: Above 80 | BD7: =IF(D6="State Service",ROUND(B10*15/31,0),IF(AND(D6="Subordinate",OR(B6=G5,B6=G6,B6=G7,B6=G8,B6=G9)),ROUND(B10*22/31,0),IF(AND(D6="Subordinate",OR(B6=G10,B6=G11,B6=G12,B6=G13,B6=G14,B6=G15)),ROUND(B10*15/31,0),IF(D6="Ministerial",ROUND(B10*22/31,0),B10)))) -> #ERROR! | BI7: =IF(OR('Master Data'!$I$29='Copy of GA55 Check & Edit'!$AP$6),"",IF('Master Data'!$I$31="GPF-2004",IF(#REF!<23101,1450,IF(#REF!<28501,1625,IF(#REF!<38501,2100,IF(#REF!<51501,2850,IF(#REF!<62001,3575,IF(#REF!<72001,4200,IF(#REF!<80001,4800,IF(#REF!<116001,6150,IF(#REF!<167001,8900,10500)))))))))*2,'Master Data'!$H$44)) -> #REF!
A8: =MOD(B8,2) -> #REF! | B8: =IF(LEN(#REF!)>=3,1,0) -> #REF! | C8: 3 | D8: March | E8: 47900 | F8: =_xlfn.IFERROR(IF(#REF!="","",IF(#REF!=$AX$24,"",IF(AND(#REF!=$AX$28),"",IF(AND('Master Data'!$I$28='Copy of GA55 Check & Edit'!$AP$5),VLOOKUP(#REF!,Copy of GA55 Check & Edit!ram,7,0),"")))),"") -> #ERROR! | G8: =_xlfn.IFERROR(IF(#REF!="","",IF(#REF!=$AX$24,"",IF(AND(#REF!=$AX$25),"",IF(AND(#REF!=$AX$26),"",IF(AND(#REF!=$AX$27),"",IF(AND(#REF!=$AX$28),"",IF(AND(#REF!=$AX$29),"",IF(AND('Master Data'!$I$28='Copy of GA55 Check & Edit'!$AP$6),"",VLOOKUP(#REF!,Copy of GA55 Check & Edit!ram,8,0))))))))),"") -> #ERROR! | H8: =IFERROR(IF(#REF!="","",IF(AND(E9=""),"",IF(OR(#REF!=$AX$24,#REF!=$AX$25,#REF!=$AX$26,#REF!=$AX$27,#REF!=$AX$28,#REF!=$AX$29),"",IF(AND('Master Data'!$I$29='Copy of GA55 Check & Edit'!$AP$5),'Master Data'!$B$44,"")))),"") | I8: =IFERROR(IF(#REF!="","",IF(AND(E9=""),"",IF(OR(#REF!=$AX$24,#REF!=$AX$25,#REF!=$AX$26,#REF!=$AX$27,#REF!=$AX$28,#REF!=$AX$29),"",IF(AND('Master Data'!$I$29='Copy of GA55 Check & Edit'!$AP$5,'Master Data'!$E$29='Copy of GA55 Check & Edit'!$AO$5),'Master Data'!$E$31,"0")))),"") | J8: =IFERROR(IF(OR('Master Data'!$E$33=$AO$6,'Master Data'!$E$33=""),"",IF(#REF!="","",IF(AND(E9=""),"",IF(OR(#REF!=$AX$24,#REF!=$AX$25,#REF!=$AX$26,#REF!=$AX$27,#REF!=$AX$28,#REF!=$AX$29),"",IF(AND('Master Data'!$I$29='Copy of GA55 Check & Edit'!$AP$6),"",IF(AND('Master Data'!$I$33=$AR$9),$AS$6,IF(AND('Master Data'!$I$33=$AR$10),$AS$6,IF(AND('Master Data'!$I$33=$AR$11),$AS$6,IF(AND('Master Data'!$I$33=$AR$12),$AS$6,$AS$5))))))))),"") | K8: =IFERROR(IF(#REF!="","",IF(AND(E9=""),"",IF(OR(#REF!=$AX$24,#REF!=$AX$25,#REF!=$AX$26,#REF!=$AX$27,#REF!=$AX$28,#REF!=$AX$29),"",IF(AND('Master Data'!$I$29='Copy of GA55 Check & Edit'!$AP$5),'Master Data'!$C$44,"")))),"") | L8: =IFERROR(IF(#REF!="","",IF(AND(E9=""),"",IF(OR(#REF!=$AX$24,#REF!=$AX$25,#REF!=$AX$26,#REF!=$AX$27,#REF!=$AX$28,#REF!=$AX$29),"",IF(AND('Master Data'!$I$29='Copy of GA55 Check & Edit'!$AP$6),"",'Master Data'!$D$44)))),"") | M8: =IFERROR(IF(#REF!="","",IF(AND(E9=""),"",IF(OR(#REF!=$AX$24,#REF!=$AX$25,#REF!=$AX$26,#REF!=$AX$27,#REF!=$AX$28,#REF!=$AX$29),"",IF(AND('Master Data'!$I$29='Copy of GA55 Check & Edit'!$AP$6),"",'Master Data'!$E$44)))),"") | N8: =_xlfn.IFERROR(IF(#REF!="","",IF(AND('Master Data'!$I$28='Copy of GA55 Check & Edit'!$AP$6),"",IF(AND('Master Data'!$I$24='Copy of GA55 Check & Edit'!$AO$6),"0",IF(AND(#REF!="Bonus"),VLOOKUP(#REF!,Copy of GA55 Check & Edit!ram,4,0),"")))),"") -> #ERROR! | O8: =IF(#REF!="","",IF('Master Data'!$N$25="","",SUM(E8:N8))) -> #REF! | P8: =_xlfn.IFERROR(IF(OR('Master Data'!$I$28='Copy of GA55 Check & Edit'!$AP$6,#REF!=""),"",IF(AND(#REF!=$AX$24),"",IF(AND(#REF!=$AX$25),"",IF(AND(#REF!=$AX$26),"",IF(AND(#REF!=$AX$27),"",IF(AND(#REF!=$AX$28),"",IF(AND(#REF!=$AX$29),"",IF(AND(E9=""),"",VLOOKUP(#REF!,Copy of GA55 Check & Edit!ram,11,0))))))))),"") -> #ERROR! | Q8: =_xlfn.IFERROR(IF(AND('Master Data'!$I$28='Copy of GA55 Check & Edit'!$AP$6),"",IF(AND(#REF!=$AX$25),"",IF(AND(#REF!=$AX$28),"",IF(AND(#REF!=$AX$29),"",IF(AND(#REF!=""),"",IF(AND(BB12=""),"",VLOOKUP(#REF!,Copy of GA55 Check & Edit!ram,12,0))))))),"") -> #ERROR! | R8: =IFERROR(IF(OR('Master Data'!$I$29='Copy of GA55 Check & Edit'!$AP$6,#REF!=""),"",IF(AND(#REF!=$AX$24),"",IF(AND(#REF!=$AX$25),"",IF(AND(#REF!=$AX$26),"",IF(AND(#REF!=$AX$27),"",IF(AND(#REF!=$AX$28),"",IF(AND(#REF!=$AX$29),"",IF(AND(E9=""),"",'Master Data'!$I$44)))))))),"") | S8: =_xlfn.IFERROR(IF(OR('Master Data'!$I$28='Copy of GA55 Check & Edit'!$AP$6),"",IF(#REF!="","",IF(E9="","",IF(AND(#REF!=$AX$24),"",IF(AND(#REF!=$AX$25),"",IF(AND(#REF!=$AX$26),"",IF(AND(#REF!=$AX$27),"",IF(AND(#REF!=$AX$28),"",IF(AND(#REF!=$AX$29),"",VLOOKUP(#REF!,Copy of GA55 Check & Edit!ram,10,0)))))))))),"") -> #ERROR! | T8: =IFERROR(IF(OR('Master Data'!$I$29='Copy of GA55 Check & Edit'!$AP$6,#REF!=""),"",IF(AND(#REF!=$AX$24),"",IF(AND(#REF!=$AX$25),"",IF(AND(#REF!=$AX$26),"",IF(AND(#REF!=$AX$27),"",IF(AND(#REF!=$AX$28),"",IF(AND(#REF!=$AX$29),"",IF(AND(E9=""),"",'Master Data'!$K$44)))))))),"") | U8: =IFERROR(IF(OR('Master Data'!$I$29='Copy of GA55 Check & Edit'!$AP$6,#REF!=""),"",IF(AND(#REF!=$AX$24),"",IF(AND(#REF!=$AX$25),"",IF(AND(#REF!=$AX$26),"",IF(AND(#REF!=$AX$27),"",IF(AND(#REF!=$AX$28),"",IF(AND(#REF!=$AX$29),"",IF(AND(E9=""),"",'Master Data'!$L$44)))))))),"") | V8: =IFERROR(IF(OR('Master Data'!$I$29='Copy of GA55 Check & Edit'!$AP$6,#REF!=""),"",IF(AND(#REF!=$AX$24),"",IF(AND(#REF!=$AX$25),"",IF(AND(#REF!=$AX$26),"",IF(AND(#REF!=$AX$27),"",IF(AND(#REF!=$AX$28),"",IF(AND(#REF!=$AX$29),"",IF(AND(E9=""),"",'Master Data'!$M$44)))))))),"") | W8: =IFERROR(IF(OR('Master Data'!$I$29='Copy of GA55 Check & Edit'!$AP$6,#REF!=""),"",IF(AND(#REF!=$AX$24),"",IF(AND(#REF!=$AX$25),"",IF(AND(#REF!=$AX$26),"",IF(AND(#REF!=$AX$27),"",IF(AND(#REF!=$AX$28),"",IF(AND(#REF!=$AX$29),"",IF(AND(E9=""),"",'Master Data'!$N$44)))))))),"") | X8: =IFERROR(IF(OR('Master Data'!$I$29='Copy of GA55 Check & Edit'!$AP$6,#REF!=""),"",IF(AND(E9=""),"",IF(AND(#REF!='Copy of GA55 Check & Edit'!$AT$17,'Master Data'!$D$18="Gazetted"),500,IF(AND(#REF!='Copy of GA55 Check & Edit'!$AT$17,'Master Data'!$D$18="Non-Gazetted"),250,"")))),"") | Y8: =IFERROR(IF(#REF!="","",IF(AND(E9=""),"",IF(AND(#REF!=$AX$24),"",IF(AND(#REF!=$AX$25),"",IF(AND(#REF!=$AX$26),"",IF(AND(#REF!=$AX$27),"",IF(AND(#REF!=$AX$28),"",IF(AND(#REF!=$AX$29),"",IF(OR('Master Data'!$I$29='Copy of GA55 Check & Edit'!$AP$6,#REF!=""),"",$Y$7))))))))),"") | Z8: =_xlfn.IFERROR(IF(OR('Master Data'!$I$28='Copy of GA55 Check & Edit'!$AP$6),"",IF(#REF!="","",IF(E9="","",VLOOKUP(#REF!,Copy of GA55 Check & Edit!ram,9,0)))),"") -> #ERROR! | AA8: =IFERROR(IF(OR('Master Data'!$I$29='Copy of GA55 Check & Edit'!$AP$6,#REF!="",'Master Data'!$N$35=""),"",IF(AND(E9=""),"",IF(#REF!='Copy of GA55 Check & Edit'!$AT$9,'Master Data'!$N$35,""))),"") | AB8: =IFERROR(IF(#REF!="","",IF(AND(O8=""),"",SUM(P8:AA8))),"0") -> 0 | AC8: =IFERROR(IF(AND(E9="",O8="",AB8=""),"",SUM(O8-AB8)),"") | AR8: Jaipur (U.A.) | AS8: JAN | AT8: 45717 | AU8: L-1 | AX8: 45717
A9: =MOD(B9,2) -> #REF! | B9: =IF(LEN(D9)>=3,B8+1,0) -> #REF! | C9: 4 | D9: April | E9: 104900 | F9: 104900 | G9: =_xlfn.IFERROR(IF(D9="","",IF(D9=$AX$24,"",IF(AND(D9=$AX$25),"",IF(AND(D9=$AX$26),"",IF(AND(D9=$AX$27),"",IF(AND(D9=$AX$28),"",IF(AND(D9=$AX$29),"",IF(AND('Master Data'!$I$28='Copy of GA55 Check & Edit'!$AP$6),"",VLOOKUP(D9,Copy of GA55 Check & Edit!ram,8,0))))))))),"") -> #ERROR! | H9: =IFERROR(IF(D9="","",IF(AND(E11=""),"",IF(OR(D9=$AX$24,D9=$AX$25,D9=$AX$26,D9=$AX$27,D9=$AX$28,D9=$AX$29),"",IF(AND('Master Data'!$I$29='Copy of GA55 Check & Edit'!$AP$5),'Master Data'!$B$44,"")))),"") | I9: =IFERROR(IF(D9="","",IF(AND(E11=""),"",IF(OR(D9=$AX$24,D9=$AX$25,D9=$AX$26,D9=$AX$27,D9=$AX$28,D9=$AX$29),"",IF(AND('Master Data'!$I$29='Copy of GA55 Check & Edit'!$AP$5,'Master Data'!$E$29='Copy of GA55 Check & Edit'!$AO$5),'Master Data'!$E$31,"0")))),"") -> 0 | J9: =IFERROR(IF(OR('Master Data'!$E$33=$AO$6,'Master Data'!$E$33=""),"",IF(D9="","",IF(AND(E11=""),"",IF(OR(D9=$AX$24,D9=$AX$25,D9=$AX$26,D9=$AX$27,D9=$AX$28,D9=$AX$29),"",IF(AND('Master Data'!$I$29='Copy of GA55 Check & Edit'!$AP$6),"",IF(AND('Master Data'!$I$33=$AR$9),$AS$6,IF(AND('Master Data'!$I$33=$AR$10),$AS$6,IF(AND('Master Data'!$I$33=$AR$11),$AS$6,IF(AND('Master Data'!$I$33=$AR$12),$AS$6,$AS$5))))))))),"") | K9: =IFERROR(IF(D9="","",IF(AND(E11=""),"",IF(OR(D9=$AX$24,D9=$AX$25,D9=$AX$26,D9=$AX$27,D9=$AX$28,D9=$AX$29),"",IF(AND('Master Data'!$I$29='Copy of GA55 Check & Edit'!$AP$5),'Master Data'!$C$44,"")))),"") | L9: =IFERROR(IF(D9="","",IF(AND(E11=""),"",IF(OR(D9=$AX$24,D9=$AX$25,D9=$AX$26,D9=$AX$27,D9=$AX$28,D9=$AX$29),"",IF(AND('Master Data'!$I$29='Copy of GA55 Check & Edit'!$AP$6),"",'Master Data'!$D$44)))),"") | M9: =IFERROR(IF(D9="","",IF(AND(E11=""),"",IF(OR(D9=$AX$24,D9=$AX$25,D9=$AX$26,D9=$AX$27,D9=$AX$28,D9=$AX$29),"",IF(AND('Master Data'!$I$29='Copy of GA55 Check & Edit'!$AP$6),"",'Master Data'!$E$44)))),"") | N9: =_xlfn.IFERROR(IF(D9="","",IF(AND('Master Data'!$I$28='Copy of GA55 Check & Edit'!$AP$6),"",IF(AND('Master Data'!$I$24='Copy of GA55 Check & Edit'!$AO$6),"0",IF(AND(D9="Bonus"),VLOOKUP(D9,Copy of GA55 Check & Edit!ram,4,0),"")))),"") -> #ERROR! | O9: =IF(D9="","",IF('Master Data'!$N$25="","",SUM(E9:N9))) -> #ERROR! | P9: =_xlfn.IFERROR(IF(OR('Master Data'!$I$28='Copy of GA55 Check & Edit'!$AP$6,D9=""),"",IF(AND(D9=$AX$24),"",IF(AND(D9=$AX$25),"",IF(AND(D9=$AX$26),"",IF(AND(D9=$AX$27),"",IF(AND(D9=$AX$28),"",IF(AND(D9=$AX$29),"",IF(AND(E11=""),"",VLOOKUP(D9,Copy of GA55 Check & Edit!ram,11,0))))))))),"") -> #ERROR! | Q9: =_xlfn.IFERROR(IF(AND('Master Data'!$I$28='Copy of GA55 Check & Edit'!$AP$6),"",IF(AND(D9=$AX$25),"",IF(AND(D9=$AX$28),"",IF(AND(D9=$AX$29),"",IF(AND(D9=""),"",IF(AND(BB13=""),"",VLOOKUP(D9,Copy of GA55 Check & Edit!ram,12,0))))))),"") -> #ERROR! | R9: =IFERROR(IF(OR('Master Data'!$I$29='Copy of GA55 Check & Edit'!$AP$6,D9=""),"",IF(AND(D9=$AX$24),"",IF(AND(D9=$AX$25),"",IF(AND(D9=$AX$26),"",IF(AND(D9=$AX$27),"",IF(AND(D9=$AX$28),"",IF(AND(D9=$AX$29),"",IF(AND(E11=""),"",'Master Data'!$I$44)))))))),"") | S9: =_xlfn.IFERROR(IF(OR('Master Data'!$I$28='Copy of GA55 Check & Edit'!$AP$6),"",IF(D9="","",IF(E11="","",IF(AND(D9=$AX$24),"",IF(AND(D9=$AX$25),"",IF(AND(D9=$AX$26),"",IF(AND(D9=$AX$27),"",IF(AND(D9=$AX$28),"",IF(AND(D9=$AX$29),"",VLOOKUP(D9,Copy of GA55 Check & Edit!ram,10,0)))))))))),"") -> #ERROR! | T9: =IFERROR(IF(OR('Master Data'!$I$29='Copy of GA55 Check & Edit'!$AP$6,D9=""),"",IF(AND(D9=$AX$24),"",IF(AND(D9=$AX$25),"",IF(AND(D9=$AX$26),"",IF(AND(D9=$AX$27),"",IF(AND(D9=$AX$28),"",IF(AND(D9=$AX$29),"",IF(AND(E11=""),"",'Master Data'!$K$44)))))))),"") -> 3000 | U9: =IFERROR(IF(OR('Master Data'!$I$29='Copy of GA55 Check & Edit'!$AP$6,D9=""),"",IF(AND(D9=$AX$24),"",IF(AND(D9=$AX$25),"",IF(AND(D9=$AX$26),"",IF(AND(D9=$AX$27),"",IF(AND(D9=$AX$28),"",IF(AND(D9=$AX$29),"",IF(AND(E11=""),"",'Master Data'!$L$44)))))))),"") -> 2100 | V9: =IFERROR(IF(OR('Master Data'!$I$29='Copy of GA55 Check & Edit'!$AP$6,D9=""),"",IF(AND(D9=$AX$24),"",IF(AND(D9=$AX$25),"",IF(AND(D9=$AX$26),"",IF(AND(D9=$AX$27),"",IF(AND(D9=$AX$28),"",IF(AND(D9=$AX$29),"",IF(AND(E11=""),"",'Master Data'!$M$44)))))))),"") | W9: =IFERROR(IF(OR('Master Data'!$I$29='Copy of GA55 Check & Edit'!$AP$6,D9=""),"",IF(AND(D9=$AX$24),"",IF(AND(D9=$AX$25),"",IF(AND(D9=$AX$26),"",IF(AND(D9=$AX$27),"",IF(AND(D9=$AX$28),"",IF(AND(D9=$AX$29),"",IF(AND(E11=""),"",'Master Data'!$N$44)))))))),"") | X9: =IFERROR(IF(OR('Master Data'!$I$29='Copy of GA55 Check & Edit'!$AP$6,D9=""),"",IF(AND(E11=""),"",IF(AND('Copy of GA55 Check & Edit'!D9='Copy of GA55 Check & Edit'!$AT$17,'Master Data'!$D$18="Gazetted"),500,IF(AND('Copy of GA55 Check & Edit'!D9='Copy of GA55 Check & Edit'!$AT$17,'Master Data'!$D$18="Non-Gazetted"),250,"")))),"") | Y9: =IFERROR(IF(D9="","",IF(AND(E11=""),"",IF(AND(D9=$AX$24),"",IF(AND(D9=$AX$25),"",IF(AND(D9=$AX$26),"",IF(AND(D9=$AX$27),"",IF(AND(D9=$AX$28),"",IF(AND(D9=$AX$29),"",IF(OR('Master Data'!$I$29='Copy of GA55 Check & Edit'!$AP$6,D9=""),"",$Y$7))))))))),"") | Z9: =_xlfn.IFERROR(IF(OR('Master Data'!$I$28='Copy of GA55 Check & Edit'!$AP$6),"",IF(D9="","",IF(E11="","",VLOOKUP(D9,Copy of GA55 Check & Edit!ram,9,0)))),"") -> #ERROR! | AA9: =IFERROR(IF(OR('Master Data'!$I$29='Copy of GA55 Check & Edit'!$AP$6,D9="",'Master Data'!$N$35=""),"",IF(AND(E11=""),"",IF('Copy of GA55 Check & Edit'!D9='Copy of GA55 Check & Edit'!$AT$9,'Master Data'!$N$35,""))),"") | AB9: =IFERROR(IF(D9="","",IF(AND(O9=""),"",SUM(P9:AA9))),"0") -> 0 | AC9: =IFERROR(IF(AND(E11="",O9="",AB9=""),"",SUM(O9-AB9)),"") | AR9: Ajmer | AS9: FEB | AT9: 45748 | AU9: L-2 | AZ9: 46081 | BC9: =IF('Master Data'!I35>9,ROUND('Master Data'!$E$37/31*15,0),IF('Master Data'!E35='Copy of GA55 Check & Edit'!AO5,ROUND('Master Data'!$E$37/31*15,0),IF('Master Data'!I35>=5,ROUND('Master Data'!$E$37/31*22,0),IF('Master Data'!D18='Copy of GA55 Check & Edit'!AO5,ROUND('Master Data'!$E$37/31*22,0),'Master Data'!E37))))
A10: =MOD(B10,2) -> #REF! | B10: =IF(LEN(#REF!)>=3,B9+1,0) -> #REF! | D10: May | E10: 104900 | F10: =_xlfn.IFERROR(IF(#REF!="","",IF(#REF!=$AX$24,"",IF(AND(#REF!=$AX$28),"",IF(AND('Master Data'!$I$28='Copy of GA55 Check & Edit'!$AP$5),VLOOKUP(#REF!,Copy of GA55 Check & Edit!ram,7,0),"")))),"") -> #ERROR! | G10: =_xlfn.IFERROR(IF(#REF!="","",IF(#REF!=$AX$24,"",IF(AND(#REF!=$AX$25),"",IF(AND(#REF!=$AX$26),"",IF(AND(#REF!=$AX$27),"",IF(AND(#REF!=$AX$28),"",IF(AND(#REF!=$AX$29),"",IF(AND('Master Data'!$I$28='Copy of GA55 Check & Edit'!$AP$6),"",VLOOKUP(#REF!,Copy of GA55 Check & Edit!ram,8,0))))))))),"") -> #ERROR! | H10: =IFERROR(IF(#REF!="","",IF(AND(#REF!=""),"",IF(OR(#REF!=$AX$24,#REF!=$AX$25,#REF!=$AX$26,#REF!=$AX$27,#REF!=$AX$28,#REF!=$AX$29),"",IF(AND('Master Data'!$I$29='Copy of GA55 Check & Edit'!$AP$5),'Master Data'!$B$44,"")))),"") | I10: =IFERROR(IF(#REF!="","",IF(AND(#REF!=""),"",IF(OR(#REF!=$AX$24,#REF!=$AX$25,#REF!=$AX$26,#REF!=$AX$27,#REF!=$AX$28,#REF!=$AX$29),"",IF(AND('Master Data'!$I$29='Copy of GA55 Check & Edit'!$AP$5,'Master Data'!$E$29='Copy of GA55 Check & Edit'!$AO$5),'Master Data'!$E$31,"0")))),"") | J10: =IFERROR(IF(OR('Master Data'!$E$33=$AO$6,'Master Data'!$E$33=""),"",IF(#REF!="","",IF(AND(#REF!=""),"",IF(OR(#REF!=$AX$24,#REF!=$AX$25,#REF!=$AX$26,#REF!=$AX$27,#REF!=$AX$28,#REF!=$AX$29),"",IF(AND('Master Data'!$I$29='Copy of GA55 Check & Edit'!$AP$6),"",IF(AND('Master Data'!$I$33=$AR$9),$AS$6,IF(AND('Master Data'!$I$33=$AR$10),$AS$6,IF(AND('Master Data'!$I$33=$AR$11),$AS$6,IF(AND('Master Data'!$I$33=$AR$12),$AS$6,$AS$5))))))))),"") | K10: =IFERROR(IF(#REF!="","",IF(AND(#REF!=""),"",IF(OR(#REF!=$AX$24,#REF!=$AX$25,#REF!=$AX$26,#REF!=$AX$27,#REF!=$AX$28,#REF!=$AX$29),"",IF(AND('Master Data'!$I$29='Copy of GA55 Check & Edit'!$AP$5),'Master Data'!$C$44,"")))),"") | L10: =IFERROR(IF(#REF!="","",IF(AND(#REF!=""),"",IF(OR(#REF!=$AX$24,#REF!=$AX$25,#REF!=$AX$26,#REF!=$AX$27,#REF!=$AX$28,#REF!=$AX$29),"",IF(AND('Master Data'!$I$29='Copy of GA55 Check & Edit'!$AP$6),"",'Master Data'!$D$44)))),"") | M10: =IFERROR(IF(#REF!="","",IF(AND(#REF!=""),"",IF(OR(#REF!=$AX$24,#REF!=$AX$25,#REF!=$AX$26,#REF!=$AX$27,#REF!=$AX$28,#REF!=$AX$29),"",IF(AND('Master Data'!$I$29='Copy of GA55 Check & Edit'!$AP$6),"",'Master Data'!$E$44)))),"") | N10: =_xlfn.IFERROR(IF(#REF!="","",IF(AND('Master Data'!$I$28='Copy of GA55 Check & Edit'!$AP$6),"",IF(AND('Master Data'!$I$24='Copy of GA55 Check & Edit'!$AO$6),"0",IF(AND(#REF!="Bonus"),VLOOKUP(#REF!,Copy of GA55 Check & Edit!ram,4,0),"")))),"") -> #ERROR! | O10: =IF(#REF!="","",IF('Master Data'!$N$25="","",SUM(E10:N10))) -> #REF! | P10: =_xlfn.IFERROR(IF(OR('Master Data'!$I$28='Copy of GA55 Check & Edit'!$AP$6,#REF!=""),"",IF(AND(#REF!=$AX$24),"",IF(AND(#REF!=$AX$25),"",IF(AND(#REF!=$AX$26),"",IF(AND(#REF!=$AX$27),"",IF(AND(#REF!=$AX$28),"",IF(AND(#REF!=$AX$29),"",IF(AND(#REF!=""),"",VLOOKUP(#REF!,Copy of GA55 Check & Edit!ram,11,0))))))))),"") -> #ERROR! | Q10: =_xlfn.IFERROR(IF(AND('Master Data'!$I$28='Copy of GA55 Check & Edit'!$AP$6),"",IF(AND(#REF!=$AX$25),"",IF(AND(#REF!=$AX$28),"",IF(AND(#REF!=$AX$29),"",IF(AND(#REF!=""),"",IF(AND(BB14=""),"",VLOOKUP(#REF!,Copy of GA55 Check & Edit!ram,12,0))))))),"") -> #ERROR! | R10: =IFERROR(IF(OR('Master Data'!$I$29='Copy of GA55 Check & Edit'!$AP$6,#REF!=""),"",IF(AND(#REF!=$AX$24),"",IF(AND(#REF!=$AX$25),"",IF(AND(#REF!=$AX$26),"",IF(AND(#REF!=$AX$27),"",IF(AND(#REF!=$AX$28),"",IF(AND(#REF!=$AX$29),"",IF(AND(#REF!=""),"",'Master Data'!$I$44)))))))),"") | S10: =_xlfn.IFERROR(IF(OR('Master Data'!$I$28='Copy of GA55 Check & Edit'!$AP$6),"",IF(#REF!="","",IF(#REF!="","",IF(AND(#REF!=$AX$24),"",IF(AND(#REF!=$AX$25),"",IF(AND(#REF!=$AX$26),"",IF(AND(#REF!=$AX$27),"",IF(AND(#REF!=$AX$28),"",IF(AND(#REF!=$AX$29),"",VLOOKUP(#REF!,Copy of GA55 Check & Edit!ram,10,0)))))))))),"") -> #ERROR! | T10: =IFERROR(IF(OR('Master Data'!$I$29='Copy of GA55 Check & Edit'!$AP$6,#REF!=""),"",IF(AND(#REF!=$AX$24),"",IF(AND(#REF!=$AX$25),"",IF(AND(#REF!=$AX$26),"",IF(AND(#REF!=$AX$27),"",IF(AND(#REF!=$AX$28),"",IF(AND(#REF!=$AX$29),"",IF(AND(#REF!=""),"",'Master Data'!$K$44)))))))),"") | U10: =IFERROR(IF(OR('Master Data'!$I$29='Copy of GA55 Check & Edit'!$AP$6,#REF!=""),"",IF(AND(#REF!=$AX$24),"",IF(AND(#REF!=$AX$25),"",IF(AND(#REF!=$AX$26),"",IF(AND(#REF!=$AX$27),"",IF(AND(#REF!=$AX$28),"",IF(AND(#REF!=$AX$29),"",IF(AND(#REF!=""),"",'Master Data'!$L$44)))))))),"") | V10: =IFERROR(IF(OR('Master Data'!$I$29='Copy of GA55 Check & Edit'!$AP$6,#REF!=""),"",IF(AND(#REF!=$AX$24),"",IF(AND(#REF!=$AX$25),"",IF(AND(#REF!=$AX$26),"",IF(AND(#REF!=$AX$27),"",IF(AND(#REF!=$AX$28),"",IF(AND(#REF!=$AX$29),"",IF(AND(#REF!=""),"",'Master Data'!$M$44)))))))),"") | W10: =IFERROR(IF(OR('Master Data'!$I$29='Copy of GA55 Check & Edit'!$AP$6,#REF!=""),"",IF(AND(#REF!=$AX$24),"",IF(AND(#REF!=$AX$25),"",IF(AND(#REF!=$AX$26),"",IF(AND(#REF!=$AX$27),"",IF(AND(#REF!=$AX$28),"",IF(AND(#REF!=$AX$29),"",IF(AND(#REF!=""),"",'Master Data'!$N$44)))))))),"") | X10: =IFERROR(IF(OR('Master Data'!$I$29='Copy of GA55 Check & Edit'!$AP$6,#REF!=""),"",IF(AND(#REF!=""),"",IF(AND(#REF!='Copy of GA55 Check & Edit'!$AT$17,'Master Data'!$D$18="Gazetted"),500,IF(AND(#REF!='Copy of GA55 Check & Edit'!$AT$17,'Master Data'!$D$18="Non-Gazetted"),250,"")))),"") | Y10: =IFERROR(IF(#REF!="","",IF(AND(#REF!=""),"",IF(AND(#REF!=$AX$24),"",IF(AND(#REF!=$AX$25),"",IF(AND(#REF!=$AX$26),"",IF(AND(#REF!=$AX$27),"",IF(AND(#REF!=$AX$28),"",IF(AND(#REF!=$AX$29),"",IF(OR('Master Data'!$I$29='Copy of GA55 Check & Edit'!$AP$6,#REF!=""),"",$Y$7))))))))),"") | Z10: =_xlfn.IFERROR(IF(OR('Master Data'!$I$28='Copy of GA55 Check & Edit'!$AP$6),"",IF(#REF!="","",IF(#REF!="","",VLOOKUP(#REF!,Copy of GA55 Check & Edit!ram,9,0)))),"") -> #ERROR! | AA10: =IFERROR(IF(OR('Master Data'!$I$29='Copy of GA55 Check & Edit'!$AP$6,#REF!="",'Master Data'!$N$35=""),"",IF(AND(#REF!=""),"",IF(#REF!='Copy of GA55 Check & Edit'!$AT$9,'Master Data'!$N$35,""))),"") | AB10: =IFERROR(IF(#REF!="","",IF(AND(O10=""),"",SUM(P10:AA10))),"0") -> 0 | AC10: =IFERROR(IF(AND(#REF!="",O10="",AB10=""),"",SUM(O10-AB10)),"") | AR10: Bikaner | AS10: MAR | AT10: 45778 | AU10: L-3 | AW10: JAN | AX10: 45658 | BA10: =IF(AND('Master Data'!$N$25=""),"",'Master Data'!$N$25) -> 38000 | BB10: =IF(AND(AX10<$AZ$16),"",IF(AND(AX10>$AZ$17),"",BA10)) | BC10: =IF(AND('Master Data'!$N$25=""),"",ROUND(53%*BA10,0)) -> 20140 | BD10: =IF(BB10="","",BC10) | BE10: =IFERROR(IF(AND('Master Data'!$N$25=""),"",ROUND('Master Data'!$E$35%*BB10,0)),"") -> 0 | BG10: =IFERROR(IF(OR('Master Data'!$I$29='Copy of GA55 Check & Edit'!$AP$6),"",'Master Data'!$J$44),"") -> 650 | BH10: =IFERROR(IF(OR('Master Data'!$I$29='Copy of GA55 Check & Edit'!$AP$6),"",'Master Data'!$G$44),"") | BI10: =IFERROR(IF(OR('Master Data'!$I$29='Copy of GA55 Check & Edit'!$AP$6),"",'Master Data'!$H$44),"") | BJ10: =BA10 -> 38000 | BL10: =MONTH(AZ17) -> 2 | BS10: =#REF! -> #REF!
